Workbook

Sheet 0.Ajuda
B2: Guião III - Ferramenta auxiliar de cálculo do investimento elegível, poupanças líquidas e período de reembolso da subvenção reembolsável. Ajuda ao Preenchimento
B3: (versão 1, alterada a 14 de dezembro de 2016)
B4: O presente instrumento de trabalho é composto por 10 folhas para preenchimento do beneficiário:
B6: 1. Identificação Ben. Oper.
B7: 2. Medidas a).i)
B8: 3. Medidas a).ii)
B9: 4. Medidas a).iii)
B10: 5. Medidas a).iv)
B11: 6. Medidas a).v)
B12: 7. Medidas b) i)
B13: 7. Medidas b) ii)
B14: 8. Medidas c)
... B78: Antes de submeter a sua candidatura no Balcão Único 2020, verifique se anexou todos os ficheiros solicitados, sem os quais a candidatura não poderá ser aprovada!

Sheet 1. Identificação Ben. Oper.
C3: Diagnóstico Energético
C5: Dados da Entidade e Operação
C6: Nome da Entidade:
C7: Nome da Operação:
C8: Pessoa de Contato:
C9: Email:
C10: Telefone:
C12: Dados do PQ responsável pela elaboraçao do Diagnostico Energetico
C13: Nome do PQ:
C14: Nº Carteira Profissional:
C15: Email:
C16: Telefone:
... C27: Data de validade:
C28: Área Util do Pavimento (m2): | D28: 56000
C30: Cenário Atual (CE)
C31: Classe Energética Atual:
C32: Emissões de CO2 Atuais [ton CO2 eq/ano]:
E33: Restantes fontes (selecionar da lista de fontes disponivel)
C34: Forma de energia | D34: Energia Elétrica
C35: Consumos Estimados Anuais (kWh/ano):
C36: Total | D36: =+SUM(D35:H35) -> 0
C37: Forma de energia | D37: =+D34 -> Energia Elétrica | E37: =IF(E34="","",E34) | F37: =IF(F34="","",F34) | G37: =IF(G34="","",G34) | H37: =IF(H34="","",H34) | I37: Obs: Tarifa determinada com base nas faturas do ultimo ano de consumos, ou em último caso com base nos valores constante no CE.
C38: Custo Unitário Energia [€/kWh]:
C39: Custos Estimados Anuais [€/ano]: | D39: =D35*D38 -> 0 | E39: =E35*E38 -> 0 | F39: =F35*F38 -> 0 | G39: =G35*G38 -> 0 | H39: =H35*H38 -> 0
C40: Total | D40: =+SUM(D39:H39) -> 0
C42: Propostas de Medidas de Melhoria Identificadas no CE e necessárias à subida, em pelo menos, de 2 classes energéticas
C43: Medida Nº | D43: Descrição da medida (conforme consta no CE) | G43: Medida de Melhoria incluida na avaliação do cenário final do CE?
C44: 1
C45: 2
C46: 3
C47: 4
C48: 5
C49: 6
C50: 7
C51: 8
C52: 9
C53: 10
C54: 11
C55: 12
... C58: 15
C60: Classe Energética Final após a implementação das medidas de melhoria identificadas | G60: Obs: Classe energetica a alcançar com as medidas incluidas na avaliaçao do cenário final (CE)
C62: O edificio a intervencionar enquadra-se numa grande intervenção? | G62: Obs: As intervenções que resultem numa grande intervenção devem obter, no minimo, classe C, e comprovar adicionalmente a subida em pelo menos 2 classes energéticas

Sheet 2. Medidas a).i)
C3: Tipo de Medidas:
C4: i) Intervenções na envolvente opaca dos edifícios, com o objetivo de proceder à instalação de isolamento térmico em paredes, pavimentos, coberturas e caixas de estore;
C5: Identificação das medidas a implementar:
I6: Antes da implementação | Q6: Depois da implementação | AF6: Investimento
G7: Área total a intervencionar | H7: Vida Util Equipamento | I7: Consumo estimado [kWh] | O7: Consumo de Energia Primária | P7: Custo Energético | Q7: Redução de consumo esperado com aplicação da medida [kWh] | W7: Redução de fatura esperada com aplicação da medida | X7: Poupança prevista | Y7: Redução de Energia Primária | AA7: Redução das emissões de CO2 | AB7: Custo Manutenção e Operação anual (se aplicável) | AC7: Custo de reinvestimento por substituição (se aplicável) | AD7: Número de reinvestimentos previstos (se aplicável) | AE7: Ano em que ocorre a primeira substituiçao do Equipamento | AF7: Valor estimado de Investimento (sem IVA) | AG7: IVA associado (se despesa elegivel) | AH7: Valor máx. elegível por aplicação de Custo Padrão (sem IVA) | AI7: Despesa Elegivel Corrigida | AJ7: Payback
C8: Medida Nº | D8: Descrição da medida | E8: Medida de Melhoria incluida na avaliação do cenário final do CE? | F8: Descrição da solução técnica | G8: [m2] | H8: [anos] | I8: ='1. Identificação Ben. Oper.'!D34 -> Energia Elétrica | J8: =IF('1. Identificação Ben. Oper.'!E34="","",'1. Identificação Ben. Oper.'!E34) | K8: =IF('1. Identificação Ben. Oper.'!F34="","",'1. Identificação Ben. Oper.'!F34) | L8: =IF('1. Identificação Ben. Oper.'!G34="","",'1. Identificação Ben. Oper.'!G34) | M8: =IF('1. Identificação Ben. Oper.'!H34="","",'1. Identificação Ben. Oper.'!H34) | N8: Total | O8: [tep/ano] | P8: [€/ano] | Q8: =+I8 -> Energia Elétrica | R8: =+J8 | S8: =+K8 | T8: =+L8 | U8: =+M8 | V8: =+N8 -> Total | W8: [€/ano] | X8: [%] | Y8: [kWhEP/ano] | Z8: [tep/ano] | AA8: [ton/ano] | AB8: [€/ano] | AC8: [€] | AD8: [unidades] | AE8: [ano] | AF8: [€] | AG8: [€] | AH8: [€] | AI8: [€] | AJ8: [anos]
C9: Medidas identificadas na tabela dos custos - padrão por tecnologia (DGEG)
C10: 1 | H10: =IF(F10="","",VLOOKUP(F10,'Valores-Padrão'!$C$3:$F$7,4,FALSE)) | N10: =+SUM(I10:M10) -> 0 | O10: =+VLOOKUP($I$8,'Fatores de conversão'!$A$5:$I$13,6,FALSE)*I10+VLOOKUP($J$8,'Fatores de conversão'!$A$5:$I$13,6,FALSE)*J10+VLOOKUP($K$8,'Fatores de conversão'!$A$5:$I$13,6,FALSE)*K10+VLOOKUP($L$8,'Fatores de conversão'!$A$5:$I$13,6,FALSE)*L10+VLOOKUP($M$8,'Fatores de conversão'!$A$5:$I$13,6,FALSE)*M10 -> 0 | P10: =+SUMPRODUCT('1. Identificação Ben. Oper.'!$D$38:$H$38,I10:M10) -> 0 | V10: =+SUM(Q10:U10) -> 0 | W10: =+SUMPRODUCT('1. Identificação Ben. Oper.'!$D$38:$H$38,Q10:U10) -> 0 | X10: =IF(N10=0,0,V10/N10) -> 0 | Y10: =+VLOOKUP($Q$8,'Fatores de conversão'!$A$5:$I$13,3,FALSE)*Q10+VLOOKUP($R$8,'Fatores de conversão'!$A$5:$I$13,3,FALSE)*R10+VLOOKUP($S$8,'Fatores de conversão'!$A$5:$I$13,3,FALSE)*S10+VLOOKUP($T$8,'Fatores de conversão'!$A$5:$I$13,3,FALSE)*T10+VLOOKUP($U$8,'Fatores de conversão'!$A$5:$I$13,3,FALSE)*U10 -> 0 | Z10: =+VLOOKUP($Q$8,'Fatores de conversão'!$A$5:$I$13,6,FALSE)*Q10+VLOOKUP($R$8,'Fatores de conversão'!$A$5:$I$13,6,FALSE)*R10+VLOOKUP($S$8,'Fatores de conversão'!$A$5:$I$13,6,FALSE)*S10+VLOOKUP($T$8,'Fatores de conversão'!$A$5:$I$13,6,FALSE)*T10+VLOOKUP($U$8,'Fatores de conversão'!$A$5:$I$13,6,FALSE)*U10 -> 0 | AA10: =(VLOOKUP($Q$8,'Fatores de conversão'!$A$5:$I$13,9,FALSE)*Q10+VLOOKUP($R$8,'Fatores de conversão'!$A$5:$I$13,9,FALSE)*R10+VLOOKUP($S$8,'Fatores de conversão'!$A$5:$I$13,9,FALSE)*S10+VLOOKUP($T$8,'Fatores de conversão'!$A$5:$I$13,9,FALSE)*T10+VLOOKUP($U$8,'Fatores de conversão'!$A$5:$I$13,9,FALSE)*U10)/1000 -> 0 | AE10: =IF(OR(AC10="",AC10=0),0,IF(OR(AD10="",AD10=0),0,H10+1)) -> 0 | AH10: =IF(F10="","",VLOOKUP(F10,'Valores-Padrão'!$C$3:$F$7,3,FALSE)*G10) | AI10: =IF(AF10=0,0,IF(AF10<(AH10),AF10+AG10,((AH10)+((AG10/AF10)*AH10)))) -> 0 | AJ10: =IF(W10=0,0,(AF10+AG10)/W10) -> 0
C11: 2 | H11: =IF(F11="","",VLOOKUP(F11,'Valores-Padrão'!$C$3:$F$7,4,FALSE)) | N11: =+SUM(I11:M11) -> 0 | O11: =+VLOOKUP($I$8,'Fatores de conversão'!$A$5:$I$13,6,FALSE)*I11+VLOOKUP($J$8,'Fatores de conversão'!$A$5:$I$13,6,FALSE)*J11+VLOOKUP($K$8,'Fatores de conversão'!$A$5:$I$13,6,FALSE)*K11+VLOOKUP($L$8,'Fatores de conversão'!$A$5:$I$13,6,FALSE)*L11+VLOOKUP($M$8,'Fatores de conversão'!$A$5:$I$13,6,FALSE)*M11 -> 0 | P11: =+SUMPRODUCT('1. Identificação Ben. Oper.'!$D$38:$H$38,I11:M11) -> 0 | V11: =+SUM(Q11:U11) -> 0 | W11: =+SUMPRODUCT('1. Identificação Ben. Oper.'!$D$38:$H$38,Q11:U11) -> 0 | X11: =IF(N11=0,0,V11/N11) -> 0 | Y11: =+VLOOKUP($Q$8,'Fatores de conversão'!$A$5:$I$13,3,FALSE)*Q11+VLOOKUP($R$8,'Fatores de conversão'!$A$5:$I$13,3,FALSE)*R11+VLOOKUP($S$8,'Fatores de conversão'!$A$5:$I$13,3,FALSE)*S11+VLOOKUP($T$8,'Fatores de conversão'!$A$5:$I$13,3,FALSE)*T11+VLOOKUP($U$8,'Fatores de conversão'!$A$5:$I$13,3,FALSE)*U11 -> 0 | Z11: =+VLOOKUP($Q$8,'Fatores de conversão'!$A$5:$I$13,6,FALSE)*Q11+VLOOKUP($R$8,'Fatores de conversão'!$A$5:$I$13,6,FALSE)*R11+VLOOKUP($S$8,'Fatores de conversão'!$A$5:$I$13,6,FALSE)*S11+VLOOKUP($T$8,'Fatores de conversão'!$A$5:$I$13,6,FALSE)*T11+VLOOKUP($U$8,'Fatores de conversão'!$A$5:$I$13,6,FALSE)*U11 -> 0 | AA11: =(VLOOKUP($Q$8,'Fatores de conversão'!$A$5:$I$13,9,FALSE)*Q11+VLOOKUP($R$8,'Fatores de conversão'!$A$5:$I$13,9,FALSE)*R11+VLOOKUP($S$8,'Fatores de conversão'!$A$5:$I$13,9,FALSE)*S11+VLOOKUP($T$8,'Fatores de conversão'!$A$5:$I$13,9,FALSE)*T11+VLOOKUP($U$8,'Fatores de conversão'!$A$5:$I$13,9,FALSE)*U11)/1000 -> 0 | AE11: =IF(OR(AC11="",AC11=0),0,IF(OR(AD11="",AD11=0),0,H11+1)) -> 0 | AH11: =IF(F11="","",VLOOKUP(F11,'Valores-Padrão'!$C$3:$F$7,3,FALSE)*G11) | AI11: =IF(AF11=0,0,IF(AF11<(AH11),AF11+AG11,((AH11)+((AG11/AF11)*AH11)))) -> 0 | AJ11: =IF(W11=0,0,(AF11+AG11)/W11) -> 0
C12: 3 | H12: =IF(F12="","",VLOOKUP(F12,'Valores-Padrão'!$C$3:$F$7,4,FALSE)) | N12: =+SUM(I12:M12) -> 0 | O12: =+VLOOKUP($I$8,'Fatores de conversão'!$A$5:$I$13,6,FALSE)*I12+VLOOKUP($J$8,'Fatores de conversão'!$A$5:$I$13,6,FALSE)*J12+VLOOKUP($K$8,'Fatores de conversão'!$A$5:$I$13,6,FALSE)*K12+VLOOKUP($L$8,'Fatores de conversão'!$A$5:$I$13,6,FALSE)*L12+VLOOKUP($M$8,'Fatores de conversão'!$A$5:$I$13,6,FALSE)*M12 -> 0 | P12: =+SUMPRODUCT('1. Identificação Ben. Oper.'!$D$38:$H$38,I12:M12) -> 0 | V12: =+SUM(Q12:U12) -> 0 | W12: =+SUMPRODUCT('1. Identificação Ben. Oper.'!$D$38:$H$38,Q12:U12) -> 0 | X12: =IF(N12=0,0,V12/N12) -> 0 | Y12: =+VLOOKUP($Q$8,'Fatores de conversão'!$A$5:$I$13,3,FALSE)*Q12+VLOOKUP($R$8,'Fatores de conversão'!$A$5:$I$13,3,FALSE)*R12+VLOOKUP($S$8,'Fatores de conversão'!$A$5:$I$13,3,FALSE)*S12+VLOOKUP($T$8,'Fatores de conversão'!$A$5:$I$13,3,FALSE)*T12+VLOOKUP($U$8,'Fatores de conversão'!$A$5:$I$13,3,FALSE)*U12 -> 0 | Z12: =+VLOOKUP($Q$8,'Fatores de conversão'!$A$5:$I$13,6,FALSE)*Q12+VLOOKUP($R$8,'Fatores de conversão'!$A$5:$I$13,6,FALSE)*R12+VLOOKUP($S$8,'Fatores de conversão'!$A$5:$I$13,6,FALSE)*S12+VLOOKUP($T$8,'Fatores de conversão'!$A$5:$I$13,6,FALSE)*T12+VLOOKUP($U$8,'Fatores de conversão'!$A$5:$I$13,6,FALSE)*U12 -> 0 | AA12: =(VLOOKUP($Q$8,'Fatores de conversão'!$A$5:$I$13,9,FALSE)*Q12+VLOOKUP($R$8,'Fatores de conversão'!$A$5:$I$13,9,FALSE)*R12+VLOOKUP($S$8,'Fatores de conversão'!$A$5:$I$13,9,FALSE)*S12+VLOOKUP($T$8,'Fatores de conversão'!$A$5:$I$13,9,FALSE)*T12+VLOOKUP($U$8,'Fatores de conversão'!$A$5:$I$13,9,FALSE)*U12)/1000 -> 0 | AE12: =IF(OR(AC12="",AC12=0),0,IF(OR(AD12="",AD12=0),0,H12+1)) -> 0 | AH12: =IF(F12="","",VLOOKUP(F12,'Valores-Padrão'!$C$3:$F$7,3,FALSE)*G12) | AI12: =IF(AF12=0,0,IF(AF12<(AH12),AF12+AG12,((AH12)+((AG12/AF12)*AH12)))) -> 0 | AJ12: =IF(W12=0,0,(AF12+AG12)/W12) -> 0
C13: 4 | H13: =IF(F13="","",VLOOKUP(F13,'Valores-Padrão'!$C$3:$F$7,4,FALSE)) | N13: =+SUM(I13:M13) -> 0 | O13: =+VLOOKUP($I$8,'Fatores de conversão'!$A$5:$I$13,6,FALSE)*I13+VLOOKUP($J$8,'Fatores de conversão'!$A$5:$I$13,6,FALSE)*J13+VLOOKUP($K$8,'Fatores de conversão'!$A$5:$I$13,6,FALSE)*K13+VLOOKUP($L$8,'Fatores de conversão'!$A$5:$I$13,6,FALSE)*L13+VLOOKUP($M$8,'Fatores de conversão'!$A$5:$I$13,6,FALSE)*M13 -> 0 | P13: =+SUMPRODUCT('1. Identificação Ben. Oper.'!$D$38:$H$38,I13:M13) -> 0 | V13: =+SUM(Q13:U13) -> 0 | W13: =+SUMPRODUCT('1. Identificação Ben. Oper.'!$D$38:$H$38,Q13:U13) -> 0 | X13: =IF(N13=0,0,V13/N13) -> 0 | Y13: =+VLOOKUP($Q$8,'Fatores de conversão'!$A$5:$I$13,3,FALSE)*Q13+VLOOKUP($R$8,'Fatores de conversão'!$A$5:$I$13,3,FALSE)*R13+VLOOKUP($S$8,'Fatores de conversão'!$A$5:$I$13,3,FALSE)*S13+VLOOKUP($T$8,'Fatores de conversão'!$A$5:$I$13,3,FALSE)*T13+VLOOKUP($U$8,'Fatores de conversão'!$A$5:$I$13,3,FALSE)*U13 -> 0 | Z13: =+VLOOKUP($Q$8,'Fatores de conversão'!$A$5:$I$13,6,FALSE)*Q13+VLOOKUP($R$8,'Fatores de conversão'!$A$5:$I$13,6,FALSE)*R13+VLOOKUP($S$8,'Fatores de conversão'!$A$5:$I$13,6,FALSE)*S13+VLOOKUP($T$8,'Fatores de conversão'!$A$5:$I$13,6,FALSE)*T13+VLOOKUP($U$8,'Fatores de conversão'!$A$5:$I$13,6,FALSE)*U13 -> 0 | AA13: =(VLOOKUP($Q$8,'Fatores de conversão'!$A$5:$I$13,9,FALSE)*Q13+VLOOKUP($R$8,'Fatores de conversão'!$A$5:$I$13,9,FALSE)*R13+VLOOKUP($S$8,'Fatores de conversão'!$A$5:$I$13,9,FALSE)*S13+VLOOKUP($T$8,'Fatores de conversão'!$A$5:$I$13,9,FALSE)*T13+VLOOKUP($U$8,'Fatores de conversão'!$A$5:$I$13,9,FALSE)*U13)/1000 -> 0 | AE13: =IF(OR(AC13="",AC13=0),0,IF(OR(AD13="",AD13=0),0,H13+1)) -> 0 | AH13: =IF(F13="","",VLOOKUP(F13,'Valores-Padrão'!$C$3:$F$7,3,FALSE)*G13) | AI13: =IF(AF13=0,0,IF(AF13<(AH13),AF13+AG13,((AH13)+((AG13/AF13)*AH13)))) -> 0 | AJ13: =IF(W13=0,0,(AF13+AG13)/W13) -> 0
C14: 5 | H14: =IF(F14="","",VLOOKUP(F14,'Valores-Padrão'!$C$3:$F$7,4,FALSE)) | N14: =+SUM(I14:M14) -> 0 | O14: =+VLOOKUP($I$8,'Fatores de conversão'!$A$5:$I$13,6,FALSE)*I14+VLOOKUP($J$8,'Fatores de conversão'!$A$5:$I$13,6,FALSE)*J14+VLOOKUP($K$8,'Fatores de conversão'!$A$5:$I$13,6,FALSE)*K14+VLOOKUP($L$8,'Fatores de conversão'!$A$5:$I$13,6,FALSE)*L14+VLOOKUP($M$8,'Fatores de conversão'!$A$5:$I$13,6,FALSE)*M14 -> 0 | P14: =+SUMPRODUCT('1. Identificação Ben. Oper.'!$D$38:$H$38,I14:M14) -> 0 | V14: =+SUM(Q14:U14) -> 0 | W14: =+SUMPRODUCT('1. Identificação Ben. Oper.'!$D$38:$H$38,Q14:U14) -> 0 | X14: =IF(N14=0,0,V14/N14) -> 0 | Y14: =+VLOOKUP($Q$8,'Fatores de conversão'!$A$5:$I$13,3,FALSE)*Q14+VLOOKUP($R$8,'Fatores de conversão'!$A$5:$I$13,3,FALSE)*R14+VLOOKUP($S$8,'Fatores de conversão'!$A$5:$I$13,3,FALSE)*S14+VLOOKUP($T$8,'Fatores de conversão'!$A$5:$I$13,3,FALSE)*T14+VLOOKUP($U$8,'Fatores de conversão'!$A$5:$I$13,3,FALSE)*U14 -> 0 | Z14: =+VLOOKUP($Q$8,'Fatores de conversão'!$A$5:$I$13,6,FALSE)*Q14+VLOOKUP($R$8,'Fatores de conversão'!$A$5:$I$13,6,FALSE)*R14+VLOOKUP($S$8,'Fatores de conversão'!$A$5:$I$13,6,FALSE)*S14+VLOOKUP($T$8,'Fatores de conversão'!$A$5:$I$13,6,FALSE)*T14+VLOOKUP($U$8,'Fatores de conversão'!$A$5:$I$13,6,FALSE)*U14 -> 0 | AA14: =(VLOOKUP($Q$8,'Fatores de conversão'!$A$5:$I$13,9,FALSE)*Q14+VLOOKUP($R$8,'Fatores de conversão'!$A$5:$I$13,9,FALSE)*R14+VLOOKUP($S$8,'Fatores de conversão'!$A$5:$I$13,9,FALSE)*S14+VLOOKUP($T$8,'Fatores de conversão'!$A$5:$I$13,9,FALSE)*T14+VLOOKUP($U$8,'Fatores de conversão'!$A$5:$I$13,9,FALSE)*U14)/1000 -> 0 | AE14: =IF(OR(AC14="",AC14=0),0,IF(OR(AD14="",AD14=0),0,H14+1)) -> 0 | AH14: =IF(F14="","",VLOOKUP(F14,'Valores-Padrão'!$C$3:$F$7,3,FALSE)*G14) | AI14: =IF(AF14=0,0,IF(AF14<(AH14),AF14+AG14,((AH14)+((AG14/AF14)*AH14)))) -> 0 | AJ14: =IF(W14=0,0,(AF14+AG14)/W14) -> 0
C15: Restantes medidas não identificadas na tabela dos custos - padrão por tecnologia (DGEG)
C16: 6 | N16: =+SUM(I16:M16) -> 0 | O16: =+VLOOKUP($I$8,'Fatores de conversão'!$A$5:$I$13,6,FALSE)*I16+VLOOKUP($J$8,'Fatores de conversão'!$A$5:$I$13,6,FALSE)*J16+VLOOKUP($K$8,'Fatores de conversão'!$A$5:$I$13,6,FALSE)*K16+VLOOKUP($L$8,'Fatores de conversão'!$A$5:$I$13,6,FALSE)*L16+VLOOKUP($M$8,'Fatores de conversão'!$A$5:$I$13,6,FALSE)*M16 -> 0 | P16: =+SUMPRODUCT('1. Identificação Ben. Oper.'!$D$38:$H$38,I16:M16) -> 0 | V16: =+SUM(Q16:U16) -> 0 | W16: =+SUMPRODUCT('1. Identificação Ben. Oper.'!$D$38:$H$38,Q16:U16) -> 0 | X16: =IF(N16=0,0,V16/N16) -> 0 | Y16: =+VLOOKUP($Q$8,'Fatores de conversão'!$A$5:$I$13,3,FALSE)*Q16+VLOOKUP($R$8,'Fatores de conversão'!$A$5:$I$13,3,FALSE)*R16+VLOOKUP($S$8,'Fatores de conversão'!$A$5:$I$13,3,FALSE)*S16+VLOOKUP($T$8,'Fatores de conversão'!$A$5:$I$13,3,FALSE)*T16+VLOOKUP($U$8,'Fatores de conversão'!$A$5:$I$13,3,FALSE)*U16 -> 0 | Z16: =+VLOOKUP($Q$8,'Fatores de conversão'!$A$5:$I$13,6,FALSE)*Q16+VLOOKUP($R$8,'Fatores de conversão'!$A$5:$I$13,6,FALSE)*R16+VLOOKUP($S$8,'Fatores de conversão'!$A$5:$I$13,6,FALSE)*S16+VLOOKUP($T$8,'Fatores de conversão'!$A$5:$I$13,6,FALSE)*T16+VLOOKUP($U$8,'Fatores de conversão'!$A$5:$I$13,6,FALSE)*U16 -> 0 | AA16: =(VLOOKUP($Q$8,'Fatores de conversão'!$A$5:$I$13,9,FALSE)*Q16+VLOOKUP($R$8,'Fatores de conversão'!$A$5:$I$13,9,FALSE)*R16+VLOOKUP($S$8,'Fatores de conversão'!$A$5:$I$13,9,FALSE)*S16+VLOOKUP($T$8,'Fatores de conversão'!$A$5:$I$13,9,FALSE)*T16+VLOOKUP($U$8,'Fatores de conversão'!$A$5:$I$13,9,FALSE)*U16)/1000 -> 0 | AE16: =IF(OR(AC16="",AC16=0),0,IF(OR(AD16="",AD16=0),0,H16+1)) -> 0 | AH16: - | AI16: =IF(AF16=0,0,IF(AF16<(AH16),AF16+AG16,((AH16)+((AG16/AF16)*AH16)))) -> 0 | AJ16: =IF(W16=0,0,(AF16+AG16)/W16) -> 0
C17: 7 | N17: =+SUM(I17:M17) -> 0 | O17: =+VLOOKUP($I$8,'Fatores de conversão'!$A$5:$I$13,6,FALSE)*I17+VLOOKUP($J$8,'Fatores de conversão'!$A$5:$I$13,6,FALSE)*J17+VLOOKUP($K$8,'Fatores de conversão'!$A$5:$I$13,6,FALSE)*K17+VLOOKUP($L$8,'Fatores de conversão'!$A$5:$I$13,6,FALSE)*L17+VLOOKUP($M$8,'Fatores de conversão'!$A$5:$I$13,6,FALSE)*M17 -> 0 | P17: =+SUMPRODUCT('1. Identificação Ben. Oper.'!$D$38:$H$38,I17:M17) -> 0 | V17: =+SUM(Q17:U17) -> 0 | W17: =+SUMPRODUCT('1. Identificação Ben. Oper.'!$D$38:$H$38,Q17:U17) -> 0 | X17: =IF(N17=0,0,V17/N17) -> 0 | Y17: =+VLOOKUP($Q$8,'Fatores de conversão'!$A$5:$I$13,3,FALSE)*Q17+VLOOKUP($R$8,'Fatores de conversão'!$A$5:$I$13,3,FALSE)*R17+VLOOKUP($S$8,'Fatores de conversão'!$A$5:$I$13,3,FALSE)*S17+VLOOKUP($T$8,'Fatores de conversão'!$A$5:$I$13,3,FALSE)*T17+VLOOKUP($U$8,'Fatores de conversão'!$A$5:$I$13,3,FALSE)*U17 -> 0 | Z17: =+VLOOKUP($Q$8,'Fatores de conversão'!$A$5:$I$13,6,FALSE)*Q17+VLOOKUP($R$8,'Fatores de conversão'!$A$5:$I$13,6,FALSE)*R17+VLOOKUP($S$8,'Fatores de conversão'!$A$5:$I$13,6,FALSE)*S17+VLOOKUP($T$8,'Fatores de conversão'!$A$5:$I$13,6,FALSE)*T17+VLOOKUP($U$8,'Fatores de conversão'!$A$5:$I$13,6,FALSE)*U17 -> 0 | AA17: =(VLOOKUP($Q$8,'Fatores de conversão'!$A$5:$I$13,9,FALSE)*Q17+VLOOKUP($R$8,'Fatores de conversão'!$A$5:$I$13,9,FALSE)*R17+VLOOKUP($S$8,'Fatores de conversão'!$A$5:$I$13,9,FALSE)*S17+VLOOKUP($T$8,'Fatores de conversão'!$A$5:$I$13,9,FALSE)*T17+VLOOKUP($U$8,'Fatores de conversão'!$A$5:$I$13,9,FALSE)*U17)/1000 -> 0 | AE17: =IF(OR(AC17="",AC17=0),0,IF(OR(AD17="",AD17=0),0,H17+1)) -> 0 | AH17: - | AI17: =IF(AF17=0,0,IF(AF17<(AH17),AF17+AG17,((AH17)+((AG17/AF17)*AH17)))) -> 0 | AJ17: =IF(W17=0,0,(AF17+AG17)/W17) -> 0
C18: 8 | N18: =+SUM(I18:M18) -> 0 | O18: =+VLOOKUP($I$8,'Fatores de conversão'!$A$5:$I$13,6,FALSE)*I18+VLOOKUP($J$8,'Fatores de conversão'!$A$5:$I$13,6,FALSE)*J18+VLOOKUP($K$8,'Fatores de conversão'!$A$5:$I$13,6,FALSE)*K18+VLOOKUP($L$8,'Fatores de conversão'!$A$5:$I$13,6,FALSE)*L18+VLOOKUP($M$8,'Fatores de conversão'!$A$5:$I$13,6,FALSE)*M18 -> 0 | P18: =+SUMPRODUCT('1. Identificação Ben. Oper.'!$D$38:$H$38,I18:M18) -> 0 | V18: =+SUM(Q18:U18) -> 0 | W18: =+SUMPRODUCT('1. Identificação Ben. Oper.'!$D$38:$H$38,Q18:U18) -> 0 | X18: =IF(N18=0,0,V18/N18) -> 0 | Y18: =+VLOOKUP($Q$8,'Fatores de conversão'!$A$5:$I$13,3,FALSE)*Q18+VLOOKUP($R$8,'Fatores de conversão'!$A$5:$I$13,3,FALSE)*R18+VLOOKUP($S$8,'Fatores de conversão'!$A$5:$I$13,3,FALSE)*S18+VLOOKUP($T$8,'Fatores de conversão'!$A$5:$I$13,3,FALSE)*T18+VLOOKUP($U$8,'Fatores de conversão'!$A$5:$I$13,3,FALSE)*U18 -> 0 | Z18: =+VLOOKUP($Q$8,'Fatores de conversão'!$A$5:$I$13,6,FALSE)*Q18+VLOOKUP($R$8,'Fatores de conversão'!$A$5:$I$13,6,FALSE)*R18+VLOOKUP($S$8,'Fatores de conversão'!$A$5:$I$13,6,FALSE)*S18+VLOOKUP($T$8,'Fatores de conversão'!$A$5:$I$13,6,FALSE)*T18+VLOOKUP($U$8,'Fatores de conversão'!$A$5:$I$13,6,FALSE)*U18 -> 0 | AA18: =(VLOOKUP($Q$8,'Fatores de conversão'!$A$5:$I$13,9,FALSE)*Q18+VLOOKUP($R$8,'Fatores de conversão'!$A$5:$I$13,9,FALSE)*R18+VLOOKUP($S$8,'Fatores de conversão'!$A$5:$I$13,9,FALSE)*S18+VLOOKUP($T$8,'Fatores de conversão'!$A$5:$I$13,9,FALSE)*T18+VLOOKUP($U$8,'Fatores de conversão'!$A$5:$I$13,9,FALSE)*U18)/1000 -> 0 | AE18: =IF(OR(AC18="",AC18=0),0,IF(OR(AD18="",AD18=0),0,H18+1)) -> 0 | AH18: - | AI18: =IF(AF18=0,0,IF(AF18<(AH18),AF18+AG18,((AH18)+((AG18/AF18)*AH18)))) -> 0 | AJ18: =IF(W18=0,0,(AF18+AG18)/W18) -> 0
C19: 9 | N19: =+SUM(I19:M19) -> 0 | O19: =+VLOOKUP($I$8,'Fatores de conversão'!$A$5:$I$13,6,FALSE)*I19+VLOOKUP($J$8,'Fatores de conversão'!$A$5:$I$13,6,FALSE)*J19+VLOOKUP($K$8,'Fatores de conversão'!$A$5:$I$13,6,FALSE)*K19+VLOOKUP($L$8,'Fatores de conversão'!$A$5:$I$13,6,FALSE)*L19+VLOOKUP($M$8,'Fatores de conversão'!$A$5:$I$13,6,FALSE)*M19 -> 0 | P19: =+SUMPRODUCT('1. Identificação Ben. Oper.'!$D$38:$H$38,I19:M19) -> 0 | V19: =+SUM(Q19:U19) -> 0 | W19: =+SUMPRODUCT('1. Identificação Ben. Oper.'!$D$38:$H$38,Q19:U19) -> 0 | X19: =IF(N19=0,0,V19/N19) -> 0 | Y19: =+VLOOKUP($Q$8,'Fatores de conversão'!$A$5:$I$13,3,FALSE)*Q19+VLOOKUP($R$8,'Fatores de conversão'!$A$5:$I$13,3,FALSE)*R19+VLOOKUP($S$8,'Fatores de conversão'!$A$5:$I$13,3,FALSE)*S19+VLOOKUP($T$8,'Fatores de conversão'!$A$5:$I$13,3,FALSE)*T19+VLOOKUP($U$8,'Fatores de conversão'!$A$5:$I$13,3,FALSE)*U19 -> 0 | Z19: =+VLOOKUP($Q$8,'Fatores de conversão'!$A$5:$I$13,6,FALSE)*Q19+VLOOKUP($R$8,'Fatores de conversão'!$A$5:$I$13,6,FALSE)*R19+VLOOKUP($S$8,'Fatores de conversão'!$A$5:$I$13,6,FALSE)*S19+VLOOKUP($T$8,'Fatores de conversão'!$A$5:$I$13,6,FALSE)*T19+VLOOKUP($U$8,'Fatores de conversão'!$A$5:$I$13,6,FALSE)*U19 -> 0 | AA19: =(VLOOKUP($Q$8,'Fatores de conversão'!$A$5:$I$13,9,FALSE)*Q19+VLOOKUP($R$8,'Fatores de conversão'!$A$5:$I$13,9,FALSE)*R19+VLOOKUP($S$8,'Fatores de conversão'!$A$5:$I$13,9,FALSE)*S19+VLOOKUP($T$8,'Fatores de conversão'!$A$5:$I$13,9,FALSE)*T19+VLOOKUP($U$8,'Fatores de conversão'!$A$5:$I$13,9,FALSE)*U19)/1000 -> 0 | AE19: =IF(OR(AC19="",AC19=0),0,IF(OR(AD19="",AD19=0),0,H19+1)) -> 0 | AH19: - | AI19: =IF(AF19=0,0,IF(AF19<(AH19),AF19+AG19,((AH19)+((AG19/AF19)*AH19)))) -> 0 | AJ19: =IF(W19=0,0,(AF19+AG19)/W19) -> 0
C20: 10 | N20: =+SUM(I20:M20) -> 0 | O20: =+VLOOKUP($I$8,'Fatores de conversão'!$A$5:$I$13,6,FALSE)*I20+VLOOKUP($J$8,'Fatores de conversão'!$A$5:$I$13,6,FALSE)*J20+VLOOKUP($K$8,'Fatores de conversão'!$A$5:$I$13,6,FALSE)*K20+VLOOKUP($L$8,'Fatores de conversão'!$A$5:$I$13,6,FALSE)*L20+VLOOKUP($M$8,'Fatores de conversão'!$A$5:$I$13,6,FALSE)*M20 -> 0 | P20: =+SUMPRODUCT('1. Identificação Ben. Oper.'!$D$38:$H$38,I20:M20) -> 0 | V20: =+SUM(Q20:U20) -> 0 | W20: =+SUMPRODUCT('1. Identificação Ben. Oper.'!$D$38:$H$38,Q20:U20) -> 0 | X20: =IF(N20=0,0,V20/N20) -> 0 | Y20: =+VLOOKUP($Q$8,'Fatores de conversão'!$A$5:$I$13,3,FALSE)*Q20+VLOOKUP($R$8,'Fatores de conversão'!$A$5:$I$13,3,FALSE)*R20+VLOOKUP($S$8,'Fatores de conversão'!$A$5:$I$13,3,FALSE)*S20+VLOOKUP($T$8,'Fatores de conversão'!$A$5:$I$13,3,FALSE)*T20+VLOOKUP($U$8,'Fatores de conversão'!$A$5:$I$13,3,FALSE)*U20 -> 0 | Z20: =+VLOOKUP($Q$8,'Fatores de conversão'!$A$5:$I$13,6,FALSE)*Q20+VLOOKUP($R$8,'Fatores de conversão'!$A$5:$I$13,6,FALSE)*R20+VLOOKUP($S$8,'Fatores de conversão'!$A$5:$I$13,6,FALSE)*S20+VLOOKUP($T$8,'Fatores de conversão'!$A$5:$I$13,6,FALSE)*T20+VLOOKUP($U$8,'Fatores de conversão'!$A$5:$I$13,6,FALSE)*U20 -> 0 | AA20: =(VLOOKUP($Q$8,'Fatores de conversão'!$A$5:$I$13,9,FALSE)*Q20+VLOOKUP($R$8,'Fatores de conversão'!$A$5:$I$13,9,FALSE)*R20+VLOOKUP($S$8,'Fatores de conversão'!$A$5:$I$13,9,FALSE)*S20+VLOOKUP($T$8,'Fatores de conversão'!$A$5:$I$13,9,FALSE)*T20+VLOOKUP($U$8,'Fatores de conversão'!$A$5:$I$13,9,FALSE)*U20)/1000 -> 0 | AE20: =IF(OR(AC20="",AC20=0),0,IF(OR(AD20="",AD20=0),0,H20+1)) -> 0 | AH20: - | AI20: =IF(AF20=0,0,IF(AF20<(AH20),AF20+AG20,((AH20)+((AG20/AF20)*AH20)))) -> 0 | AJ20: =IF(W20=0,0,(AF20+AG20)/W20) -> 0
I21: =SUM(I10:I20) -> 0 | J21: =SUM(J10:J20) -> 0 | K21: =SUM(K10:K20) -> 0 | L21: =SUM(L10:L20) -> 0 | M21: =SUM(M10:M20) -> 0 | N21: =SUM(N10:N20) -> 0 | O21: =SUM(O10:O20) -> 0 | P21: =SUM(P10:P20) -> 0 | ... W21: =SUM(W10:W20) -> 0 | X21: =IF(N21=0,0,V21/N21) -> 0 | Y21: =SUM(Y10:Y20) -> 0 | Z21: =SUM(Z10:Z20) -> 0 | AA21: =SUM(AA10:AA20) -> 0 | AB21: =SUM(AB10:AB20) -> 0 | AC21: =SUM(AC10:AC20) -> 0 | AF21: =SUM(AF10:AF20) -> 0 | AG21: =SUM(AG10:AG20) -> 0 | AH21: =SUM(AH10:AH20) -> 0 | AI21: =SUM(AI10:AI20) -> 0 | AJ21: =IF(W21=0,0,(AF21+AG21)/W21) -> 0
C22: Investimento Total [Medidas a).i)] | E22: =AF21+AG21 -> 0
C23: Despesa Total Elegivel [Medidas a).i)] | E23: =AI21 -> 0
C26: Poupanças a alcançar com as medidas a implementar (até 25 anos) | I26: Para efeitos de contabilização das poupanças liquidas, é tido em conta o valor das poupanças anuais no ano 1 de cada medida, e automaticamente extendidas até à conclusão da sua vida útil. Caso tenha sido considerado o reinvestimento numa determinada medida (tendo-se preenchido para esse efeito os campos relativos ao valor de reinvestimento e o nº de reinvestimentos previstos), o impato dessas poupanças será considerado automaticamente até ao fim de um novo periodo de vida útil. A determinação das reduções de consumo energético é feita automaticamente.
I27: Anos
C28: Nº Medida | D28: Economia Energia [€/ano] | E28: Custos Operação e Manutenção [€/ano] | F28: Custos de reinvestimento por substituição [€] | G28: Poupanças anuais (ano 1) | I28: 1 | J28: 2 | K28: 3 | L28: 4 | M28: 5 | N28: 6 | O28: 7 | P28: 8 | Q28: 9 | R28: 10 | S28: 11 | T28: 12 | U28: 13 | V28: 14 | W28: 15 | X28: 16 | Y28: 17 | Z28: 18 | AA28: 19 | AB28: 20 | AC28: 21 | AD28: 22 | AE28: 23 | AF28: 24 | AG28: 25 | AH28: Total (até 25 anos)
C29: =C10 -> 1 | D29: =W10 -> 0 | E29: =AB10 -> 0 | F29: =AC10 -> 0 | G29: =IF(D29="",0,D29-E29) -> 0 | I29: =IF($H10>=25,$G29,IF(I$28<=$H10,$G29,IF(I$28<=($H10*($AD10+1)),$G29,0)))-IF($H10="",0,IF(I$28-1<=($H10*$AD10),$F29,0))*IF(OR($AE10=0,$AE10>25),0,IF(MOD(I$28,$H10)=0,1,0)) -> 0 | J29: =IF($H10>=25,$G29,IF(J$28<=$H10,$G29,IF(J$28<=($H10*($AD10+1)),$G29,0)))-IF($H10="",0,IF(J$28-1<=($H10*$AD10),$F29,0))*IF(OR($AE10=0,$AE10>25),0,IF(MOD(J$28-1,$H10)=0,1,0)) -> 0 | K29: =IF($H10>=25,$G29,IF(K$28<=$H10,$G29,IF(K$28<=($H10*($AD10+1)),$G29,0)))-IF($H10="",0,IF(K$28-1<=($H10*$AD10),$F29,0))*IF(OR($AE10=0,$AE10>25),0,IF(MOD(K$28-1,$H10)=0,1,0)) -> 0 | L29: =IF($H10>=25,$G29,IF(L$28<=$H10,$G29,IF(L$28<=($H10*($AD10+1)),$G29,0)))-IF($H10="",0,IF(L$28-1<=($H10*$AD10),$F29,0))*IF(OR($AE10=0,$AE10>25),0,IF(MOD(L$28-1,$H10)=0,1,0)) -> 0 | M29: =IF($H10>=25,$G29,IF(M$28<=$H10,$G29,IF(M$28<=($H10*($AD10+1)),$G29,0)))-IF($H10="",0,IF(M$28-1<=($H10*$AD10),$F29,0))*IF(OR($AE10=0,$AE10>25),0,IF(MOD(M$28-1,$H10)=0,1,0)) -> 0 | N29: =IF($H10>=25,$G29,IF(N$28<=$H10,$G29,IF(N$28<=($H10*($AD10+1)),$G29,0)))-IF($H10="",0,IF(N$28-1<=($H10*$AD10),$F29,0))*IF(OR($AE10=0,$AE10>25),0,IF(MOD(N$28-1,$H10)=0,1,0)) -> 0 | O29: =IF($H10>=25,$G29,IF(O$28<=$H10,$G29,IF(O$28<=($H10*($AD10+1)),$G29,0)))-IF($H10="",0,IF(O$28-1<=($H10*$AD10),$F29,0))*IF(OR($AE10=0,$AE10>25),0,IF(MOD(O$28-1,$H10)=0,1,0)) -> 0 | P29: =IF($H10>=25,$G29,IF(P$28<=$H10,$G29,IF(P$28<=($H10*($AD10+1)),$G29,0)))-IF($H10="",0,IF(P$28-1<=($H10*$AD10),$F29,0))*IF(OR($AE10=0,$AE10>25),0,IF(MOD(P$28-1,$H10)=0,1,0)) -> 0 | Q29: =IF($H10>=25,$G29,IF(Q$28<=$H10,$G29,IF(Q$28<=($H10*($AD10+1)),$G29,0)))-IF($H10="",0,IF(Q$28-1<=($H10*$AD10),$F29,0))*IF(OR($AE10=0,$AE10>25),0,IF(MOD(Q$28-1,$H10)=0,1,0)) -> 0 | ... AG29: =IF($H10>=25,$G29,IF(AG$28<=$H10,$G29,IF(AG$28<=($H10*($AD10+1)),$G29,0)))-IF($H10="",0,IF(AG$28-1<=($H10*$AD10),$F29,0))*IF(OR($AE10=0,$AE10>25),0,IF(MOD(AG$28-1,$H10)=0,1,0)) -> 0 | AH29: =SUM(I29:AG29) -> 0
C30: =C11 -> 2 | D30: =W11 -> 0 | E30: =AB11 -> 0 | F30: =AC11 -> 0 | G30: =IF(D30="",0,D30-E30) -> 0 | I30: =IF($H11>=25,$G30,IF(I$28<=$H11,$G30,IF(I$28<=($H11*($AD11+1)),$G30,0)))-IF($H11="",0,IF(I$28-1<=($H11*$AD11),$F30,0))*IF(OR($AE11=0,$AE11>25),0,IF(MOD(I$28,$H11)=0,1,0)) -> 0 | J30: =IF($H11>=25,$G30,IF(J$28<=$H11,$G30,IF(J$28<=($H11*($AD11+1)),$G30,0)))-IF($H11="",0,IF(J$28-1<=($H11*$AD11),$F30,0))*IF(OR($AE11=0,$AE11>25),0,IF(MOD(J$28-1,$H11)=0,1,0)) -> 0 | K30: =IF($H11>=25,$G30,IF(K$28<=$H11,$G30,IF(K$28<=($H11*($AD11+1)),$G30,0)))-IF($H11="",0,IF(K$28-1<=($H11*$AD11),$F30,0))*IF(OR($AE11=0,$AE11>25),0,IF(MOD(K$28-1,$H11)=0,1,0)) -> 0 | L30: =IF($H11>=25,$G30,IF(L$28<=$H11,$G30,IF(L$28<=($H11*($AD11+1)),$G30,0)))-IF($H11="",0,IF(L$28-1<=($H11*$AD11),$F30,0))*IF(OR($AE11=0,$AE11>25),0,IF(MOD(L$28-1,$H11)=0,1,0)) -> 0 | M30: =IF($H11>=25,$G30,IF(M$28<=$H11,$G30,IF(M$28<=($H11*($AD11+1)),$G30,0)))-IF($H11="",0,IF(M$28-1<=($H11*$AD11),$F30,0))*IF(OR($AE11=0,$AE11>25),0,IF(MOD(M$28-1,$H11)=0,1,0)) -> 0 | N30: =IF($H11>=25,$G30,IF(N$28<=$H11,$G30,IF(N$28<=($H11*($AD11+1)),$G30,0)))-IF($H11="",0,IF(N$28-1<=($H11*$AD11),$F30,0))*IF(OR($AE11=0,$AE11>25),0,IF(MOD(N$28-1,$H11)=0,1,0)) -> 0 | O30: =IF($H11>=25,$G30,IF(O$28<=$H11,$G30,IF(O$28<=($H11*($AD11+1)),$G30,0)))-IF($H11="",0,IF(O$28-1<=($H11*$AD11),$F30,0))*IF(OR($AE11=0,$AE11>25),0,IF(MOD(O$28-1,$H11)=0,1,0)) -> 0 | P30: =IF($H11>=25,$G30,IF(P$28<=$H11,$G30,IF(P$28<=($H11*($AD11+1)),$G30,0)))-IF($H11="",0,IF(P$28-1<=($H11*$AD11),$F30,0))*IF(OR($AE11=0,$AE11>25),0,IF(MOD(P$28-1,$H11)=0,1,0)) -> 0 | Q30: =IF($H11>=25,$G30,IF(Q$28<=$H11,$G30,IF(Q$28<=($H11*($AD11+1)),$G30,0)))-IF($H11="",0,IF(Q$28-1<=($H11*$AD11),$F30,0))*IF(OR($AE11=0,$AE11>25),0,IF(MOD(Q$28-1,$H11)=0,1,0)) -> 0 | ... AG30: =IF($H11>=25,$G30,IF(AG$28<=$H11,$G30,IF(AG$28<=($H11*($AD11+1)),$G30,0)))-IF($H11="",0,IF(AG$28-1<=($H11*$AD11),$F30,0))*IF(OR($AE11=0,$AE11>25),0,IF(MOD(AG$28-1,$H11)=0,1,0)) -> 0 | AH30: =SUM(I30:AG30) -> 0
C31: =C12 -> 3 | D31: =W12 -> 0 | E31: =AB12 -> 0 | F31: =AC12 -> 0 | G31: =IF(D31="",0,D31-E31) -> 0 | I31: =IF($H12>=25,$G31,IF(I$28<=$H12,$G31,IF(I$28<=($H12*($AD12+1)),$G31,0)))-IF($H12="",0,IF(I$28-1<=($H12*$AD12),$F31,0))*IF(OR($AE12=0,$AE12>25),0,IF(MOD(I$28,$H12)=0,1,0)) -> 0 | J31: =IF($H12>=25,$G31,IF(J$28<=$H12,$G31,IF(J$28<=($H12*($AD12+1)),$G31,0)))-IF($H12="",0,IF(J$28-1<=($H12*$AD12),$F31,0))*IF(OR($AE12=0,$AE12>25),0,IF(MOD(J$28-1,$H12)=0,1,0)) -> 0 | K31: =IF($H12>=25,$G31,IF(K$28<=$H12,$G31,IF(K$28<=($H12*($AD12+1)),$G31,0)))-IF($H12="",0,IF(K$28-1<=($H12*$AD12),$F31,0))*IF(OR($AE12=0,$AE12>25),0,IF(MOD(K$28-1,$H12)=0,1,0)) -> 0 | L31: =IF($H12>=25,$G31,IF(L$28<=$H12,$G31,IF(L$28<=($H12*($AD12+1)),$G31,0)))-IF($H12="",0,IF(L$28-1<=($H12*$AD12),$F31,0))*IF(OR($AE12=0,$AE12>25),0,IF(MOD(L$28-1,$H12)=0,1,0)) -> 0 | M31: =IF($H12>=25,$G31,IF(M$28<=$H12,$G31,IF(M$28<=($H12*($AD12+1)),$G31,0)))-IF($H12="",0,IF(M$28-1<=($H12*$AD12),$F31,0))*IF(OR($AE12=0,$AE12>25),0,IF(MOD(M$28-1,$H12)=0,1,0)) -> 0 | N31: =IF($H12>=25,$G31,IF(N$28<=$H12,$G31,IF(N$28<=($H12*($AD12+1)),$G31,0)))-IF($H12="",0,IF(N$28-1<=($H12*$AD12),$F31,0))*IF(OR($AE12=0,$AE12>25),0,IF(MOD(N$28-1,$H12)=0,1,0)) -> 0 | O31: =IF($H12>=25,$G31,IF(O$28<=$H12,$G31,IF(O$28<=($H12*($AD12+1)),$G31,0)))-IF($H12="",0,IF(O$28-1<=($H12*$AD12),$F31,0))*IF(OR($AE12=0,$AE12>25),0,IF(MOD(O$28-1,$H12)=0,1,0)) -> 0 | P31: =IF($H12>=25,$G31,IF(P$28<=$H12,$G31,IF(P$28<=($H12*($AD12+1)),$G31,0)))-IF($H12="",0,IF(P$28-1<=($H12*$AD12),$F31,0))*IF(OR($AE12=0,$AE12>25),0,IF(MOD(P$28-1,$H12)=0,1,0)) -> 0 | Q31: =IF($H12>=25,$G31,IF(Q$28<=$H12,$G31,IF(Q$28<=($H12*($AD12+1)),$G31,0)))-IF($H12="",0,IF(Q$28-1<=($H12*$AD12),$F31,0))*IF(OR($AE12=0,$AE12>25),0,IF(MOD(Q$28-1,$H12)=0,1,0)) -> 0 | ... AG31: =IF($H12>=25,$G31,IF(AG$28<=$H12,$G31,IF(AG$28<=($H12*($AD12+1)),$G31,0)))-IF($H12="",0,IF(AG$28-1<=($H12*$AD12),$F31,0))*IF(OR($AE12=0,$AE12>25),0,IF(MOD(AG$28-1,$H12)=0,1,0)) -> 0 | AH31: =SUM(I31:AG31) -> 0
C32: =C13 -> 4 | D32: =W13 -> 0 | E32: =AB13 -> 0 | F32: =AC13 -> 0 | G32: =IF(D32="",0,D32-E32) -> 0 | I32: =IF($H13>=25,$G32,IF(I$28<=$H13,$G32,IF(I$28<=($H13*($AD13+1)),$G32,0)))-IF($H13="",0,IF(I$28-1<=($H13*$AD13),$F32,0))*IF(OR($AE13=0,$AE13>25),0,IF(MOD(I$28,$H13)=0,1,0)) -> 0 | J32: =IF($H13>=25,$G32,IF(J$28<=$H13,$G32,IF(J$28<=($H13*($AD13+1)),$G32,0)))-IF($H13="",0,IF(J$28-1<=($H13*$AD13),$F32,0))*IF(OR($AE13=0,$AE13>25),0,IF(MOD(J$28-1,$H13)=0,1,0)) -> 0 | K32: =IF($H13>=25,$G32,IF(K$28<=$H13,$G32,IF(K$28<=($H13*($AD13+1)),$G32,0)))-IF($H13="",0,IF(K$28-1<=($H13*$AD13),$F32,0))*IF(OR($AE13=0,$AE13>25),0,IF(MOD(K$28-1,$H13)=0,1,0)) -> 0 | L32: =IF($H13>=25,$G32,IF(L$28<=$H13,$G32,IF(L$28<=($H13*($AD13+1)),$G32,0)))-IF($H13="",0,IF(L$28-1<=($H13*$AD13),$F32,0))*IF(OR($AE13=0,$AE13>25),0,IF(MOD(L$28-1,$H13)=0,1,0)) -> 0 | M32: =IF($H13>=25,$G32,IF(M$28<=$H13,$G32,IF(M$28<=($H13*($AD13+1)),$G32,0)))-IF($H13="",0,IF(M$28-1<=($H13*$AD13),$F32,0))*IF(OR($AE13=0,$AE13>25),0,IF(MOD(M$28-1,$H13)=0,1,0)) -> 0 | N32: =IF($H13>=25,$G32,IF(N$28<=$H13,$G32,IF(N$28<=($H13*($AD13+1)),$G32,0)))-IF($H13="",0,IF(N$28-1<=($H13*$AD13),$F32,0))*IF(OR($AE13=0,$AE13>25),0,IF(MOD(N$28-1,$H13)=0,1,0)) -> 0 | O32: =IF($H13>=25,$G32,IF(O$28<=$H13,$G32,IF(O$28<=($H13*($AD13+1)),$G32,0)))-IF($H13="",0,IF(O$28-1<=($H13*$AD13),$F32,0))*IF(OR($AE13=0,$AE13>25),0,IF(MOD(O$28-1,$H13)=0,1,0)) -> 0 | P32: =IF($H13>=25,$G32,IF(P$28<=$H13,$G32,IF(P$28<=($H13*($AD13+1)),$G32,0)))-IF($H13="",0,IF(P$28-1<=($H13*$AD13),$F32,0))*IF(OR($AE13=0,$AE13>25),0,IF(MOD(P$28-1,$H13)=0,1,0)) -> 0 | Q32: =IF($H13>=25,$G32,IF(Q$28<=$H13,$G32,IF(Q$28<=($H13*($AD13+1)),$G32,0)))-IF($H13="",0,IF(Q$28-1<=($H13*$AD13),$F32,0))*IF(OR($AE13=0,$AE13>25),0,IF(MOD(Q$28-1,$H13)=0,1,0)) -> 0 | ... AG32: =IF($H13>=25,$G32,IF(AG$28<=$H13,$G32,IF(AG$28<=($H13*($AD13+1)),$G32,0)))-IF($H13="",0,IF(AG$28-1<=($H13*$AD13),$F32,0))*IF(OR($AE13=0,$AE13>25),0,IF(MOD(AG$28-1,$H13)=0,1,0)) -> 0 | AH32: =SUM(I32:AG32) -> 0
C33: =C14 -> 5 | D33: =W14 -> 0 | E33: =AB14 -> 0 | F33: =AC14 -> 0 | G33: =IF(D33="",0,D33-E33) -> 0 | I33: =IF($H14>=25,$G33,IF(I$28<=$H14,$G33,IF(I$28<=($H14*($AD14+1)),$G33,0)))-IF($H14="",0,IF(I$28-1<=($H14*$AD14),$F33,0))*IF(OR($AE14=0,$AE14>25),0,IF(MOD(I$28,$H14)=0,1,0)) -> 0 | J33: =IF($H14>=25,$G33,IF(J$28<=$H14,$G33,IF(J$28<=($H14*($AD14+1)),$G33,0)))-IF($H14="",0,IF(J$28-1<=($H14*$AD14),$F33,0))*IF(OR($AE14=0,$AE14>25),0,IF(MOD(J$28-1,$H14)=0,1,0)) -> 0 | K33: =IF($H14>=25,$G33,IF(K$28<=$H14,$G33,IF(K$28<=($H14*($AD14+1)),$G33,0)))-IF($H14="",0,IF(K$28-1<=($H14*$AD14),$F33,0))*IF(OR($AE14=0,$AE14>25),0,IF(MOD(K$28-1,$H14)=0,1,0)) -> 0 | L33: =IF($H14>=25,$G33,IF(L$28<=$H14,$G33,IF(L$28<=($H14*($AD14+1)),$G33,0)))-IF($H14="",0,IF(L$28-1<=($H14*$AD14),$F33,0))*IF(OR($AE14=0,$AE14>25),0,IF(MOD(L$28-1,$H14)=0,1,0)) -> 0 | M33: =IF($H14>=25,$G33,IF(M$28<=$H14,$G33,IF(M$28<=($H14*($AD14+1)),$G33,0)))-IF($H14="",0,IF(M$28-1<=($H14*$AD14),$F33,0))*IF(OR($AE14=0,$AE14>25),0,IF(MOD(M$28-1,$H14)=0,1,0)) -> 0 | N33: =IF($H14>=25,$G33,IF(N$28<=$H14,$G33,IF(N$28<=($H14*($AD14+1)),$G33,0)))-IF($H14="",0,IF(N$28-1<=($H14*$AD14),$F33,0))*IF(OR($AE14=0,$AE14>25),0,IF(MOD(N$28-1,$H14)=0,1,0)) -> 0 | O33: =IF($H14>=25,$G33,IF(O$28<=$H14,$G33,IF(O$28<=($H14*($AD14+1)),$G33,0)))-IF($H14="",0,IF(O$28-1<=($H14*$AD14),$F33,0))*IF(OR($AE14=0,$AE14>25),0,IF(MOD(O$28-1,$H14)=0,1,0)) -> 0 | P33: =IF($H14>=25,$G33,IF(P$28<=$H14,$G33,IF(P$28<=($H14*($AD14+1)),$G33,0)))-IF($H14="",0,IF(P$28-1<=($H14*$AD14),$F33,0))*IF(OR($AE14=0,$AE14>25),0,IF(MOD(P$28-1,$H14)=0,1,0)) -> 0 | Q33: =IF($H14>=25,$G33,IF(Q$28<=$H14,$G33,IF(Q$28<=($H14*($AD14+1)),$G33,0)))-IF($H14="",0,IF(Q$28-1<=($H14*$AD14),$F33,0))*IF(OR($AE14=0,$AE14>25),0,IF(MOD(Q$28-1,$H14)=0,1,0)) -> 0 | ... AG33: =IF($H14>=25,$G33,IF(AG$28<=$H14,$G33,IF(AG$28<=($H14*($AD14+1)),$G33,0)))-IF($H14="",0,IF(AG$28-1<=($H14*$AD14),$F33,0))*IF(OR($AE14=0,$AE14>25),0,IF(MOD(AG$28-1,$H14)=0,1,0)) -> 0 | AH33: =SUM(I33:AG33) -> 0
C34: =C16 -> 6 | D34: =W16 -> 0 | E34: =AB16 -> 0 | F34: =AC16 -> 0 | G34: =IF(D34="",0,D34-E34) -> 0 | I34: =IF($H16>=25,$G34,IF(I$28<=$H16,$G34,IF(I$28<=($H16*($AD16+1)),$G34,0)))-IF(I$28-1<=($H16*$AD16),$F34,0)*IF(OR($AE16=0,$AE16>25),0,IF(MOD(I$28,$H16)=0,1,0)) -> 0 | J34: =IF($H16>=25,$G34,IF(J$28<=$H16,$G34,IF(J$28<=($H16*($AD16+1)),$G34,0)))-IF(J$28-1<=($H16*$AD16),$F34,0)*IF(OR($AE16=0,$AE16>25),0,IF(MOD(J$28-1,$H16)=0,1,0)) -> 0 | K34: =IF($H16>=25,$G34,IF(K$28<=$H16,$G34,IF(K$28<=($H16*($AD16+1)),$G34,0)))-IF(K$28-1<=($H16*$AD16),$F34,0)*IF(OR($AE16=0,$AE16>25),0,IF(MOD(K$28-1,$H16)=0,1,0)) -> 0 | L34: =IF($H16>=25,$G34,IF(L$28<=$H16,$G34,IF(L$28<=($H16*($AD16+1)),$G34,0)))-IF(L$28-1<=($H16*$AD16),$F34,0)*IF(OR($AE16=0,$AE16>25),0,IF(MOD(L$28-1,$H16)=0,1,0)) -> 0 | M34: =IF($H16>=25,$G34,IF(M$28<=$H16,$G34,IF(M$28<=($H16*($AD16+1)),$G34,0)))-IF(M$28-1<=($H16*$AD16),$F34,0)*IF(OR($AE16=0,$AE16>25),0,IF(MOD(M$28-1,$H16)=0,1,0)) -> 0 | N34: =IF($H16>=25,$G34,IF(N$28<=$H16,$G34,IF(N$28<=($H16*($AD16+1)),$G34,0)))-IF(N$28-1<=($H16*$AD16),$F34,0)*IF(OR($AE16=0,$AE16>25),0,IF(MOD(N$28-1,$H16)=0,1,0)) -> 0 | O34: =IF($H16>=25,$G34,IF(O$28<=$H16,$G34,IF(O$28<=($H16*($AD16+1)),$G34,0)))-IF(O$28-1<=($H16*$AD16),$F34,0)*IF(OR($AE16=0,$AE16>25),0,IF(MOD(O$28-1,$H16)=0,1,0)) -> 0 | P34: =IF($H16>=25,$G34,IF(P$28<=$H16,$G34,IF(P$28<=($H16*($AD16+1)),$G34,0)))-IF(P$28-1<=($H16*$AD16),$F34,0)*IF(OR($AE16=0,$AE16>25),0,IF(MOD(P$28-1,$H16)=0,1,0)) -> 0 | Q34: =IF($H16>=25,$G34,IF(Q$28<=$H16,$G34,IF(Q$28<=($H16*($AD16+1)),$G34,0)))-IF(Q$28-1<=($H16*$AD16),$F34,0)*IF(OR($AE16=0,$AE16>25),0,IF(MOD(Q$28-1,$H16)=0,1,0)) -> 0 | ... AG34: =IF($H16>=25,$G34,IF(AG$28<=$H16,$G34,IF(AG$28<=($H16*($AD16+1)),$G34,0)))-IF(AG$28-1<=($H16*$AD16),$F34,0)*IF(OR($AE16=0,$AE16>25),0,IF(MOD(AG$28-1,$H16)=0,1,0)) -> 0 | AH34: =SUM(I34:AG34) -> 0
C35: =C17 -> 7 | D35: =W17 -> 0 | E35: =AB17 -> 0 | F35: =AC17 -> 0 | G35: =IF(D35="",0,D35-E35) -> 0 | I35: =IF($H17>=25,$G35,IF(I$28<=$H17,$G35,IF(I$28<=($H17*($AD17+1)),$G35,0)))-IF(I$28-1<=($H17*$AD17),$F35,0)*IF(OR($AE17=0,$AE17>25),0,IF(MOD(I$28,$H17)=0,1,0)) -> 0 | J35: =IF($H17>=25,$G35,IF(J$28<=$H17,$G35,IF(J$28<=($H17*($AD17+1)),$G35,0)))-IF(J$28-1<=($H17*$AD17),$F35,0)*IF(OR($AE17=0,$AE17>25),0,IF(MOD(J$28-1,$H17)=0,1,0)) -> 0 | K35: =IF($H17>=25,$G35,IF(K$28<=$H17,$G35,IF(K$28<=($H17*($AD17+1)),$G35,0)))-IF(K$28-1<=($H17*$AD17),$F35,0)*IF(OR($AE17=0,$AE17>25),0,IF(MOD(K$28-1,$H17)=0,1,0)) -> 0 | L35: =IF($H17>=25,$G35,IF(L$28<=$H17,$G35,IF(L$28<=($H17*($AD17+1)),$G35,0)))-IF(L$28-1<=($H17*$AD17),$F35,0)*IF(OR($AE17=0,$AE17>25),0,IF(MOD(L$28-1,$H17)=0,1,0)) -> 0 | M35: =IF($H17>=25,$G35,IF(M$28<=$H17,$G35,IF(M$28<=($H17*($AD17+1)),$G35,0)))-IF(M$28-1<=($H17*$AD17),$F35,0)*IF(OR($AE17=0,$AE17>25),0,IF(MOD(M$28-1,$H17)=0,1,0)) -> 0 | N35: =IF($H17>=25,$G35,IF(N$28<=$H17,$G35,IF(N$28<=($H17*($AD17+1)),$G35,0)))-IF(N$28-1<=($H17*$AD17),$F35,0)*IF(OR($AE17=0,$AE17>25),0,IF(MOD(N$28-1,$H17)=0,1,0)) -> 0 | O35: =IF($H17>=25,$G35,IF(O$28<=$H17,$G35,IF(O$28<=($H17*($AD17+1)),$G35,0)))-IF(O$28-1<=($H17*$AD17),$F35,0)*IF(OR($AE17=0,$AE17>25),0,IF(MOD(O$28-1,$H17)=0,1,0)) -> 0 | P35: =IF($H17>=25,$G35,IF(P$28<=$H17,$G35,IF(P$28<=($H17*($AD17+1)),$G35,0)))-IF(P$28-1<=($H17*$AD17),$F35,0)*IF(OR($AE17=0,$AE17>25),0,IF(MOD(P$28-1,$H17)=0,1,0)) -> 0 | Q35: =IF($H17>=25,$G35,IF(Q$28<=$H17,$G35,IF(Q$28<=($H17*($AD17+1)),$G35,0)))-IF(Q$28-1<=($H17*$AD17),$F35,0)*IF(OR($AE17=0,$AE17>25),0,IF(MOD(Q$28-1,$H17)=0,1,0)) -> 0 | ... AG35: =IF($H17>=25,$G35,IF(AG$28<=$H17,$G35,IF(AG$28<=($H17*($AD17+1)),$G35,0)))-IF(AG$28-1<=($H17*$AD17),$F35,0)*IF(OR($AE17=0,$AE17>25),0,IF(MOD(AG$28-1,$H17)=0,1,0)) -> 0 | AH35: =SUM(I35:AG35) -> 0
C36: =C18 -> 8 | D36: =W18 -> 0 | E36: =AB18 -> 0 | F36: =AC18 -> 0 | G36: =IF(D36="",0,D36-E36) -> 0 | I36: =IF($H18>=25,$G36,IF(I$28<=$H18,$G36,IF(I$28<=($H18*($AD18+1)),$G36,0)))-IF(I$28-1<=($H18*$AD18),$F36,0)*IF(OR($AE18=0,$AE18>25),0,IF(MOD(I$28,$H18)=0,1,0)) -> 0 | J36: =IF($H18>=25,$G36,IF(J$28<=$H18,$G36,IF(J$28<=($H18*($AD18+1)),$G36,0)))-IF(J$28-1<=($H18*$AD18),$F36,0)*IF(OR($AE18=0,$AE18>25),0,IF(MOD(J$28-1,$H18)=0,1,0)) -> 0 | K36: =IF($H18>=25,$G36,IF(K$28<=$H18,$G36,IF(K$28<=($H18*($AD18+1)),$G36,0)))-IF(K$28-1<=($H18*$AD18),$F36,0)*IF(OR($AE18=0,$AE18>25),0,IF(MOD(K$28-1,$H18)=0,1,0)) -> 0 | L36: =IF($H18>=25,$G36,IF(L$28<=$H18,$G36,IF(L$28<=($H18*($AD18+1)),$G36,0)))-IF(L$28-1<=($H18*$AD18),$F36,0)*IF(OR($AE18=0,$AE18>25),0,IF(MOD(L$28-1,$H18)=0,1,0)) -> 0 | M36: =IF($H18>=25,$G36,IF(M$28<=$H18,$G36,IF(M$28<=($H18*($AD18+1)),$G36,0)))-IF(M$28-1<=($H18*$AD18),$F36,0)*IF(OR($AE18=0,$AE18>25),0,IF(MOD(M$28-1,$H18)=0,1,0)) -> 0 | N36: =IF($H18>=25,$G36,IF(N$28<=$H18,$G36,IF(N$28<=($H18*($AD18+1)),$G36,0)))-IF(N$28-1<=($H18*$AD18),$F36,0)*IF(OR($AE18=0,$AE18>25),0,IF(MOD(N$28-1,$H18)=0,1,0)) -> 0 | O36: =IF($H18>=25,$G36,IF(O$28<=$H18,$G36,IF(O$28<=($H18*($AD18+1)),$G36,0)))-IF(O$28-1<=($H18*$AD18),$F36,0)*IF(OR($AE18=0,$AE18>25),0,IF(MOD(O$28-1,$H18)=0,1,0)) -> 0 | P36: =IF($H18>=25,$G36,IF(P$28<=$H18,$G36,IF(P$28<=($H18*($AD18+1)),$G36,0)))-IF(P$28-1<=($H18*$AD18),$F36,0)*IF(OR($AE18=0,$AE18>25),0,IF(MOD(P$28-1,$H18)=0,1,0)) -> 0 | Q36: =IF($H18>=25,$G36,IF(Q$28<=$H18,$G36,IF(Q$28<=($H18*($AD18+1)),$G36,0)))-IF(Q$28-1<=($H18*$AD18),$F36,0)*IF(OR($AE18=0,$AE18>25),0,IF(MOD(Q$28-1,$H18)=0,1,0)) -> 0 | ... AG36: =IF($H18>=25,$G36,IF(AG$28<=$H18,$G36,IF(AG$28<=($H18*($AD18+1)),$G36,0)))-IF(AG$28-1<=($H18*$AD18),$F36,0)*IF(OR($AE18=0,$AE18>25),0,IF(MOD(AG$28-1,$H18)=0,1,0)) -> 0 | AH36: =SUM(I36:AG36) -> 0
C37: =C19 -> 9 | D37: =W19 -> 0 | E37: =AB19 -> 0 | F37: =AC19 -> 0 | G37: =IF(D37="",0,D37-E37) -> 0 | I37: =IF($H19>=25,$G37,IF(I$28<=$H19,$G37,IF(I$28<=($H19*($AD19+1)),$G37,0)))-IF(I$28-1<=($H19*$AD19),$F37,0)*IF(OR($AE19=0,$AE19>25),0,IF(MOD(I$28,$H19)=0,1,0)) -> 0 | J37: =IF($H19>=25,$G37,IF(J$28<=$H19,$G37,IF(J$28<=($H19*($AD19+1)),$G37,0)))-IF(J$28-1<=($H19*$AD19),$F37,0)*IF(OR($AE19=0,$AE19>25),0,IF(MOD(J$28-1,$H19)=0,1,0)) -> 0 | K37: =IF($H19>=25,$G37,IF(K$28<=$H19,$G37,IF(K$28<=($H19*($AD19+1)),$G37,0)))-IF(K$28-1<=($H19*$AD19),$F37,0)*IF(OR($AE19=0,$AE19>25),0,IF(MOD(K$28-1,$H19)=0,1,0)) -> 0 | L37: =IF($H19>=25,$G37,IF(L$28<=$H19,$G37,IF(L$28<=($H19*($AD19+1)),$G37,0)))-IF(L$28-1<=($H19*$AD19),$F37,0)*IF(OR($AE19=0,$AE19>25),0,IF(MOD(L$28-1,$H19)=0,1,0)) -> 0 | M37: =IF($H19>=25,$G37,IF(M$28<=$H19,$G37,IF(M$28<=($H19*($AD19+1)),$G37,0)))-IF(M$28-1<=($H19*$AD19),$F37,0)*IF(OR($AE19=0,$AE19>25),0,IF(MOD(M$28-1,$H19)=0,1,0)) -> 0 | N37: =IF($H19>=25,$G37,IF(N$28<=$H19,$G37,IF(N$28<=($H19*($AD19+1)),$G37,0)))-IF(N$28-1<=($H19*$AD19),$F37,0)*IF(OR($AE19=0,$AE19>25),0,IF(MOD(N$28-1,$H19)=0,1,0)) -> 0 | O37: =IF($H19>=25,$G37,IF(O$28<=$H19,$G37,IF(O$28<=($H19*($AD19+1)),$G37,0)))-IF(O$28-1<=($H19*$AD19),$F37,0)*IF(OR($AE19=0,$AE19>25),0,IF(MOD(O$28-1,$H19)=0,1,0)) -> 0 | P37: =IF($H19>=25,$G37,IF(P$28<=$H19,$G37,IF(P$28<=($H19*($AD19+1)),$G37,0)))-IF(P$28-1<=($H19*$AD19),$F37,0)*IF(OR($AE19=0,$AE19>25),0,IF(MOD(P$28-1,$H19)=0,1,0)) -> 0 | Q37: =IF($H19>=25,$G37,IF(Q$28<=$H19,$G37,IF(Q$28<=($H19*($AD19+1)),$G37,0)))-IF(Q$28-1<=($H19*$AD19),$F37,0)*IF(OR($AE19=0,$AE19>25),0,IF(MOD(Q$28-1,$H19)=0,1,0)) -> 0 | ... AG37: =IF($H19>=25,$G37,IF(AG$28<=$H19,$G37,IF(AG$28<=($H19*($AD19+1)),$G37,0)))-IF(AG$28-1<=($H19*$AD19),$F37,0)*IF(OR($AE19=0,$AE19>25),0,IF(MOD(AG$28-1,$H19)=0,1,0)) -> 0 | AH37: =SUM(I37:AG37) -> 0
C38: =C20 -> 10 | D38: =W20 -> 0 | E38: =AB20 -> 0 | F38: =AC20 -> 0 | G38: =IF(D38="",0,D38-E38) -> 0 | I38: =IF($H20>=25,$G38,IF(I$28<=$H20,$G38,IF(I$28<=($H20*($AD20+1)),$G38,0)))-IF(I$28-1<=($H20*$AD20),$F38,0)*IF(OR($AE20=0,$AE20>25),0,IF(MOD(I$28,$H20)=0,1,0)) -> 0 | J38: =IF($H20>=25,$G38,IF(J$28<=$H20,$G38,IF(J$28<=($H20*($AD20+1)),$G38,0)))-IF(J$28-1<=($H20*$AD20),$F38,0)*IF(OR($AE20=0,$AE20>25),0,IF(MOD(J$28-1,$H20)=0,1,0)) -> 0 | K38: =IF($H20>=25,$G38,IF(K$28<=$H20,$G38,IF(K$28<=($H20*($AD20+1)),$G38,0)))-IF(K$28-1<=($H20*$AD20),$F38,0)*IF(OR($AE20=0,$AE20>25),0,IF(MOD(K$28-1,$H20)=0,1,0)) -> 0 | L38: =IF($H20>=25,$G38,IF(L$28<=$H20,$G38,IF(L$28<=($H20*($AD20+1)),$G38,0)))-IF(L$28-1<=($H20*$AD20),$F38,0)*IF(OR($AE20=0,$AE20>25),0,IF(MOD(L$28-1,$H20)=0,1,0)) -> 0 | M38: =IF($H20>=25,$G38,IF(M$28<=$H20,$G38,IF(M$28<=($H20*($AD20+1)),$G38,0)))-IF(M$28-1<=($H20*$AD20),$F38,0)*IF(OR($AE20=0,$AE20>25),0,IF(MOD(M$28-1,$H20)=0,1,0)) -> 0 | N38: =IF($H20>=25,$G38,IF(N$28<=$H20,$G38,IF(N$28<=($H20*($AD20+1)),$G38,0)))-IF(N$28-1<=($H20*$AD20),$F38,0)*IF(OR($AE20=0,$AE20>25),0,IF(MOD(N$28-1,$H20)=0,1,0)) -> 0 | O38: =IF($H20>=25,$G38,IF(O$28<=$H20,$G38,IF(O$28<=($H20*($AD20+1)),$G38,0)))-IF(O$28-1<=($H20*$AD20),$F38,0)*IF(OR($AE20=0,$AE20>25),0,IF(MOD(O$28-1,$H20)=0,1,0)) -> 0 | P38: =IF($H20>=25,$G38,IF(P$28<=$H20,$G38,IF(P$28<=($H20*($AD20+1)),$G38,0)))-IF(P$28-1<=($H20*$AD20),$F38,0)*IF(OR($AE20=0,$AE20>25),0,IF(MOD(P$28-1,$H20)=0,1,0)) -> 0 | Q38: =IF($H20>=25,$G38,IF(Q$28<=$H20,$G38,IF(Q$28<=($H20*($AD20+1)),$G38,0)))-IF(Q$28-1<=($H20*$AD20),$F38,0)*IF(OR($AE20=0,$AE20>25),0,IF(MOD(Q$28-1,$H20)=0,1,0)) -> 0 | ... AG38: =IF($H20>=25,$G38,IF(AG$28<=$H20,$G38,IF(AG$28<=($H20*($AD20+1)),$G38,0)))-IF(AG$28-1<=($H20*$AD20),$F38,0)*IF(OR($AE20=0,$AE20>25),0,IF(MOD(AG$28-1,$H20)=0,1,0)) -> 0 | AH38: =SUM(I38:AG38) -> 0
H39: Totais | I39: =SUM(I29:I38) -> 0 | J39: =SUM(J29:J38) -> 0 | K39: =SUM(K29:K38) -> 0 | L39: =SUM(L29:L38) -> 0 | M39: =SUM(M29:M38) -> 0 | N39: =SUM(N29:N38) -> 0 | O39: =SUM(O29:O38) -> 0 | P39: =SUM(P29:P38) -> 0 | ... AH39: =SUM(AH29:AH38) -> 0
C41: Nº Medida | D41: Redução Energética [kWh/ano] | G41: Redução Energética [kWh/ano] (ano 1) | I41: 1 | J41: 2 | K41: 3 | L41: 4 | M41: 5 | N41: 6 | O41: 7 | P41: 8 | Q41: 9 | R41: 10 | S41: 11 | T41: 12 | U41: 13 | V41: 14 | W41: 15 | X41: 16 | Y41: 17 | Z41: 18 | AA41: 19 | AB41: 20 | AC41: 21 | AD41: 22 | AE41: 23 | AF41: 24 | AG41: 25 | AH41: Total (até 25 anos)
C42: =C29 -> 1 | D42: =V10 -> 0 | G42: =IF(D42="","",D42-E42-F42) -> 0 | I42: =IF($H10>=25,$G42,IF(I$41<=$H10,$G42,IF(I$41<=($H10*($AD10+1)),$G42,0))) -> 0 | J42: =IF($H10>=25,$G42,IF(J$41<=$H10,$G42,IF(J$41<=($H10*($AD10+1)),$G42,0))) -> 0 | K42: =IF($H10>=25,$G42,IF(K$41<=$H10,$G42,IF(K$41<=($H10*($AD10+1)),$G42,0))) -> 0 | L42: =IF($H10>=25,$G42,IF(L$41<=$H10,$G42,IF(L$41<=($H10*($AD10+1)),$G42,0))) -> 0 | M42: =IF($H10>=25,$G42,IF(M$41<=$H10,$G42,IF(M$41<=($H10*($AD10+1)),$G42,0))) -> 0 | N42: =IF($H10>=25,$G42,IF(N$41<=$H10,$G42,IF(N$41<=($H10*($AD10+1)),$G42,0))) -> 0 | O42: =IF($H10>=25,$G42,IF(O$41<=$H10,$G42,IF(O$41<=($H10*($AD10+1)),$G42,0))) -> 0 | P42: =IF($H10>=25,$G42,IF(P$41<=$H10,$G42,IF(P$41<=($H10*($AD10+1)),$G42,0))) -> 0 | ... AG42: =IF($H10>=25,$G42,IF(AG$41<=$H10,$G42,IF(AG$41<=($H10*($AD10+1)),$G42,0))) -> 0 | AH42: =SUM(I42:AG42) -> 0
C43: =C30 -> 2 | D43: =V11 -> 0 | G43: =IF(D43="","",D43-E43-F43) -> 0 | I43: =IF($H11>=25,$G43,IF(I$41<=$H11,$G43,IF(I$41<=($H11*($AD11+1)),$G43,0))) -> 0 | J43: =IF($H11>=25,$G43,IF(J$41<=$H11,$G43,IF(J$41<=($H11*($AD11+1)),$G43,0))) -> 0 | K43: =IF($H11>=25,$G43,IF(K$41<=$H11,$G43,IF(K$41<=($H11*($AD11+1)),$G43,0))) -> 0 | L43: =IF($H11>=25,$G43,IF(L$41<=$H11,$G43,IF(L$41<=($H11*($AD11+1)),$G43,0))) -> 0 | M43: =IF($H11>=25,$G43,IF(M$41<=$H11,$G43,IF(M$41<=($H11*($AD11+1)),$G43,0))) -> 0 | N43: =IF($H11>=25,$G43,IF(N$41<=$H11,$G43,IF(N$41<=($H11*($AD11+1)),$G43,0))) -> 0 | O43: =IF($H11>=25,$G43,IF(O$41<=$H11,$G43,IF(O$41<=($H11*($AD11+1)),$G43,0))) -> 0 | P43: =IF($H11>=25,$G43,IF(P$41<=$H11,$G43,IF(P$41<=($H11*($AD11+1)),$G43,0))) -> 0 | ... AG43: =IF($H11>=25,$G43,IF(AG$41<=$H11,$G43,IF(AG$41<=($H11*($AD11+1)),$G43,0))) -> 0 | AH43: =SUM(I43:AG43) -> 0
C44: =C31 -> 3 | D44: =V12 -> 0 | G44: =IF(D44="","",D44-E44-F44) -> 0 | I44: =IF($H12>=25,$G44,IF(I$41<=$H12,$G44,IF(I$41<=($H12*($AD12+1)),$G44,0))) -> 0 | J44: =IF($H12>=25,$G44,IF(J$41<=$H12,$G44,IF(J$41<=($H12*($AD12+1)),$G44,0))) -> 0 | K44: =IF($H12>=25,$G44,IF(K$41<=$H12,$G44,IF(K$41<=($H12*($AD12+1)),$G44,0))) -> 0 | L44: =IF($H12>=25,$G44,IF(L$41<=$H12,$G44,IF(L$41<=($H12*($AD12+1)),$G44,0))) -> 0 | M44: =IF($H12>=25,$G44,IF(M$41<=$H12,$G44,IF(M$41<=($H12*($AD12+1)),$G44,0))) -> 0 | N44: =IF($H12>=25,$G44,IF(N$41<=$H12,$G44,IF(N$41<=($H12*($AD12+1)),$G44,0))) -> 0 | O44: =IF($H12>=25,$G44,IF(O$41<=$H12,$G44,IF(O$41<=($H12*($AD12+1)),$G44,0))) -> 0 | P44: =IF($H12>=25,$G44,IF(P$41<=$H12,$G44,IF(P$41<=($H12*($AD12+1)),$G44,0))) -> 0 | ... AG44: =IF($H12>=25,$G44,IF(AG$41<=$H12,$G44,IF(AG$41<=($H12*($AD12+1)),$G44,0))) -> 0 | AH44: =SUM(I44:AG44) -> 0
C45: =C32 -> 4 | D45: =V13 -> 0 | G45: =IF(D45="","",D45-E45-F45) -> 0 | I45: =IF($H13>=25,$G45,IF(I$41<=$H13,$G45,IF(I$41<=($H13*($AD13+1)),$G45,0))) -> 0 | J45: =IF($H13>=25,$G45,IF(J$41<=$H13,$G45,IF(J$41<=($H13*($AD13+1)),$G45,0))) -> 0 | K45: =IF($H13>=25,$G45,IF(K$41<=$H13,$G45,IF(K$41<=($H13*($AD13+1)),$G45,0))) -> 0 | L45: =IF($H13>=25,$G45,IF(L$41<=$H13,$G45,IF(L$41<=($H13*($AD13+1)),$G45,0))) -> 0 | M45: =IF($H13>=25,$G45,IF(M$41<=$H13,$G45,IF(M$41<=($H13*($AD13+1)),$G45,0))) -> 0 | N45: =IF($H13>=25,$G45,IF(N$41<=$H13,$G45,IF(N$41<=($H13*($AD13+1)),$G45,0))) -> 0 | O45: =IF($H13>=25,$G45,IF(O$41<=$H13,$G45,IF(O$41<=($H13*($AD13+1)),$G45,0))) -> 0 | P45: =IF($H13>=25,$G45,IF(P$41<=$H13,$G45,IF(P$41<=($H13*($AD13+1)),$G45,0))) -> 0 | ... AG45: =IF($H13>=25,$G45,IF(AG$41<=$H13,$G45,IF(AG$41<=($H13*($AD13+1)),$G45,0))) -> 0 | AH45: =SUM(I45:AG45) -> 0
C46: =C33 -> 5 | D46: =V14 -> 0 | G46: =IF(D46="","",D46-E46-F46) -> 0 | I46: =IF($H14>=25,$G46,IF(I$41<=$H14,$G46,IF(I$41<=($H14*($AD14+1)),$G46,0))) -> 0 | J46: =IF($H14>=25,$G46,IF(J$41<=$H14,$G46,IF(J$41<=($H14*($AD14+1)),$G46,0))) -> 0 | K46: =IF($H14>=25,$G46,IF(K$41<=$H14,$G46,IF(K$41<=($H14*($AD14+1)),$G46,0))) -> 0 | L46: =IF($H14>=25,$G46,IF(L$41<=$H14,$G46,IF(L$41<=($H14*($AD14+1)),$G46,0))) -> 0 | M46: =IF($H14>=25,$G46,IF(M$41<=$H14,$G46,IF(M$41<=($H14*($AD14+1)),$G46,0))) -> 0 | N46: =IF($H14>=25,$G46,IF(N$41<=$H14,$G46,IF(N$41<=($H14*($AD14+1)),$G46,0))) -> 0 | O46: =IF($H14>=25,$G46,IF(O$41<=$H14,$G46,IF(O$41<=($H14*($AD14+1)),$G46,0))) -> 0 | P46: =IF($H14>=25,$G46,IF(P$41<=$H14,$G46,IF(P$41<=($H14*($AD14+1)),$G46,0))) -> 0 | ... AG46: =IF($H14>=25,$G46,IF(AG$41<=$H14,$G46,IF(AG$41<=($H14*($AD14+1)),$G46,0))) -> 0 | AH46: =SUM(I46:AG46) -> 0
C47: =C34 -> 6 | D47: =V16 -> 0 | G47: =IF(D47="","",D47-E47-F47) -> 0 | I47: =IF($H16>=25,$G47,IF(I$41<=$H16,$G47,IF(I$41<=($H16*($AD16+1)),$G47,0))) -> 0 | J47: =IF($H16>=25,$G47,IF(J$41<=$H16,$G47,IF(J$41<=($H16*($AD16+1)),$G47,0))) -> 0 | K47: =IF($H16>=25,$G47,IF(K$41<=$H16,$G47,IF(K$41<=($H16*($AD16+1)),$G47,0))) -> 0 | L47: =IF($H16>=25,$G47,IF(L$41<=$H16,$G47,IF(L$41<=($H16*($AD16+1)),$G47,0))) -> 0 | M47: =IF($H16>=25,$G47,IF(M$41<=$H16,$G47,IF(M$41<=($H16*($AD16+1)),$G47,0))) -> 0 | N47: =IF($H16>=25,$G47,IF(N$41<=$H16,$G47,IF(N$41<=($H16*($AD16+1)),$G47,0))) -> 0 | O47: =IF($H16>=25,$G47,IF(O$41<=$H16,$G47,IF(O$41<=($H16*($AD16+1)),$G47,0))) -> 0 | P47: =IF($H16>=25,$G47,IF(P$41<=$H16,$G47,IF(P$41<=($H16*($AD16+1)),$G47,0))) -> 0 | ... AG47: =IF($H16>=25,$G47,IF(AG$41<=$H16,$G47,IF(AG$41<=($H16*($AD16+1)),$G47,0))) -> 0 | AH47: =SUM(I47:AG47) -> 0
C48: =C35 -> 7 | D48: =V17 -> 0 | G48: =IF(D48="","",D48-E48-F48) -> 0 | I48: =IF($H17>=25,$G48,IF(I$41<=$H17,$G48,IF(I$41<=($H17*($AD17+1)),$G48,0))) -> 0 | J48: =IF($H17>=25,$G48,IF(J$41<=$H17,$G48,IF(J$41<=($H17*($AD17+1)),$G48,0))) -> 0 | K48: =IF($H17>=25,$G48,IF(K$41<=$H17,$G48,IF(K$41<=($H17*($AD17+1)),$G48,0))) -> 0 | L48: =IF($H17>=25,$G48,IF(L$41<=$H17,$G48,IF(L$41<=($H17*($AD17+1)),$G48,0))) -> 0 | M48: =IF($H17>=25,$G48,IF(M$41<=$H17,$G48,IF(M$41<=($H17*($AD17+1)),$G48,0))) -> 0 | N48: =IF($H17>=25,$G48,IF(N$41<=$H17,$G48,IF(N$41<=($H17*($AD17+1)),$G48,0))) -> 0 | O48: =IF($H17>=25,$G48,IF(O$41<=$H17,$G48,IF(O$41<=($H17*($AD17+1)),$G48,0))) -> 0 | P48: =IF($H17>=25,$G48,IF(P$41<=$H17,$G48,IF(P$41<=($H17*($AD17+1)),$G48,0))) -> 0 | ... AG48: =IF($H17>=25,$G48,IF(AG$41<=$H17,$G48,IF(AG$41<=($H17*($AD17+1)),$G48,0))) -> 0 | AH48: =SUM(I48:AG48) -> 0
C49: =C36 -> 8 | D49: =V18 -> 0 | G49: =IF(D49="","",D49-E49-F49) -> 0 | I49: =IF($H18>=25,$G49,IF(I$41<=$H18,$G49,IF(I$41<=($H18*($AD18+1)),$G49,0))) -> 0 | J49: =IF($H18>=25,$G49,IF(J$41<=$H18,$G49,IF(J$41<=($H18*($AD18+1)),$G49,0))) -> 0 | K49: =IF($H18>=25,$G49,IF(K$41<=$H18,$G49,IF(K$41<=($H18*($AD18+1)),$G49,0))) -> 0 | L49: =IF($H18>=25,$G49,IF(L$41<=$H18,$G49,IF(L$41<=($H18*($AD18+1)),$G49,0))) -> 0 | M49: =IF($H18>=25,$G49,IF(M$41<=$H18,$G49,IF(M$41<=($H18*($AD18+1)),$G49,0))) -> 0 | N49: =IF($H18>=25,$G49,IF(N$41<=$H18,$G49,IF(N$41<=($H18*($AD18+1)),$G49,0))) -> 0 | O49: =IF($H18>=25,$G49,IF(O$41<=$H18,$G49,IF(O$41<=($H18*($AD18+1)),$G49,0))) -> 0 | P49: =IF($H18>=25,$G49,IF(P$41<=$H18,$G49,IF(P$41<=($H18*($AD18+1)),$G49,0))) -> 0 | ... AG49: =IF($H18>=25,$G49,IF(AG$41<=$H18,$G49,IF(AG$41<=($H18*($AD18+1)),$G49,0))) -> 0 | AH49: =SUM(I49:AG49) -> 0
C50: =C37 -> 9 | D50: =V19 -> 0 | G50: =IF(D50="","",D50-E50-F50) -> 0 | I50: =IF($H19>=25,$G50,IF(I$41<=$H19,$G50,IF(I$41<=($H19*($AD19+1)),$G50,0))) -> 0 | J50: =IF($H19>=25,$G50,IF(J$41<=$H19,$G50,IF(J$41<=($H19*($AD19+1)),$G50,0))) -> 0 | K50: =IF($H19>=25,$G50,IF(K$41<=$H19,$G50,IF(K$41<=($H19*($AD19+1)),$G50,0))) -> 0 | L50: =IF($H19>=25,$G50,IF(L$41<=$H19,$G50,IF(L$41<=($H19*($AD19+1)),$G50,0))) -> 0 | M50: =IF($H19>=25,$G50,IF(M$41<=$H19,$G50,IF(M$41<=($H19*($AD19+1)),$G50,0))) -> 0 | N50: =IF($H19>=25,$G50,IF(N$41<=$H19,$G50,IF(N$41<=($H19*($AD19+1)),$G50,0))) -> 0 | O50: =IF($H19>=25,$G50,IF(O$41<=$H19,$G50,IF(O$41<=($H19*($AD19+1)),$G50,0))) -> 0 | P50: =IF($H19>=25,$G50,IF(P$41<=$H19,$G50,IF(P$41<=($H19*($AD19+1)),$G50,0))) -> 0 | ... AG50: =IF($H19>=25,$G50,IF(AG$41<=$H19,$G50,IF(AG$41<=($H19*($AD19+1)),$G50,0))) -> 0 | AH50: =SUM(I50:AG50) -> 0
C51: =C38 -> 10 | D51: =V20 -> 0 | G51: =IF(D51="","",D51-E51-F51) -> 0 | I51: =IF($H20>=25,$G51,IF(I$41<=$H20,$G51,IF(I$41<=($H20*($AD20+1)),$G51,0))) -> 0 | J51: =IF($H20>=25,$G51,IF(J$41<=$H20,$G51,IF(J$41<=($H20*($AD20+1)),$G51,0))) -> 0 | K51: =IF($H20>=25,$G51,IF(K$41<=$H20,$G51,IF(K$41<=($H20*($AD20+1)),$G51,0))) -> 0 | L51: =IF($H20>=25,$G51,IF(L$41<=$H20,$G51,IF(L$41<=($H20*($AD20+1)),$G51,0))) -> 0 | M51: =IF($H20>=25,$G51,IF(M$41<=$H20,$G51,IF(M$41<=($H20*($AD20+1)),$G51,0))) -> 0 | N51: =IF($H20>=25,$G51,IF(N$41<=$H20,$G51,IF(N$41<=($H20*($AD20+1)),$G51,0))) -> 0 | O51: =IF($H20>=25,$G51,IF(O$41<=$H20,$G51,IF(O$41<=($H20*($AD20+1)),$G51,0))) -> 0 | P51: =IF($H20>=25,$G51,IF(P$41<=$H20,$G51,IF(P$41<=($H20*($AD20+1)),$G51,0))) -> 0 | ... AG51: =IF($H20>=25,$G51,IF(AG$41<=$H20,$G51,IF(AG$41<=($H20*($AD20+1)),$G51,0))) -> 0 | AH51: =SUM(O51:AG51) -> 0
H52: Totais | I52: =SUM(I42:I51) -> 0 | J52: =SUM(J42:J51) -> 0 | K52: =SUM(K42:K51) -> 0 | L52: =SUM(L42:L51) -> 0 | M52: =SUM(M42:M51) -> 0 | N52: =SUM(N42:N51) -> 0 | O52: =SUM(O42:O51) -> 0 | P52: =SUM(P42:P51) -> 0 | ... AH52: =SUM(AH42:AH51) -> 0
AJ106: 76
AJ107: 77
AJ108: 78

Sheet 3. Medidas a).ii)
C3: Tipo de Medidas:
C4: ii) Intervenções na envolvente envidraçada dos edifícios, nomeadamente através da substituição de caixilharia com vidro simples, e caixilharia com vidro duplo sem corte térmico, por caixilharia com vidro duplo e corte térmico, ou solução equivalente em termos de desempenho energético, e respetivos dispositivos de sombreamento;
C5: Identificação das medidas a implementar:
I6: Antes da implementação | Q6: Depois da implementação | AF6: Investimento
G7: Área total a intervencionar | H7: Vida Util Equipamento | I7: Consumo estimado [kWh] | O7: Consumo de Energia Primária | P7: Custo Energético | Q7: Redução de consumo esperado com aplicação da medida [kWh] | W7: Redução de fatura esperada com aplicação da medida | X7: Poupança prevista | Y7: Redução de Energia Primária | AA7: Redução das emissões de CO2 | AB7: Custo Manutenção e Operação anual (se aplicável) | AC7: Custo de reinvestimento por substituição (se aplicável) | AD7: Número de reinvestimentos previstos (se aplicável) | AE7: Ano em que ocorre a primeira substituiçao do Equipamento | AF7: Valor estimado de Investimento (sem IVA) | AG7: IVA associado (se despesa elegivel) | AH7: Valor máx. elegível por aplicação de Custo Padrão (sem IVA) | AI7: Despesa Elegivel Corrigida | AJ7: Payback
C8: Medida Nº | D8: Descrição da medida | E8: Medida de Melhoria incluida na avaliação do cenário final do CE? | F8: Descrição da solução técnica | G8: [m2] | H8: [anos] | I8: ='1. Identificação Ben. Oper.'!D34 -> Energia Elétrica | J8: =IF('1. Identificação Ben. Oper.'!E34="","",'1. Identificação Ben. Oper.'!E34) | K8: =IF('1. Identificação Ben. Oper.'!F34="","",'1. Identificação Ben. Oper.'!F34) | L8: =IF('1. Identificação Ben. Oper.'!G34="","",'1. Identificação Ben. Oper.'!G34) | M8: =IF('1. Identificação Ben. Oper.'!H34="","",'1. Identificação Ben. Oper.'!H34) | N8: Total | O8: [tep/ano] | P8: [€/ano] | Q8: =+I8 -> Energia Elétrica | R8: =+J8 | S8: =+K8 | T8: =+L8 | U8: =+M8 | V8: =+N8 -> Total | W8: [€/ano] | X8: [%] | Y8: [kWhEP/ano] | Z8: [tep/ano] | AA8: [ton/ano] | AB8: [€/ano] | AC8: [€] | AD8: [unidades] | AE8: [ano] | AF8: [€] | AG8: [€] | AH8: [€] | AI8: [€] | AJ8: [anos]
C9: Medidas identificadas na tabela dos custos - padrão por tecnologia (DGEG)
C10: 1 | H10: =IF(F10="","",VLOOKUP(F10,'Valores-Padrão'!$C$8:$F$11,4,FALSE)) | N10: =+SUM(I10:M10) -> 0 | O10: =+VLOOKUP($I$8,'Fatores de conversão'!$A$5:$I$13,6,FALSE)*I10+VLOOKUP($J$8,'Fatores de conversão'!$A$5:$I$13,6,FALSE)*J10+VLOOKUP($K$8,'Fatores de conversão'!$A$5:$I$13,6,FALSE)*K10+VLOOKUP($L$8,'Fatores de conversão'!$A$5:$I$13,6,FALSE)*L10+VLOOKUP($M$8,'Fatores de conversão'!$A$5:$I$13,6,FALSE)*M10 -> 0 | P10: =+SUMPRODUCT('1. Identificação Ben. Oper.'!$D$38:$H$38,I10:M10) -> 0 | V10: =+SUM(Q10:U10) -> 0 | W10: =+SUMPRODUCT('1. Identificação Ben. Oper.'!$D$38:$H$38,Q10:U10) -> 0 | X10: =IF(N10=0,0,V10/N10) -> 0 | Y10: =+VLOOKUP($Q$8,'Fatores de conversão'!$A$5:$I$13,3,FALSE)*Q10+VLOOKUP($R$8,'Fatores de conversão'!$A$5:$I$13,3,FALSE)*R10+VLOOKUP($S$8,'Fatores de conversão'!$A$5:$I$13,3,FALSE)*S10+VLOOKUP($T$8,'Fatores de conversão'!$A$5:$I$13,3,FALSE)*T10+VLOOKUP($U$8,'Fatores de conversão'!$A$5:$I$13,3,FALSE)*U10 -> 0 | Z10: =+VLOOKUP($Q$8,'Fatores de conversão'!$A$5:$I$13,6,FALSE)*Q10+VLOOKUP($R$8,'Fatores de conversão'!$A$5:$I$13,6,FALSE)*R10+VLOOKUP($S$8,'Fatores de conversão'!$A$5:$I$13,6,FALSE)*S10+VLOOKUP($T$8,'Fatores de conversão'!$A$5:$I$13,6,FALSE)*T10+VLOOKUP($U$8,'Fatores de conversão'!$A$5:$I$13,6,FALSE)*U10 -> 0 | AA10: =(VLOOKUP($Q$8,'Fatores de conversão'!$A$5:$I$13,9,FALSE)*Q10+VLOOKUP($R$8,'Fatores de conversão'!$A$5:$I$13,9,FALSE)*R10+VLOOKUP($S$8,'Fatores de conversão'!$A$5:$I$13,9,FALSE)*S10+VLOOKUP($T$8,'Fatores de conversão'!$A$5:$I$13,9,FALSE)*T10+VLOOKUP($U$8,'Fatores de conversão'!$A$5:$I$13,9,FALSE)*U10)/1000 -> 0 | AE10: =IF(OR(AC10="",AC10=0),0,IF(OR(AD10="",AD10=0),0,H10+1)) -> 0 | AH10: =IF(F10="","",VLOOKUP(F10,'Valores-Padrão'!$C$8:$F$11,3,FALSE)*G10) | AI10: =IF(AF10=0,0,IF(AF10<(AH10),AF10+AG10,((AH10)+((AG10/AF10)*AH10)))) -> 0 | AJ10: =IF(W10=0,0,(AF10+AG10)/W10) -> 0
C11: 2 | H11: =IF(F11="","",VLOOKUP(F11,'Valores-Padrão'!$C$8:$F$11,4,FALSE)) | N11: =+SUM(I11:M11) -> 0 | O11: =+VLOOKUP($I$8,'Fatores de conversão'!$A$5:$I$13,6,FALSE)*I11+VLOOKUP($J$8,'Fatores de conversão'!$A$5:$I$13,6,FALSE)*J11+VLOOKUP($K$8,'Fatores de conversão'!$A$5:$I$13,6,FALSE)*K11+VLOOKUP($L$8,'Fatores de conversão'!$A$5:$I$13,6,FALSE)*L11+VLOOKUP($M$8,'Fatores de conversão'!$A$5:$I$13,6,FALSE)*M11 -> 0 | P11: =+SUMPRODUCT('1. Identificação Ben. Oper.'!$D$38:$H$38,I11:M11) -> 0 | V11: =+SUM(Q11:U11) -> 0 | W11: =+SUMPRODUCT('1. Identificação Ben. Oper.'!$D$38:$H$38,Q11:U11) -> 0 | X11: =IF(N11=0,0,V11/N11) -> 0 | Y11: =+VLOOKUP($Q$8,'Fatores de conversão'!$A$5:$I$13,3,FALSE)*Q11+VLOOKUP($R$8,'Fatores de conversão'!$A$5:$I$13,3,FALSE)*R11+VLOOKUP($S$8,'Fatores de conversão'!$A$5:$I$13,3,FALSE)*S11+VLOOKUP($T$8,'Fatores de conversão'!$A$5:$I$13,3,FALSE)*T11+VLOOKUP($U$8,'Fatores de conversão'!$A$5:$I$13,3,FALSE)*U11 -> 0 | Z11: =+VLOOKUP($Q$8,'Fatores de conversão'!$A$5:$I$13,6,FALSE)*Q11+VLOOKUP($R$8,'Fatores de conversão'!$A$5:$I$13,6,FALSE)*R11+VLOOKUP($S$8,'Fatores de conversão'!$A$5:$I$13,6,FALSE)*S11+VLOOKUP($T$8,'Fatores de conversão'!$A$5:$I$13,6,FALSE)*T11+VLOOKUP($U$8,'Fatores de conversão'!$A$5:$I$13,6,FALSE)*U11 -> 0 | AA11: =(VLOOKUP($Q$8,'Fatores de conversão'!$A$5:$I$13,9,FALSE)*Q11+VLOOKUP($R$8,'Fatores de conversão'!$A$5:$I$13,9,FALSE)*R11+VLOOKUP($S$8,'Fatores de conversão'!$A$5:$I$13,9,FALSE)*S11+VLOOKUP($T$8,'Fatores de conversão'!$A$5:$I$13,9,FALSE)*T11+VLOOKUP($U$8,'Fatores de conversão'!$A$5:$I$13,9,FALSE)*U11)/1000 -> 0 | AE11: =IF(OR(AC11="",AC11=0),0,IF(OR(AD11="",AD11=0),0,H11+1)) -> 0 | AH11: =IF(F11="","",VLOOKUP(F11,'Valores-Padrão'!$C$8:$F$11,3,FALSE)*G11) | AI11: =IF(AF11=0,0,IF(AF11<(AH11),AF11+AG11,((AH11)+((AG11/AF11)*AH11)))) -> 0 | AJ11: =IF(W11=0,0,(AF11+AG11)/W11) -> 0
C12: 3 | H12: =IF(F12="","",VLOOKUP(F12,'Valores-Padrão'!$C$8:$F$11,4,FALSE)) | N12: =+SUM(I12:M12) -> 0 | O12: =+VLOOKUP($I$8,'Fatores de conversão'!$A$5:$I$13,6,FALSE)*I12+VLOOKUP($J$8,'Fatores de conversão'!$A$5:$I$13,6,FALSE)*J12+VLOOKUP($K$8,'Fatores de conversão'!$A$5:$I$13,6,FALSE)*K12+VLOOKUP($L$8,'Fatores de conversão'!$A$5:$I$13,6,FALSE)*L12+VLOOKUP($M$8,'Fatores de conversão'!$A$5:$I$13,6,FALSE)*M12 -> 0 | P12: =+SUMPRODUCT('1. Identificação Ben. Oper.'!$D$38:$H$38,I12:M12) -> 0 | V12: =+SUM(Q12:U12) -> 0 | W12: =+SUMPRODUCT('1. Identificação Ben. Oper.'!$D$38:$H$38,Q12:U12) -> 0 | X12: =IF(N12=0,0,V12/N12) -> 0 | Y12: =+VLOOKUP($Q$8,'Fatores de conversão'!$A$5:$I$13,3,FALSE)*Q12+VLOOKUP($R$8,'Fatores de conversão'!$A$5:$I$13,3,FALSE)*R12+VLOOKUP($S$8,'Fatores de conversão'!$A$5:$I$13,3,FALSE)*S12+VLOOKUP($T$8,'Fatores de conversão'!$A$5:$I$13,3,FALSE)*T12+VLOOKUP($U$8,'Fatores de conversão'!$A$5:$I$13,3,FALSE)*U12 -> 0 | Z12: =+VLOOKUP($Q$8,'Fatores de conversão'!$A$5:$I$13,6,FALSE)*Q12+VLOOKUP($R$8,'Fatores de conversão'!$A$5:$I$13,6,FALSE)*R12+VLOOKUP($S$8,'Fatores de conversão'!$A$5:$I$13,6,FALSE)*S12+VLOOKUP($T$8,'Fatores de conversão'!$A$5:$I$13,6,FALSE)*T12+VLOOKUP($U$8,'Fatores de conversão'!$A$5:$I$13,6,FALSE)*U12 -> 0 | AA12: =(VLOOKUP($Q$8,'Fatores de conversão'!$A$5:$I$13,9,FALSE)*Q12+VLOOKUP($R$8,'Fatores de conversão'!$A$5:$I$13,9,FALSE)*R12+VLOOKUP($S$8,'Fatores de conversão'!$A$5:$I$13,9,FALSE)*S12+VLOOKUP($T$8,'Fatores de conversão'!$A$5:$I$13,9,FALSE)*T12+VLOOKUP($U$8,'Fatores de conversão'!$A$5:$I$13,9,FALSE)*U12)/1000 -> 0 | AE12: =IF(OR(AC12="",AC12=0),0,IF(OR(AD12="",AD12=0),0,H12+1)) -> 0 | AH12: =IF(F12="","",VLOOKUP(F12,'Valores-Padrão'!$C$8:$F$11,3,FALSE)*G12) | AI12: =IF(AF12=0,0,IF(AF12<(AH12),AF12+AG12,((AH12)+((AG12/AF12)*AH12)))) -> 0 | AJ12: =IF(W12=0,0,(AF12+AG12)/W12) -> 0
C13: 4 | H13: =IF(F13="","",VLOOKUP(F13,'Valores-Padrão'!$C$8:$F$11,4,FALSE)) | N13: =+SUM(I13:M13) -> 0 | O13: =+VLOOKUP($I$8,'Fatores de conversão'!$A$5:$I$13,6,FALSE)*I13+VLOOKUP($J$8,'Fatores de conversão'!$A$5:$I$13,6,FALSE)*J13+VLOOKUP($K$8,'Fatores de conversão'!$A$5:$I$13,6,FALSE)*K13+VLOOKUP($L$8,'Fatores de conversão'!$A$5:$I$13,6,FALSE)*L13+VLOOKUP($M$8,'Fatores de conversão'!$A$5:$I$13,6,FALSE)*M13 -> 0 | P13: =+SUMPRODUCT('1. Identificação Ben. Oper.'!$D$38:$H$38,I13:M13) -> 0 | V13: =+SUM(Q13:U13) -> 0 | W13: =+SUMPRODUCT('1. Identificação Ben. Oper.'!$D$38:$H$38,Q13:U13) -> 0 | X13: =IF(N13=0,0,V13/N13) -> 0 | Y13: =+VLOOKUP($Q$8,'Fatores de conversão'!$A$5:$I$13,3,FALSE)*Q13+VLOOKUP($R$8,'Fatores de conversão'!$A$5:$I$13,3,FALSE)*R13+VLOOKUP($S$8,'Fatores de conversão'!$A$5:$I$13,3,FALSE)*S13+VLOOKUP($T$8,'Fatores de conversão'!$A$5:$I$13,3,FALSE)*T13+VLOOKUP($U$8,'Fatores de conversão'!$A$5:$I$13,3,FALSE)*U13 -> 0 | Z13: =+VLOOKUP($Q$8,'Fatores de conversão'!$A$5:$I$13,6,FALSE)*Q13+VLOOKUP($R$8,'Fatores de conversão'!$A$5:$I$13,6,FALSE)*R13+VLOOKUP($S$8,'Fatores de conversão'!$A$5:$I$13,6,FALSE)*S13+VLOOKUP($T$8,'Fatores de conversão'!$A$5:$I$13,6,FALSE)*T13+VLOOKUP($U$8,'Fatores de conversão'!$A$5:$I$13,6,FALSE)*U13 -> 0 | AA13: =(VLOOKUP($Q$8,'Fatores de conversão'!$A$5:$I$13,9,FALSE)*Q13+VLOOKUP($R$8,'Fatores de conversão'!$A$5:$I$13,9,FALSE)*R13+VLOOKUP($S$8,'Fatores de conversão'!$A$5:$I$13,9,FALSE)*S13+VLOOKUP($T$8,'Fatores de conversão'!$A$5:$I$13,9,FALSE)*T13+VLOOKUP($U$8,'Fatores de conversão'!$A$5:$I$13,9,FALSE)*U13)/1000 -> 0 | AE13: =IF(OR(AC13="",AC13=0),0,IF(OR(AD13="",AD13=0),0,H13+1)) -> 0 | AH13: =IF(F13="","",VLOOKUP(F13,'Valores-Padrão'!$C$8:$F$11,3,FALSE)*G13) | AI13: =IF(AF13=0,0,IF(AF13<(AH13),AF13+AG13,((AH13)+((AG13/AF13)*AH13)))) -> 0 | AJ13: =IF(W13=0,0,(AF13+AG13)/W13) -> 0
C14: 5 | H14: =IF(F14="","",VLOOKUP(F14,'Valores-Padrão'!$C$8:$F$11,4,FALSE)) | N14: =+SUM(I14:M14) -> 0 | O14: =+VLOOKUP($I$8,'Fatores de conversão'!$A$5:$I$13,6,FALSE)*I14+VLOOKUP($J$8,'Fatores de conversão'!$A$5:$I$13,6,FALSE)*J14+VLOOKUP($K$8,'Fatores de conversão'!$A$5:$I$13,6,FALSE)*K14+VLOOKUP($L$8,'Fatores de conversão'!$A$5:$I$13,6,FALSE)*L14+VLOOKUP($M$8,'Fatores de conversão'!$A$5:$I$13,6,FALSE)*M14 -> 0 | P14: =+SUMPRODUCT('1. Identificação Ben. Oper.'!$D$38:$H$38,I14:M14) -> 0 | V14: =+SUM(Q14:U14) -> 0 | W14: =+SUMPRODUCT('1. Identificação Ben. Oper.'!$D$38:$H$38,Q14:U14) -> 0 | X14: =IF(N14=0,0,V14/N14) -> 0 | Y14: =+VLOOKUP($Q$8,'Fatores de conversão'!$A$5:$I$13,3,FALSE)*Q14+VLOOKUP($R$8,'Fatores de conversão'!$A$5:$I$13,3,FALSE)*R14+VLOOKUP($S$8,'Fatores de conversão'!$A$5:$I$13,3,FALSE)*S14+VLOOKUP($T$8,'Fatores de conversão'!$A$5:$I$13,3,FALSE)*T14+VLOOKUP($U$8,'Fatores de conversão'!$A$5:$I$13,3,FALSE)*U14 -> 0 | Z14: =+VLOOKUP($Q$8,'Fatores de conversão'!$A$5:$I$13,6,FALSE)*Q14+VLOOKUP($R$8,'Fatores de conversão'!$A$5:$I$13,6,FALSE)*R14+VLOOKUP($S$8,'Fatores de conversão'!$A$5:$I$13,6,FALSE)*S14+VLOOKUP($T$8,'Fatores de conversão'!$A$5:$I$13,6,FALSE)*T14+VLOOKUP($U$8,'Fatores de conversão'!$A$5:$I$13,6,FALSE)*U14 -> 0 | AA14: =(VLOOKUP($Q$8,'Fatores de conversão'!$A$5:$I$13,9,FALSE)*Q14+VLOOKUP($R$8,'Fatores de conversão'!$A$5:$I$13,9,FALSE)*R14+VLOOKUP($S$8,'Fatores de conversão'!$A$5:$I$13,9,FALSE)*S14+VLOOKUP($T$8,'Fatores de conversão'!$A$5:$I$13,9,FALSE)*T14+VLOOKUP($U$8,'Fatores de conversão'!$A$5:$I$13,9,FALSE)*U14)/1000 -> 0 | AE14: =IF(OR(AC14="",AC14=0),0,IF(OR(AD14="",AD14=0),0,H14+1)) -> 0 | AH14: =IF(F14="","",VLOOKUP(F14,'Valores-Padrão'!$C$8:$F$11,3,FALSE)*G14) | AI14: =IF(AF14=0,0,IF(AF14<(AH14),AF14+AG14,((AH14)+((AG14/AF14)*AH14)))) -> 0 | AJ14: =IF(W14=0,0,(AF14+AG14)/W14) -> 0
C15: Restantes medidas não identificadas na tabela dos custos - padrão por tecnologia (DGEG)
C16: 6 | N16: =+SUM(I16:M16) -> 0 | O16: =+VLOOKUP($I$8,'Fatores de conversão'!$A$5:$I$13,6,FALSE)*I16+VLOOKUP($J$8,'Fatores de conversão'!$A$5:$I$13,6,FALSE)*J16+VLOOKUP($K$8,'Fatores de conversão'!$A$5:$I$13,6,FALSE)*K16+VLOOKUP($L$8,'Fatores de conversão'!$A$5:$I$13,6,FALSE)*L16+VLOOKUP($M$8,'Fatores de conversão'!$A$5:$I$13,6,FALSE)*M16 -> 0 | P16: =+SUMPRODUCT('1. Identificação Ben. Oper.'!$D$38:$H$38,I16:M16) -> 0 | V16: =+SUM(Q16:U16) -> 0 | W16: =+SUMPRODUCT('1. Identificação Ben. Oper.'!$D$38:$H$38,Q16:U16) -> 0 | X16: =IF(N16=0,0,V16/N16) -> 0 | Y16: =+VLOOKUP($Q$8,'Fatores de conversão'!$A$5:$I$13,3,FALSE)*Q16+VLOOKUP($R$8,'Fatores de conversão'!$A$5:$I$13,3,FALSE)*R16+VLOOKUP($S$8,'Fatores de conversão'!$A$5:$I$13,3,FALSE)*S16+VLOOKUP($T$8,'Fatores de conversão'!$A$5:$I$13,3,FALSE)*T16+VLOOKUP($U$8,'Fatores de conversão'!$A$5:$I$13,3,FALSE)*U16 -> 0 | Z16: =+VLOOKUP($Q$8,'Fatores de conversão'!$A$5:$I$13,6,FALSE)*Q16+VLOOKUP($R$8,'Fatores de conversão'!$A$5:$I$13,6,FALSE)*R16+VLOOKUP($S$8,'Fatores de conversão'!$A$5:$I$13,6,FALSE)*S16+VLOOKUP($T$8,'Fatores de conversão'!$A$5:$I$13,6,FALSE)*T16+VLOOKUP($U$8,'Fatores de conversão'!$A$5:$I$13,6,FALSE)*U16 -> 0 | AA16: =(VLOOKUP($Q$8,'Fatores de conversão'!$A$5:$I$13,9,FALSE)*Q16+VLOOKUP($R$8,'Fatores de conversão'!$A$5:$I$13,9,FALSE)*R16+VLOOKUP($S$8,'Fatores de conversão'!$A$5:$I$13,9,FALSE)*S16+VLOOKUP($T$8,'Fatores de conversão'!$A$5:$I$13,9,FALSE)*T16+VLOOKUP($U$8,'Fatores de conversão'!$A$5:$I$13,9,FALSE)*U16)/1000 -> 0 | AE16: =IF(OR(AC16="",AC16=0),0,IF(OR(AD16="",AD16=0),0,H16+1)) -> 0 | AH16: - | AI16: =IF(AF16=0,0,IF(AF16<(AH16),AF16+AG16,((AH16)+((AG16/AF16)*AH16)))) -> 0 | AJ16: =IF(W16=0,0,(AF16+AG16)/W16) -> 0
C17: 7 | N17: =+SUM(I17:M17) -> 0 | O17: =+VLOOKUP($I$8,'Fatores de conversão'!$A$5:$I$13,6,FALSE)*I17+VLOOKUP($J$8,'Fatores de conversão'!$A$5:$I$13,6,FALSE)*J17+VLOOKUP($K$8,'Fatores de conversão'!$A$5:$I$13,6,FALSE)*K17+VLOOKUP($L$8,'Fatores de conversão'!$A$5:$I$13,6,FALSE)*L17+VLOOKUP($M$8,'Fatores de conversão'!$A$5:$I$13,6,FALSE)*M17 -> 0 | P17: =+SUMPRODUCT('1. Identificação Ben. Oper.'!$D$38:$H$38,I17:M17) -> 0 | V17: =+SUM(Q17:U17) -> 0 | W17: =+SUMPRODUCT('1. Identificação Ben. Oper.'!$D$38:$H$38,Q17:U17) -> 0 | X17: =IF(N17=0,0,V17/N17) -> 0 | Y17: =+VLOOKUP($Q$8,'Fatores de conversão'!$A$5:$I$13,3,FALSE)*Q17+VLOOKUP($R$8,'Fatores de conversão'!$A$5:$I$13,3,FALSE)*R17+VLOOKUP($S$8,'Fatores de conversão'!$A$5:$I$13,3,FALSE)*S17+VLOOKUP($T$8,'Fatores de conversão'!$A$5:$I$13,3,FALSE)*T17+VLOOKUP($U$8,'Fatores de conversão'!$A$5:$I$13,3,FALSE)*U17 -> 0 | Z17: =+VLOOKUP($Q$8,'Fatores de conversão'!$A$5:$I$13,6,FALSE)*Q17+VLOOKUP($R$8,'Fatores de conversão'!$A$5:$I$13,6,FALSE)*R17+VLOOKUP($S$8,'Fatores de conversão'!$A$5:$I$13,6,FALSE)*S17+VLOOKUP($T$8,'Fatores de conversão'!$A$5:$I$13,6,FALSE)*T17+VLOOKUP($U$8,'Fatores de conversão'!$A$5:$I$13,6,FALSE)*U17 -> 0 | AA17: =(VLOOKUP($Q$8,'Fatores de conversão'!$A$5:$I$13,9,FALSE)*Q17+VLOOKUP($R$8,'Fatores de conversão'!$A$5:$I$13,9,FALSE)*R17+VLOOKUP($S$8,'Fatores de conversão'!$A$5:$I$13,9,FALSE)*S17+VLOOKUP($T$8,'Fatores de conversão'!$A$5:$I$13,9,FALSE)*T17+VLOOKUP($U$8,'Fatores de conversão'!$A$5:$I$13,9,FALSE)*U17)/1000 -> 0 | AE17: =IF(OR(AC17="",AC17=0),0,IF(OR(AD17="",AD17=0),0,H17+1)) -> 0 | AH17: - | AI17: =IF(AF17=0,0,IF(AF17<(AH17),AF17+AG17,((AH17)+((AG17/AF17)*AH17)))) -> 0 | AJ17: =IF(W17=0,0,(AF17+AG17)/W17) -> 0
C18: 8 | N18: =+SUM(I18:M18) -> 0 | O18: =+VLOOKUP($I$8,'Fatores de conversão'!$A$5:$I$13,6,FALSE)*I18+VLOOKUP($J$8,'Fatores de conversão'!$A$5:$I$13,6,FALSE)*J18+VLOOKUP($K$8,'Fatores de conversão'!$A$5:$I$13,6,FALSE)*K18+VLOOKUP($L$8,'Fatores de conversão'!$A$5:$I$13,6,FALSE)*L18+VLOOKUP($M$8,'Fatores de conversão'!$A$5:$I$13,6,FALSE)*M18 -> 0 | P18: =+SUMPRODUCT('1. Identificação Ben. Oper.'!$D$38:$H$38,I18:M18) -> 0 | V18: =+SUM(Q18:U18) -> 0 | W18: =+SUMPRODUCT('1. Identificação Ben. Oper.'!$D$38:$H$38,Q18:U18) -> 0 | X18: =IF(N18=0,0,V18/N18) -> 0 | Y18: =+VLOOKUP($Q$8,'Fatores de conversão'!$A$5:$I$13,3,FALSE)*Q18+VLOOKUP($R$8,'Fatores de conversão'!$A$5:$I$13,3,FALSE)*R18+VLOOKUP($S$8,'Fatores de conversão'!$A$5:$I$13,3,FALSE)*S18+VLOOKUP($T$8,'Fatores de conversão'!$A$5:$I$13,3,FALSE)*T18+VLOOKUP($U$8,'Fatores de conversão'!$A$5:$I$13,3,FALSE)*U18 -> 0 | Z18: =+VLOOKUP($Q$8,'Fatores de conversão'!$A$5:$I$13,6,FALSE)*Q18+VLOOKUP($R$8,'Fatores de conversão'!$A$5:$I$13,6,FALSE)*R18+VLOOKUP($S$8,'Fatores de conversão'!$A$5:$I$13,6,FALSE)*S18+VLOOKUP($T$8,'Fatores de conversão'!$A$5:$I$13,6,FALSE)*T18+VLOOKUP($U$8,'Fatores de conversão'!$A$5:$I$13,6,FALSE)*U18 -> 0 | AA18: =(VLOOKUP($Q$8,'Fatores de conversão'!$A$5:$I$13,9,FALSE)*Q18+VLOOKUP($R$8,'Fatores de conversão'!$A$5:$I$13,9,FALSE)*R18+VLOOKUP($S$8,'Fatores de conversão'!$A$5:$I$13,9,FALSE)*S18+VLOOKUP($T$8,'Fatores de conversão'!$A$5:$I$13,9,FALSE)*T18+VLOOKUP($U$8,'Fatores de conversão'!$A$5:$I$13,9,FALSE)*U18)/1000 -> 0 | AE18: =IF(OR(AC18="",AC18=0),0,IF(OR(AD18="",AD18=0),0,H18+1)) -> 0 | AH18: - | AI18: =IF(AF18=0,0,IF(AF18<(AH18),AF18+AG18,((AH18)+((AG18/AF18)*AH18)))) -> 0 | AJ18: =IF(W18=0,0,(AF18+AG18)/W18) -> 0
C19: 9 | N19: =+SUM(I19:M19) -> 0 | O19: =+VLOOKUP($I$8,'Fatores de conversão'!$A$5:$I$13,6,FALSE)*I19+VLOOKUP($J$8,'Fatores de conversão'!$A$5:$I$13,6,FALSE)*J19+VLOOKUP($K$8,'Fatores de conversão'!$A$5:$I$13,6,FALSE)*K19+VLOOKUP($L$8,'Fatores de conversão'!$A$5:$I$13,6,FALSE)*L19+VLOOKUP($M$8,'Fatores de conversão'!$A$5:$I$13,6,FALSE)*M19 -> 0 | P19: =+SUMPRODUCT('1. Identificação Ben. Oper.'!$D$38:$H$38,I19:M19) -> 0 | V19: =+SUM(Q19:U19) -> 0 | W19: =+SUMPRODUCT('1. Identificação Ben. Oper.'!$D$38:$H$38,Q19:U19) -> 0 | X19: =IF(N19=0,0,V19/N19) -> 0 | Y19: =+VLOOKUP($Q$8,'Fatores de conversão'!$A$5:$I$13,3,FALSE)*Q19+VLOOKUP($R$8,'Fatores de conversão'!$A$5:$I$13,3,FALSE)*R19+VLOOKUP($S$8,'Fatores de conversão'!$A$5:$I$13,3,FALSE)*S19+VLOOKUP($T$8,'Fatores de conversão'!$A$5:$I$13,3,FALSE)*T19+VLOOKUP($U$8,'Fatores de conversão'!$A$5:$I$13,3,FALSE)*U19 -> 0 | Z19: =+VLOOKUP($Q$8,'Fatores de conversão'!$A$5:$I$13,6,FALSE)*Q19+VLOOKUP($R$8,'Fatores de conversão'!$A$5:$I$13,6,FALSE)*R19+VLOOKUP($S$8,'Fatores de conversão'!$A$5:$I$13,6,FALSE)*S19+VLOOKUP($T$8,'Fatores de conversão'!$A$5:$I$13,6,FALSE)*T19+VLOOKUP($U$8,'Fatores de conversão'!$A$5:$I$13,6,FALSE)*U19 -> 0 | AA19: =(VLOOKUP($Q$8,'Fatores de conversão'!$A$5:$I$13,9,FALSE)*Q19+VLOOKUP($R$8,'Fatores de conversão'!$A$5:$I$13,9,FALSE)*R19+VLOOKUP($S$8,'Fatores de conversão'!$A$5:$I$13,9,FALSE)*S19+VLOOKUP($T$8,'Fatores de conversão'!$A$5:$I$13,9,FALSE)*T19+VLOOKUP($U$8,'Fatores de conversão'!$A$5:$I$13,9,FALSE)*U19)/1000 -> 0 | AE19: =IF(OR(AC19="",AC19=0),0,IF(OR(AD19="",AD19=0),0,H19+1)) -> 0 | AH19: - | AI19: =IF(AF19=0,0,IF(AF19<(AH19),AF19+AG19,((AH19)+((AG19/AF19)*AH19)))) -> 0 | AJ19: =IF(W19=0,0,(AF19+AG19)/W19) -> 0
C20: 10 | N20: =+SUM(I20:M20) -> 0 | O20: =+VLOOKUP($I$8,'Fatores de conversão'!$A$5:$I$13,6,FALSE)*I20+VLOOKUP($J$8,'Fatores de conversão'!$A$5:$I$13,6,FALSE)*J20+VLOOKUP($K$8,'Fatores de conversão'!$A$5:$I$13,6,FALSE)*K20+VLOOKUP($L$8,'Fatores de conversão'!$A$5:$I$13,6,FALSE)*L20+VLOOKUP($M$8,'Fatores de conversão'!$A$5:$I$13,6,FALSE)*M20 -> 0 | P20: =+SUMPRODUCT('1. Identificação Ben. Oper.'!$D$38:$H$38,I20:M20) -> 0 | V20: =+SUM(Q20:U20) -> 0 | W20: =+SUMPRODUCT('1. Identificação Ben. Oper.'!$D$38:$H$38,Q20:U20) -> 0 | X20: =IF(N20=0,0,V20/N20) -> 0 | Y20: =+VLOOKUP($Q$8,'Fatores de conversão'!$A$5:$I$13,3,FALSE)*Q20+VLOOKUP($R$8,'Fatores de conversão'!$A$5:$I$13,3,FALSE)*R20+VLOOKUP($S$8,'Fatores de conversão'!$A$5:$I$13,3,FALSE)*S20+VLOOKUP($T$8,'Fatores de conversão'!$A$5:$I$13,3,FALSE)*T20+VLOOKUP($U$8,'Fatores de conversão'!$A$5:$I$13,3,FALSE)*U20 -> 0 | Z20: =+VLOOKUP($Q$8,'Fatores de conversão'!$A$5:$I$13,6,FALSE)*Q20+VLOOKUP($R$8,'Fatores de conversão'!$A$5:$I$13,6,FALSE)*R20+VLOOKUP($S$8,'Fatores de conversão'!$A$5:$I$13,6,FALSE)*S20+VLOOKUP($T$8,'Fatores de conversão'!$A$5:$I$13,6,FALSE)*T20+VLOOKUP($U$8,'Fatores de conversão'!$A$5:$I$13,6,FALSE)*U20 -> 0 | AA20: =(VLOOKUP($Q$8,'Fatores de conversão'!$A$5:$I$13,9,FALSE)*Q20+VLOOKUP($R$8,'Fatores de conversão'!$A$5:$I$13,9,FALSE)*R20+VLOOKUP($S$8,'Fatores de conversão'!$A$5:$I$13,9,FALSE)*S20+VLOOKUP($T$8,'Fatores de conversão'!$A$5:$I$13,9,FALSE)*T20+VLOOKUP($U$8,'Fatores de conversão'!$A$5:$I$13,9,FALSE)*U20)/1000 -> 0 | AE20: =IF(OR(AC20="",AC20=0),0,IF(OR(AD20="",AD20=0),0,H20+1)) -> 0 | AH20: - | AI20: =IF(AF20=0,0,IF(AF20<(AH20),AF20+AG20,((AH20)+((AG20/AF20)*AH20)))) -> 0 | AJ20: =IF(W20=0,0,(AF20+AG20)/W20) -> 0
I21: =SUM(I10:I20) -> 0 | J21: =SUM(J10:J20) -> 0 | K21: =SUM(K10:K20) -> 0 | L21: =SUM(L10:L20) -> 0 | M21: =SUM(M10:M20) -> 0 | N21: =SUM(N10:N20) -> 0 | O21: =SUM(O10:O20) -> 0 | P21: =SUM(P10:P20) -> 0 | ... W21: =SUM(W10:W20) -> 0 | X21: =IF(N21=0,0,V21/N21) -> 0 | Y21: =SUM(Y10:Y20) -> 0 | Z21: =SUM(Z10:Z20) -> 0 | AA21: =SUM(AA10:AA20) -> 0 | AB21: =SUM(AB10:AB20) -> 0 | AC21: =SUM(AC10:AC20) -> 0 | AF21: =SUM(AF10:AF20) -> 0 | AG21: =SUM(AG10:AG20) -> 0 | AH21: =SUM(AH10:AH20) -> 0 | AI21: =SUM(AI10:AI20) -> 0 | AJ21: =IF(W21=0,0,(AF21+AG21)/W21) -> 0
C22: Investimento Total [Medidas a).ii)] | E22: =AF21+AG21 -> 0
C23: Despesa Total Elegivel [Medidas a).ii)] | E23: =AI21 -> 0
C26: Poupanças a alcançar com as medidas a implementar (até 25 anos) | I26: Para efeitos de contabilização das poupanças liquidas, é tido em conta o valor das poupanças anuais no ano 1 de cada medida, e automaticamente extendidas até à conclusão da sua vida útil. Caso tenha sido considerado o reinvestimento numa determinada medida (tendo-se preenchido para esse efeito os campos relativos ao valor de reinvestimento e o nº de reinvestimentos previstos), o impato dessas poupanças será considerado automaticamente até ao fim de um novo periodo de vida útil. A determinação das reduções de consumo energético é feita automaticamente.
I27: Anos
C28: Nº Medida | D28: Economia Energia [€/ano] | E28: Custos Operação e Manutenção [€/ano] | F28: Custos de reinvestimento por substituição [€] | G28: Poupanças anuais (ano 1) | I28: 1 | J28: 2 | K28: 3 | L28: 4 | M28: 5 | N28: 6 | O28: 7 | P28: 8 | Q28: 9 | R28: 10 | S28: 11 | T28: 12 | U28: 13 | V28: 14 | W28: 15 | X28: 16 | Y28: 17 | Z28: 18 | AA28: 19 | AB28: 20 | AC28: 21 | AD28: 22 | AE28: 23 | AF28: 24 | AG28: 25 | AH28: Total (até 25 anos)
C29: =C10 -> 1 | D29: =W10 -> 0 | E29: =AB10 -> 0 | F29: =AC10 -> 0 | G29: =IF(D29="",0,D29-E29) -> 0 | I29: =IF($H10>=25,$G29,IF(I$28<=$H10,$G29,IF(I$28<=($H10*($AD10+1)),$G29,0)))-IF($H10="",0,IF(I$28-1<=($H10*$AD10),$F29,0))*IF(OR($AE10=0,$AE10>25),0,IF(MOD(I$28,$H10)=0,1,0)) -> 0 | J29: =IF($H10>=25,$G29,IF(J$28<=$H10,$G29,IF(J$28<=($H10*($AD10+1)),$G29,0)))-IF($H10="",0,IF(J$28-1<=($H10*$AD10),$F29,0))*IF(OR($AE10=0,$AE10>25),0,IF(MOD(J$28-1,$H10)=0,1,0)) -> 0 | K29: =IF($H10>=25,$G29,IF(K$28<=$H10,$G29,IF(K$28<=($H10*($AD10+1)),$G29,0)))-IF($H10="",0,IF(K$28-1<=($H10*$AD10),$F29,0))*IF(OR($AE10=0,$AE10>25),0,IF(MOD(K$28-1,$H10)=0,1,0)) -> 0 | L29: =IF($H10>=25,$G29,IF(L$28<=$H10,$G29,IF(L$28<=($H10*($AD10+1)),$G29,0)))-IF($H10="",0,IF(L$28-1<=($H10*$AD10),$F29,0))*IF(OR($AE10=0,$AE10>25),0,IF(MOD(L$28-1,$H10)=0,1,0)) -> 0 | M29: =IF($H10>=25,$G29,IF(M$28<=$H10,$G29,IF(M$28<=($H10*($AD10+1)),$G29,0)))-IF($H10="",0,IF(M$28-1<=($H10*$AD10),$F29,0))*IF(OR($AE10=0,$AE10>25),0,IF(MOD(M$28-1,$H10)=0,1,0)) -> 0 | N29: =IF($H10>=25,$G29,IF(N$28<=$H10,$G29,IF(N$28<=($H10*($AD10+1)),$G29,0)))-IF($H10="",0,IF(N$28-1<=($H10*$AD10),$F29,0))*IF(OR($AE10=0,$AE10>25),0,IF(MOD(N$28-1,$H10)=0,1,0)) -> 0 | O29: =IF($H10>=25,$G29,IF(O$28<=$H10,$G29,IF(O$28<=($H10*($AD10+1)),$G29,0)))-IF($H10="",0,IF(O$28-1<=($H10*$AD10),$F29,0))*IF(OR($AE10=0,$AE10>25),0,IF(MOD(O$28-1,$H10)=0,1,0)) -> 0 | P29: =IF($H10>=25,$G29,IF(P$28<=$H10,$G29,IF(P$28<=($H10*($AD10+1)),$G29,0)))-IF($H10="",0,IF(P$28-1<=($H10*$AD10),$F29,0))*IF(OR($AE10=0,$AE10>25),0,IF(MOD(P$28-1,$H10)=0,1,0)) -> 0 | Q29: =IF($H10>=25,$G29,IF(Q$28<=$H10,$G29,IF(Q$28<=($H10*($AD10+1)),$G29,0)))-IF($H10="",0,IF(Q$28-1<=($H10*$AD10),$F29,0))*IF(OR($AE10=0,$AE10>25),0,IF(MOD(Q$28-1,$H10)=0,1,0)) -> 0 | ... AG29: =IF($H10>=25,$G29,IF(AG$28<=$H10,$G29,IF(AG$28<=($H10*($AD10+1)),$G29,0)))-IF($H10="",0,IF(AG$28-1<=($H10*$AD10),$F29,0))*IF(OR($AE10=0,$AE10>25),0,IF(MOD(AG$28-1,$H10)=0,1,0)) -> 0 | AH29: =SUM(I29:AG29) -> 0
C30: =C11 -> 2 | D30: =W11 -> 0 | E30: =AB11 -> 0 | F30: =AC11 -> 0 | G30: =IF(D30="",0,D30-E30) -> 0 | I30: =IF($H11>=25,$G30,IF(I$28<=$H11,$G30,IF(I$28<=($H11*($AD11+1)),$G30,0)))-IF($H11="",0,IF(I$28-1<=($H11*$AD11),$F30,0))*IF(OR($AE11=0,$AE11>25),0,IF(MOD(I$28,$H11)=0,1,0)) -> 0 | J30: =IF($H11>=25,$G30,IF(J$28<=$H11,$G30,IF(J$28<=($H11*($AD11+1)),$G30,0)))-IF($H11="",0,IF(J$28-1<=($H11*$AD11),$F30,0))*IF(OR($AE11=0,$AE11>25),0,IF(MOD(J$28-1,$H11)=0,1,0)) -> 0 | K30: =IF($H11>=25,$G30,IF(K$28<=$H11,$G30,IF(K$28<=($H11*($AD11+1)),$G30,0)))-IF($H11="",0,IF(K$28-1<=($H11*$AD11),$F30,0))*IF(OR($AE11=0,$AE11>25),0,IF(MOD(K$28-1,$H11)=0,1,0)) -> 0 | L30: =IF($H11>=25,$G30,IF(L$28<=$H11,$G30,IF(L$28<=($H11*($AD11+1)),$G30,0)))-IF($H11="",0,IF(L$28-1<=($H11*$AD11),$F30,0))*IF(OR($AE11=0,$AE11>25),0,IF(MOD(L$28-1,$H11)=0,1,0)) -> 0 | M30: =IF($H11>=25,$G30,IF(M$28<=$H11,$G30,IF(M$28<=($H11*($AD11+1)),$G30,0)))-IF($H11="",0,IF(M$28-1<=($H11*$AD11),$F30,0))*IF(OR($AE11=0,$AE11>25),0,IF(MOD(M$28-1,$H11)=0,1,0)) -> 0 | N30: =IF($H11>=25,$G30,IF(N$28<=$H11,$G30,IF(N$28<=($H11*($AD11+1)),$G30,0)))-IF($H11="",0,IF(N$28-1<=($H11*$AD11),$F30,0))*IF(OR($AE11=0,$AE11>25),0,IF(MOD(N$28-1,$H11)=0,1,0)) -> 0 | O30: =IF($H11>=25,$G30,IF(O$28<=$H11,$G30,IF(O$28<=($H11*($AD11+1)),$G30,0)))-IF($H11="",0,IF(O$28-1<=($H11*$AD11),$F30,0))*IF(OR($AE11=0,$AE11>25),0,IF(MOD(O$28-1,$H11)=0,1,0)) -> 0 | P30: =IF($H11>=25,$G30,IF(P$28<=$H11,$G30,IF(P$28<=($H11*($AD11+1)),$G30,0)))-IF($H11="",0,IF(P$28-1<=($H11*$AD11),$F30,0))*IF(OR($AE11=0,$AE11>25),0,IF(MOD(P$28-1,$H11)=0,1,0)) -> 0 | Q30: =IF($H11>=25,$G30,IF(Q$28<=$H11,$G30,IF(Q$28<=($H11*($AD11+1)),$G30,0)))-IF($H11="",0,IF(Q$28-1<=($H11*$AD11),$F30,0))*IF(OR($AE11=0,$AE11>25),0,IF(MOD(Q$28-1,$H11)=0,1,0)) -> 0 | ... AG30: =IF($H11>=25,$G30,IF(AG$28<=$H11,$G30,IF(AG$28<=($H11*($AD11+1)),$G30,0)))-IF($H11="",0,IF(AG$28-1<=($H11*$AD11),$F30,0))*IF(OR($AE11=0,$AE11>25),0,IF(MOD(AG$28-1,$H11)=0,1,0)) -> 0 | AH30: =SUM(I30:AG30) -> 0
C31: =C12 -> 3 | D31: =W12 -> 0 | E31: =AB12 -> 0 | F31: =AC12 -> 0 | G31: =IF(D31="",0,D31-E31) -> 0 | I31: =IF($H12>=25,$G31,IF(I$28<=$H12,$G31,IF(I$28<=($H12*($AD12+1)),$G31,0)))-IF($H12="",0,IF(I$28-1<=($H12*$AD12),$F31,0))*IF(OR($AE12=0,$AE12>25),0,IF(MOD(I$28,$H12)=0,1,0)) -> 0 | J31: =IF($H12>=25,$G31,IF(J$28<=$H12,$G31,IF(J$28<=($H12*($AD12+1)),$G31,0)))-IF($H12="",0,IF(J$28-1<=($H12*$AD12),$F31,0))*IF(OR($AE12=0,$AE12>25),0,IF(MOD(J$28-1,$H12)=0,1,0)) -> 0 | K31: =IF($H12>=25,$G31,IF(K$28<=$H12,$G31,IF(K$28<=($H12*($AD12+1)),$G31,0)))-IF($H12="",0,IF(K$28-1<=($H12*$AD12),$F31,0))*IF(OR($AE12=0,$AE12>25),0,IF(MOD(K$28-1,$H12)=0,1,0)) -> 0 | L31: =IF($H12>=25,$G31,IF(L$28<=$H12,$G31,IF(L$28<=($H12*($AD12+1)),$G31,0)))-IF($H12="",0,IF(L$28-1<=($H12*$AD12),$F31,0))*IF(OR($AE12=0,$AE12>25),0,IF(MOD(L$28-1,$H12)=0,1,0)) -> 0 | M31: =IF($H12>=25,$G31,IF(M$28<=$H12,$G31,IF(M$28<=($H12*($AD12+1)),$G31,0)))-IF($H12="",0,IF(M$28-1<=($H12*$AD12),$F31,0))*IF(OR($AE12=0,$AE12>25),0,IF(MOD(M$28-1,$H12)=0,1,0)) -> 0 | N31: =IF($H12>=25,$G31,IF(N$28<=$H12,$G31,IF(N$28<=($H12*($AD12+1)),$G31,0)))-IF($H12="",0,IF(N$28-1<=($H12*$AD12),$F31,0))*IF(OR($AE12=0,$AE12>25),0,IF(MOD(N$28-1,$H12)=0,1,0)) -> 0 | O31: =IF($H12>=25,$G31,IF(O$28<=$H12,$G31,IF(O$28<=($H12*($AD12+1)),$G31,0)))-IF($H12="",0,IF(O$28-1<=($H12*$AD12),$F31,0))*IF(OR($AE12=0,$AE12>25),0,IF(MOD(O$28-1,$H12)=0,1,0)) -> 0 | P31: =IF($H12>=25,$G31,IF(P$28<=$H12,$G31,IF(P$28<=($H12*($AD12+1)),$G31,0)))-IF($H12="",0,IF(P$28-1<=($H12*$AD12),$F31,0))*IF(OR($AE12=0,$AE12>25),0,IF(MOD(P$28-1,$H12)=0,1,0)) -> 0 | Q31: =IF($H12>=25,$G31,IF(Q$28<=$H12,$G31,IF(Q$28<=($H12*($AD12+1)),$G31,0)))-IF($H12="",0,IF(Q$28-1<=($H12*$AD12),$F31,0))*IF(OR($AE12=0,$AE12>25),0,IF(MOD(Q$28-1,$H12)=0,1,0)) -> 0 | ... AG31: =IF($H12>=25,$G31,IF(AG$28<=$H12,$G31,IF(AG$28<=($H12*($AD12+1)),$G31,0)))-IF($H12="",0,IF(AG$28-1<=($H12*$AD12),$F31,0))*IF(OR($AE12=0,$AE12>25),0,IF(MOD(AG$28-1,$H12)=0,1,0)) -> 0 | AH31: =SUM(I31:AG31) -> 0
C32: =C13 -> 4 | D32: =W13 -> 0 | E32: =AB13 -> 0 | F32: =AC13 -> 0 | G32: =IF(D32="",0,D32-E32) -> 0 | I32: =IF($H13>=25,$G32,IF(I$28<=$H13,$G32,IF(I$28<=($H13*($AD13+1)),$G32,0)))-IF($H13="",0,IF(I$28-1<=($H13*$AD13),$F32,0))*IF(OR($AE13=0,$AE13>25),0,IF(MOD(I$28,$H13)=0,1,0)) -> 0 | J32: =IF($H13>=25,$G32,IF(J$28<=$H13,$G32,IF(J$28<=($H13*($AD13+1)),$G32,0)))-IF($H13="",0,IF(J$28-1<=($H13*$AD13),$F32,0))*IF(OR($AE13=0,$AE13>25),0,IF(MOD(J$28-1,$H13)=0,1,0)) -> 0 | K32: =IF($H13>=25,$G32,IF(K$28<=$H13,$G32,IF(K$28<=($H13*($AD13+1)),$G32,0)))-IF($H13="",0,IF(K$28-1<=($H13*$AD13),$F32,0))*IF(OR($AE13=0,$AE13>25),0,IF(MOD(K$28-1,$H13)=0,1,0)) -> 0 | L32: =IF($H13>=25,$G32,IF(L$28<=$H13,$G32,IF(L$28<=($H13*($AD13+1)),$G32,0)))-IF($H13="",0,IF(L$28-1<=($H13*$AD13),$F32,0))*IF(OR($AE13=0,$AE13>25),0,IF(MOD(L$28-1,$H13)=0,1,0)) -> 0 | M32: =IF($H13>=25,$G32,IF(M$28<=$H13,$G32,IF(M$28<=($H13*($AD13+1)),$G32,0)))-IF($H13="",0,IF(M$28-1<=($H13*$AD13),$F32,0))*IF(OR($AE13=0,$AE13>25),0,IF(MOD(M$28-1,$H13)=0,1,0)) -> 0 | N32: =IF($H13>=25,$G32,IF(N$28<=$H13,$G32,IF(N$28<=($H13*($AD13+1)),$G32,0)))-IF($H13="",0,IF(N$28-1<=($H13*$AD13),$F32,0))*IF(OR($AE13=0,$AE13>25),0,IF(MOD(N$28-1,$H13)=0,1,0)) -> 0 | O32: =IF($H13>=25,$G32,IF(O$28<=$H13,$G32,IF(O$28<=($H13*($AD13+1)),$G32,0)))-IF($H13="",0,IF(O$28-1<=($H13*$AD13),$F32,0))*IF(OR($AE13=0,$AE13>25),0,IF(MOD(O$28-1,$H13)=0,1,0)) -> 0 | P32: =IF($H13>=25,$G32,IF(P$28<=$H13,$G32,IF(P$28<=($H13*($AD13+1)),$G32,0)))-IF($H13="",0,IF(P$28-1<=($H13*$AD13),$F32,0))*IF(OR($AE13=0,$AE13>25),0,IF(MOD(P$28-1,$H13)=0,1,0)) -> 0 | Q32: =IF($H13>=25,$G32,IF(Q$28<=$H13,$G32,IF(Q$28<=($H13*($AD13+1)),$G32,0)))-IF($H13="",0,IF(Q$28-1<=($H13*$AD13),$F32,0))*IF(OR($AE13=0,$AE13>25),0,IF(MOD(Q$28-1,$H13)=0,1,0)) -> 0 | ... AG32: =IF($H13>=25,$G32,IF(AG$28<=$H13,$G32,IF(AG$28<=($H13*($AD13+1)),$G32,0)))-IF($H13="",0,IF(AG$28-1<=($H13*$AD13),$F32,0))*IF(OR($AE13=0,$AE13>25),0,IF(MOD(AG$28-1,$H13)=0,1,0)) -> 0 | AH32: =SUM(I32:AG32) -> 0
C33: =C14 -> 5 | D33: =W14 -> 0 | E33: =AB14 -> 0 | F33: =AC14 -> 0 | G33: =IF(D33="",0,D33-E33) -> 0 | I33: =IF($H14>=25,$G33,IF(I$28<=$H14,$G33,IF(I$28<=($H14*($AD14+1)),$G33,0)))-IF($H14="",0,IF(I$28-1<=($H14*$AD14),$F33,0))*IF(OR($AE14=0,$AE14>25),0,IF(MOD(I$28,$H14)=0,1,0)) -> 0 | J33: =IF($H14>=25,$G33,IF(J$28<=$H14,$G33,IF(J$28<=($H14*($AD14+1)),$G33,0)))-IF($H14="",0,IF(J$28-1<=($H14*$AD14),$F33,0))*IF(OR($AE14=0,$AE14>25),0,IF(MOD(J$28-1,$H14)=0,1,0)) -> 0 | K33: =IF($H14>=25,$G33,IF(K$28<=$H14,$G33,IF(K$28<=($H14*($AD14+1)),$G33,0)))-IF($H14="",0,IF(K$28-1<=($H14*$AD14),$F33,0))*IF(OR($AE14=0,$AE14>25),0,IF(MOD(K$28-1,$H14)=0,1,0)) -> 0 | L33: =IF($H14>=25,$G33,IF(L$28<=$H14,$G33,IF(L$28<=($H14*($AD14+1)),$G33,0)))-IF($H14="",0,IF(L$28-1<=($H14*$AD14),$F33,0))*IF(OR($AE14=0,$AE14>25),0,IF(MOD(L$28-1,$H14)=0,1,0)) -> 0 | M33: =IF($H14>=25,$G33,IF(M$28<=$H14,$G33,IF(M$28<=($H14*($AD14+1)),$G33,0)))-IF($H14="",0,IF(M$28-1<=($H14*$AD14),$F33,0))*IF(OR($AE14=0,$AE14>25),0,IF(MOD(M$28-1,$H14)=0,1,0)) -> 0 | N33: =IF($H14>=25,$G33,IF(N$28<=$H14,$G33,IF(N$28<=($H14*($AD14+1)),$G33,0)))-IF($H14="",0,IF(N$28-1<=($H14*$AD14),$F33,0))*IF(OR($AE14=0,$AE14>25),0,IF(MOD(N$28-1,$H14)=0,1,0)) -> 0 | O33: =IF($H14>=25,$G33,IF(O$28<=$H14,$G33,IF(O$28<=($H14*($AD14+1)),$G33,0)))-IF($H14="",0,IF(O$28-1<=($H14*$AD14),$F33,0))*IF(OR($AE14=0,$AE14>25),0,IF(MOD(O$28-1,$H14)=0,1,0)) -> 0 | P33: =IF($H14>=25,$G33,IF(P$28<=$H14,$G33,IF(P$28<=($H14*($AD14+1)),$G33,0)))-IF($H14="",0,IF(P$28-1<=($H14*$AD14),$F33,0))*IF(OR($AE14=0,$AE14>25),0,IF(MOD(P$28-1,$H14)=0,1,0)) -> 0 | Q33: =IF($H14>=25,$G33,IF(Q$28<=$H14,$G33,IF(Q$28<=($H14*($AD14+1)),$G33,0)))-IF($H14="",0,IF(Q$28-1<=($H14*$AD14),$F33,0))*IF(OR($AE14=0,$AE14>25),0,IF(MOD(Q$28-1,$H14)=0,1,0)) -> 0 | ... AG33: =IF($H14>=25,$G33,IF(AG$28<=$H14,$G33,IF(AG$28<=($H14*($AD14+1)),$G33,0)))-IF($H14="",0,IF(AG$28-1<=($H14*$AD14),$F33,0))*IF(OR($AE14=0,$AE14>25),0,IF(MOD(AG$28-1,$H14)=0,1,0)) -> 0 | AH33: =SUM(I33:AG33) -> 0
C34: =C16 -> 6 | D34: =W16 -> 0 | E34: =AB16 -> 0 | F34: =AC16 -> 0 | G34: =IF(D34="",0,D34-E34) -> 0 | I34: =IF($H16>=25,$G34,IF(I$28<=$H16,$G34,IF(I$28<=($H16*($AD16+1)),$G34,0)))-IF(I$28-1<=($H16*$AD16),$F34,0)*IF(OR($AE16=0,$AE16>25),0,IF(MOD(I$28,$H16)=0,1,0)) -> 0 | J34: =IF($H16>=25,$G34,IF(J$28<=$H16,$G34,IF(J$28<=($H16*($AD16+1)),$G34,0)))-IF(J$28-1<=($H16*$AD16),$F34,0)*IF(OR($AE16=0,$AE16>25),0,IF(MOD(J$28-1,$H16)=0,1,0)) -> 0 | K34: =IF($H16>=25,$G34,IF(K$28<=$H16,$G34,IF(K$28<=($H16*($AD16+1)),$G34,0)))-IF(K$28-1<=($H16*$AD16),$F34,0)*IF(OR($AE16=0,$AE16>25),0,IF(MOD(K$28-1,$H16)=0,1,0)) -> 0 | L34: =IF($H16>=25,$G34,IF(L$28<=$H16,$G34,IF(L$28<=($H16*($AD16+1)),$G34,0)))-IF(L$28-1<=($H16*$AD16),$F34,0)*IF(OR($AE16=0,$AE16>25),0,IF(MOD(L$28-1,$H16)=0,1,0)) -> 0 | M34: =IF($H16>=25,$G34,IF(M$28<=$H16,$G34,IF(M$28<=($H16*($AD16+1)),$G34,0)))-IF(M$28-1<=($H16*$AD16),$F34,0)*IF(OR($AE16=0,$AE16>25),0,IF(MOD(M$28-1,$H16)=0,1,0)) -> 0 | N34: =IF($H16>=25,$G34,IF(N$28<=$H16,$G34,IF(N$28<=($H16*($AD16+1)),$G34,0)))-IF(N$28-1<=($H16*$AD16),$F34,0)*IF(OR($AE16=0,$AE16>25),0,IF(MOD(N$28-1,$H16)=0,1,0)) -> 0 | O34: =IF($H16>=25,$G34,IF(O$28<=$H16,$G34,IF(O$28<=($H16*($AD16+1)),$G34,0)))-IF(O$28-1<=($H16*$AD16),$F34,0)*IF(OR($AE16=0,$AE16>25),0,IF(MOD(O$28-1,$H16)=0,1,0)) -> 0 | P34: =IF($H16>=25,$G34,IF(P$28<=$H16,$G34,IF(P$28<=($H16*($AD16+1)),$G34,0)))-IF(P$28-1<=($H16*$AD16),$F34,0)*IF(OR($AE16=0,$AE16>25),0,IF(MOD(P$28-1,$H16)=0,1,0)) -> 0 | Q34: =IF($H16>=25,$G34,IF(Q$28<=$H16,$G34,IF(Q$28<=($H16*($AD16+1)),$G34,0)))-IF(Q$28-1<=($H16*$AD16),$F34,0)*IF(OR($AE16=0,$AE16>25),0,IF(MOD(Q$28-1,$H16)=0,1,0)) -> 0 | ... AG34: =IF($H16>=25,$G34,IF(AG$28<=$H16,$G34,IF(AG$28<=($H16*($AD16+1)),$G34,0)))-IF(AG$28-1<=($H16*$AD16),$F34,0)*IF(OR($AE16=0,$AE16>25),0,IF(MOD(AG$28-1,$H16)=0,1,0)) -> 0 | AH34: =SUM(I34:AG34) -> 0
C35: =C17 -> 7 | D35: =W17 -> 0 | E35: =AB17 -> 0 | F35: =AC17 -> 0 | G35: =IF(D35="",0,D35-E35) -> 0 | I35: =IF($H17>=25,$G35,IF(I$28<=$H17,$G35,IF(I$28<=($H17*($AD17+1)),$G35,0)))-IF(I$28-1<=($H17*$AD17),$F35,0)*IF(OR($AE17=0,$AE17>25),0,IF(MOD(I$28,$H17)=0,1,0)) -> 0 | J35: =IF($H17>=25,$G35,IF(J$28<=$H17,$G35,IF(J$28<=($H17*($AD17+1)),$G35,0)))-IF(J$28-1<=($H17*$AD17),$F35,0)*IF(OR($AE17=0,$AE17>25),0,IF(MOD(J$28-1,$H17)=0,1,0)) -> 0 | K35: =IF($H17>=25,$G35,IF(K$28<=$H17,$G35,IF(K$28<=($H17*($AD17+1)),$G35,0)))-IF(K$28-1<=($H17*$AD17),$F35,0)*IF(OR($AE17=0,$AE17>25),0,IF(MOD(K$28-1,$H17)=0,1,0)) -> 0 | L35: =IF($H17>=25,$G35,IF(L$28<=$H17,$G35,IF(L$28<=($H17*($AD17+1)),$G35,0)))-IF(L$28-1<=($H17*$AD17),$F35,0)*IF(OR($AE17=0,$AE17>25),0,IF(MOD(L$28-1,$H17)=0,1,0)) -> 0 | M35: =IF($H17>=25,$G35,IF(M$28<=$H17,$G35,IF(M$28<=($H17*($AD17+1)),$G35,0)))-IF(M$28-1<=($H17*$AD17),$F35,0)*IF(OR($AE17=0,$AE17>25),0,IF(MOD(M$28-1,$H17)=0,1,0)) -> 0 | N35: =IF($H17>=25,$G35,IF(N$28<=$H17,$G35,IF(N$28<=($H17*($AD17+1)),$G35,0)))-IF(N$28-1<=($H17*$AD17),$F35,0)*IF(OR($AE17=0,$AE17>25),0,IF(MOD(N$28-1,$H17)=0,1,0)) -> 0 | O35: =IF($H17>=25,$G35,IF(O$28<=$H17,$G35,IF(O$28<=($H17*($AD17+1)),$G35,0)))-IF(O$28-1<=($H17*$AD17),$F35,0)*IF(OR($AE17=0,$AE17>25),0,IF(MOD(O$28-1,$H17)=0,1,0)) -> 0 | P35: =IF($H17>=25,$G35,IF(P$28<=$H17,$G35,IF(P$28<=($H17*($AD17+1)),$G35,0)))-IF(P$28-1<=($H17*$AD17),$F35,0)*IF(OR($AE17=0,$AE17>25),0,IF(MOD(P$28-1,$H17)=0,1,0)) -> 0 | Q35: =IF($H17>=25,$G35,IF(Q$28<=$H17,$G35,IF(Q$28<=($H17*($AD17+1)),$G35,0)))-IF(Q$28-1<=($H17*$AD17),$F35,0)*IF(OR($AE17=0,$AE17>25),0,IF(MOD(Q$28-1,$H17)=0,1,0)) -> 0 | ... AG35: =IF($H17>=25,$G35,IF(AG$28<=$H17,$G35,IF(AG$28<=($H17*($AD17+1)),$G35,0)))-IF(AG$28-1<=($H17*$AD17),$F35,0)*IF(OR($AE17=0,$AE17>25),0,IF(MOD(AG$28-1,$H17)=0,1,0)) -> 0 | AH35: =SUM(I35:AG35) -> 0
C36: =C18 -> 8 | D36: =W18 -> 0 | E36: =AB18 -> 0 | F36: =AC18 -> 0 | G36: =IF(D36="",0,D36-E36) -> 0 | I36: =IF($H18>=25,$G36,IF(I$28<=$H18,$G36,IF(I$28<=($H18*($AD18+1)),$G36,0)))-IF(I$28-1<=($H18*$AD18),$F36,0)*IF(OR($AE18=0,$AE18>25),0,IF(MOD(I$28,$H18)=0,1,0)) -> 0 | J36: =IF($H18>=25,$G36,IF(J$28<=$H18,$G36,IF(J$28<=($H18*($AD18+1)),$G36,0)))-IF(J$28-1<=($H18*$AD18),$F36,0)*IF(OR($AE18=0,$AE18>25),0,IF(MOD(J$28-1,$H18)=0,1,0)) -> 0 | K36: =IF($H18>=25,$G36,IF(K$28<=$H18,$G36,IF(K$28<=($H18*($AD18+1)),$G36,0)))-IF(K$28-1<=($H18*$AD18),$F36,0)*IF(OR($AE18=0,$AE18>25),0,IF(MOD(K$28-1,$H18)=0,1,0)) -> 0 | L36: =IF($H18>=25,$G36,IF(L$28<=$H18,$G36,IF(L$28<=($H18*($AD18+1)),$G36,0)))-IF(L$28-1<=($H18*$AD18),$F36,0)*IF(OR($AE18=0,$AE18>25),0,IF(MOD(L$28-1,$H18)=0,1,0)) -> 0 | M36: =IF($H18>=25,$G36,IF(M$28<=$H18,$G36,IF(M$28<=($H18*($AD18+1)),$G36,0)))-IF(M$28-1<=($H18*$AD18),$F36,0)*IF(OR($AE18=0,$AE18>25),0,IF(MOD(M$28-1,$H18)=0,1,0)) -> 0 | N36: =IF($H18>=25,$G36,IF(N$28<=$H18,$G36,IF(N$28<=($H18*($AD18+1)),$G36,0)))-IF(N$28-1<=($H18*$AD18),$F36,0)*IF(OR($AE18=0,$AE18>25),0,IF(MOD(N$28-1,$H18)=0,1,0)) -> 0 | O36: =IF($H18>=25,$G36,IF(O$28<=$H18,$G36,IF(O$28<=($H18*($AD18+1)),$G36,0)))-IF(O$28-1<=($H18*$AD18),$F36,0)*IF(OR($AE18=0,$AE18>25),0,IF(MOD(O$28-1,$H18)=0,1,0)) -> 0 | P36: =IF($H18>=25,$G36,IF(P$28<=$H18,$G36,IF(P$28<=($H18*($AD18+1)),$G36,0)))-IF(P$28-1<=($H18*$AD18),$F36,0)*IF(OR($AE18=0,$AE18>25),0,IF(MOD(P$28-1,$H18)=0,1,0)) -> 0 | Q36: =IF($H18>=25,$G36,IF(Q$28<=$H18,$G36,IF(Q$28<=($H18*($AD18+1)),$G36,0)))-IF(Q$28-1<=($H18*$AD18),$F36,0)*IF(OR($AE18=0,$AE18>25),0,IF(MOD(Q$28-1,$H18)=0,1,0)) -> 0 | ... AG36: =IF($H18>=25,$G36,IF(AG$28<=$H18,$G36,IF(AG$28<=($H18*($AD18+1)),$G36,0)))-IF(AG$28-1<=($H18*$AD18),$F36,0)*IF(OR($AE18=0,$AE18>25),0,IF(MOD(AG$28-1,$H18)=0,1,0)) -> 0 | AH36: =SUM(I36:AG36) -> 0
C37: =C19 -> 9 | D37: =W19 -> 0 | E37: =AB19 -> 0 | F37: =AC19 -> 0 | G37: =IF(D37="",0,D37-E37) -> 0 | I37: =IF($H19>=25,$G37,IF(I$28<=$H19,$G37,IF(I$28<=($H19*($AD19+1)),$G37,0)))-IF(I$28-1<=($H19*$AD19),$F37,0)*IF(OR($AE19=0,$AE19>25),0,IF(MOD(I$28,$H19)=0,1,0)) -> 0 | J37: =IF($H19>=25,$G37,IF(J$28<=$H19,$G37,IF(J$28<=($H19*($AD19+1)),$G37,0)))-IF(J$28-1<=($H19*$AD19),$F37,0)*IF(OR($AE19=0,$AE19>25),0,IF(MOD(J$28-1,$H19)=0,1,0)) -> 0 | K37: =IF($H19>=25,$G37,IF(K$28<=$H19,$G37,IF(K$28<=($H19*($AD19+1)),$G37,0)))-IF(K$28-1<=($H19*$AD19),$F37,0)*IF(OR($AE19=0,$AE19>25),0,IF(MOD(K$28-1,$H19)=0,1,0)) -> 0 | L37: =IF($H19>=25,$G37,IF(L$28<=$H19,$G37,IF(L$28<=($H19*($AD19+1)),$G37,0)))-IF(L$28-1<=($H19*$AD19),$F37,0)*IF(OR($AE19=0,$AE19>25),0,IF(MOD(L$28-1,$H19)=0,1,0)) -> 0 | M37: =IF($H19>=25,$G37,IF(M$28<=$H19,$G37,IF(M$28<=($H19*($AD19+1)),$G37,0)))-IF(M$28-1<=($H19*$AD19),$F37,0)*IF(OR($AE19=0,$AE19>25),0,IF(MOD(M$28-1,$H19)=0,1,0)) -> 0 | N37: =IF($H19>=25,$G37,IF(N$28<=$H19,$G37,IF(N$28<=($H19*($AD19+1)),$G37,0)))-IF(N$28-1<=($H19*$AD19),$F37,0)*IF(OR($AE19=0,$AE19>25),0,IF(MOD(N$28-1,$H19)=0,1,0)) -> 0 | O37: =IF($H19>=25,$G37,IF(O$28<=$H19,$G37,IF(O$28<=($H19*($AD19+1)),$G37,0)))-IF(O$28-1<=($H19*$AD19),$F37,0)*IF(OR($AE19=0,$AE19>25),0,IF(MOD(O$28-1,$H19)=0,1,0)) -> 0 | P37: =IF($H19>=25,$G37,IF(P$28<=$H19,$G37,IF(P$28<=($H19*($AD19+1)),$G37,0)))-IF(P$28-1<=($H19*$AD19),$F37,0)*IF(OR($AE19=0,$AE19>25),0,IF(MOD(P$28-1,$H19)=0,1,0)) -> 0 | Q37: =IF($H19>=25,$G37,IF(Q$28<=$H19,$G37,IF(Q$28<=($H19*($AD19+1)),$G37,0)))-IF(Q$28-1<=($H19*$AD19),$F37,0)*IF(OR($AE19=0,$AE19>25),0,IF(MOD(Q$28-1,$H19)=0,1,0)) -> 0 | ... AG37: =IF($H19>=25,$G37,IF(AG$28<=$H19,$G37,IF(AG$28<=($H19*($AD19+1)),$G37,0)))-IF(AG$28-1<=($H19*$AD19),$F37,0)*IF(OR($AE19=0,$AE19>25),0,IF(MOD(AG$28-1,$H19)=0,1,0)) -> 0 | AH37: =SUM(I37:AG37) -> 0
C38: =C20 -> 10 | D38: =W20 -> 0 | E38: =AB20 -> 0 | F38: =AC20 -> 0 | G38: =IF(D38="",0,D38-E38) -> 0 | I38: =IF($H20>=25,$G38,IF(I$28<=$H20,$G38,IF(I$28<=($H20*($AD20+1)),$G38,0)))-IF(I$28-1<=($H20*$AD20),$F38,0)*IF(OR($AE20=0,$AE20>25),0,IF(MOD(I$28,$H20)=0,1,0)) -> 0 | J38: =IF($H20>=25,$G38,IF(J$28<=$H20,$G38,IF(J$28<=($H20*($AD20+1)),$G38,0)))-IF(J$28-1<=($H20*$AD20),$F38,0)*IF(OR($AE20=0,$AE20>25),0,IF(MOD(J$28-1,$H20)=0,1,0)) -> 0 | K38: =IF($H20>=25,$G38,IF(K$28<=$H20,$G38,IF(K$28<=($H20*($AD20+1)),$G38,0)))-IF(K$28-1<=($H20*$AD20),$F38,0)*IF(OR($AE20=0,$AE20>25),0,IF(MOD(K$28-1,$H20)=0,1,0)) -> 0 | L38: =IF($H20>=25,$G38,IF(L$28<=$H20,$G38,IF(L$28<=($H20*($AD20+1)),$G38,0)))-IF(L$28-1<=($H20*$AD20),$F38,0)*IF(OR($AE20=0,$AE20>25),0,IF(MOD(L$28-1,$H20)=0,1,0)) -> 0 | M38: =IF($H20>=25,$G38,IF(M$28<=$H20,$G38,IF(M$28<=($H20*($AD20+1)),$G38,0)))-IF(M$28-1<=($H20*$AD20),$F38,0)*IF(OR($AE20=0,$AE20>25),0,IF(MOD(M$28-1,$H20)=0,1,0)) -> 0 | N38: =IF($H20>=25,$G38,IF(N$28<=$H20,$G38,IF(N$28<=($H20*($AD20+1)),$G38,0)))-IF(N$28-1<=($H20*$AD20),$F38,0)*IF(OR($AE20=0,$AE20>25),0,IF(MOD(N$28-1,$H20)=0,1,0)) -> 0 | O38: =IF($H20>=25,$G38,IF(O$28<=$H20,$G38,IF(O$28<=($H20*($AD20+1)),$G38,0)))-IF(O$28-1<=($H20*$AD20),$F38,0)*IF(OR($AE20=0,$AE20>25),0,IF(MOD(O$28-1,$H20)=0,1,0)) -> 0 | P38: =IF($H20>=25,$G38,IF(P$28<=$H20,$G38,IF(P$28<=($H20*($AD20+1)),$G38,0)))-IF(P$28-1<=($H20*$AD20),$F38,0)*IF(OR($AE20=0,$AE20>25),0,IF(MOD(P$28-1,$H20)=0,1,0)) -> 0 | Q38: =IF($H20>=25,$G38,IF(Q$28<=$H20,$G38,IF(Q$28<=($H20*($AD20+1)),$G38,0)))-IF(Q$28-1<=($H20*$AD20),$F38,0)*IF(OR($AE20=0,$AE20>25),0,IF(MOD(Q$28-1,$H20)=0,1,0)) -> 0 | ... AG38: =IF($H20>=25,$G38,IF(AG$28<=$H20,$G38,IF(AG$28<=($H20*($AD20+1)),$G38,0)))-IF(AG$28-1<=($H20*$AD20),$F38,0)*IF(OR($AE20=0,$AE20>25),0,IF(MOD(AG$28-1,$H20)=0,1,0)) -> 0 | AH38: =SUM(I38:AG38) -> 0
H39: Totais | I39: =SUM(I29:I38) -> 0 | J39: =SUM(J29:J38) -> 0 | K39: =SUM(K29:K38) -> 0 | L39: =SUM(L29:L38) -> 0 | M39: =SUM(M29:M38) -> 0 | N39: =SUM(N29:N38) -> 0 | O39: =SUM(O29:O38) -> 0 | P39: =SUM(P29:P38) -> 0 | ... AH39: =SUM(AH29:AH38) -> 0
C41: Nº Medida | D41: Redução Energética [kWh/ano] | G41: Redução Energética [kWh/ano] (ano 1) | I41: 1 | J41: 2 | K41: 3 | L41: 4 | M41: 5 | N41: 6 | O41: 7 | P41: 8 | Q41: 9 | R41: 10 | S41: 11 | T41: 12 | U41: 13 | V41: 14 | W41: 15 | X41: 16 | Y41: 17 | Z41: 18 | AA41: 19 | AB41: 20 | AC41: 21 | AD41: 22 | AE41: 23 | AF41: 24 | AG41: 25 | AH41: Total (até 25 anos)
C42: =C29 -> 1 | D42: =V10 -> 0 | G42: =IF(D42="","",D42-E42-F42) -> 0 | I42: =IF($H10>=25,$G42,IF(I$41<=$H10,$G42,IF(I$41<=($H10*($AD10+1)),$G42,0))) -> 0 | J42: =IF($H10>=25,$G42,IF(J$41<=$H10,$G42,IF(J$41<=($H10*($AD10+1)),$G42,0))) -> 0 | K42: =IF($H10>=25,$G42,IF(K$41<=$H10,$G42,IF(K$41<=($H10*($AD10+1)),$G42,0))) -> 0 | L42: =IF($H10>=25,$G42,IF(L$41<=$H10,$G42,IF(L$41<=($H10*($AD10+1)),$G42,0))) -> 0 | M42: =IF($H10>=25,$G42,IF(M$41<=$H10,$G42,IF(M$41<=($H10*($AD10+1)),$G42,0))) -> 0 | N42: =IF($H10>=25,$G42,IF(N$41<=$H10,$G42,IF(N$41<=($H10*($AD10+1)),$G42,0))) -> 0 | O42: =IF($H10>=25,$G42,IF(O$41<=$H10,$G42,IF(O$41<=($H10*($AD10+1)),$G42,0))) -> 0 | P42: =IF($H10>=25,$G42,IF(P$41<=$H10,$G42,IF(P$41<=($H10*($AD10+1)),$G42,0))) -> 0 | ... AG42: =IF($H10>=25,$G42,IF(AG$41<=$H10,$G42,IF(AG$41<=($H10*($AD10+1)),$G42,0))) -> 0 | AH42: =SUM(I42:AG42) -> 0
C43: =C30 -> 2 | D43: =V11 -> 0 | G43: =IF(D43="","",D43-E43-F43) -> 0 | I43: =IF($H11>=25,$G43,IF(I$41<=$H11,$G43,IF(I$41<=($H11*($AD11+1)),$G43,0))) -> 0 | J43: =IF($H11>=25,$G43,IF(J$41<=$H11,$G43,IF(J$41<=($H11*($AD11+1)),$G43,0))) -> 0 | K43: =IF($H11>=25,$G43,IF(K$41<=$H11,$G43,IF(K$41<=($H11*($AD11+1)),$G43,0))) -> 0 | L43: =IF($H11>=25,$G43,IF(L$41<=$H11,$G43,IF(L$41<=($H11*($AD11+1)),$G43,0))) -> 0 | M43: =IF($H11>=25,$G43,IF(M$41<=$H11,$G43,IF(M$41<=($H11*($AD11+1)),$G43,0))) -> 0 | N43: =IF($H11>=25,$G43,IF(N$41<=$H11,$G43,IF(N$41<=($H11*($AD11+1)),$G43,0))) -> 0 | O43: =IF($H11>=25,$G43,IF(O$41<=$H11,$G43,IF(O$41<=($H11*($AD11+1)),$G43,0))) -> 0 | P43: =IF($H11>=25,$G43,IF(P$41<=$H11,$G43,IF(P$41<=($H11*($AD11+1)),$G43,0))) -> 0 | ... AG43: =IF($H11>=25,$G43,IF(AG$41<=$H11,$G43,IF(AG$41<=($H11*($AD11+1)),$G43,0))) -> 0 | AH43: =SUM(I43:AG43) -> 0
C44: =C31 -> 3 | D44: =V12 -> 0 | G44: =IF(D44="","",D44-E44-F44) -> 0 | I44: =IF($H12>=25,$G44,IF(I$41<=$H12,$G44,IF(I$41<=($H12*($AD12+1)),$G44,0))) -> 0 | J44: =IF($H12>=25,$G44,IF(J$41<=$H12,$G44,IF(J$41<=($H12*($AD12+1)),$G44,0))) -> 0 | K44: =IF($H12>=25,$G44,IF(K$41<=$H12,$G44,IF(K$41<=($H12*($AD12+1)),$G44,0))) -> 0 | L44: =IF($H12>=25,$G44,IF(L$41<=$H12,$G44,IF(L$41<=($H12*($AD12+1)),$G44,0))) -> 0 | M44: =IF($H12>=25,$G44,IF(M$41<=$H12,$G44,IF(M$41<=($H12*($AD12+1)),$G44,0))) -> 0 | N44: =IF($H12>=25,$G44,IF(N$41<=$H12,$G44,IF(N$41<=($H12*($AD12+1)),$G44,0))) -> 0 | O44: =IF($H12>=25,$G44,IF(O$41<=$H12,$G44,IF(O$41<=($H12*($AD12+1)),$G44,0))) -> 0 | P44: =IF($H12>=25,$G44,IF(P$41<=$H12,$G44,IF(P$41<=($H12*($AD12+1)),$G44,0))) -> 0 | ... AG44: =IF($H12>=25,$G44,IF(AG$41<=$H12,$G44,IF(AG$41<=($H12*($AD12+1)),$G44,0))) -> 0 | AH44: =SUM(I44:AG44) -> 0
C45: =C32 -> 4 | D45: =V13 -> 0 | G45: =IF(D45="","",D45-E45-F45) -> 0 | I45: =IF($H13>=25,$G45,IF(I$41<=$H13,$G45,IF(I$41<=($H13*($AD13+1)),$G45,0))) -> 0 | J45: =IF($H13>=25,$G45,IF(J$41<=$H13,$G45,IF(J$41<=($H13*($AD13+1)),$G45,0))) -> 0 | K45: =IF($H13>=25,$G45,IF(K$41<=$H13,$G45,IF(K$41<=($H13*($AD13+1)),$G45,0))) -> 0 | L45: =IF($H13>=25,$G45,IF(L$41<=$H13,$G45,IF(L$41<=($H13*($AD13+1)),$G45,0))) -> 0 | M45: =IF($H13>=25,$G45,IF(M$41<=$H13,$G45,IF(M$41<=($H13*($AD13+1)),$G45,0))) -> 0 | N45: =IF($H13>=25,$G45,IF(N$41<=$H13,$G45,IF(N$41<=($H13*($AD13+1)),$G45,0))) -> 0 | O45: =IF($H13>=25,$G45,IF(O$41<=$H13,$G45,IF(O$41<=($H13*($AD13+1)),$G45,0))) -> 0 | P45: =IF($H13>=25,$G45,IF(P$41<=$H13,$G45,IF(P$41<=($H13*($AD13+1)),$G45,0))) -> 0 | ... AG45: =IF($H13>=25,$G45,IF(AG$41<=$H13,$G45,IF(AG$41<=($H13*($AD13+1)),$G45,0))) -> 0 | AH45: =SUM(I45:AG45) -> 0
C46: =C33 -> 5 | D46: =V14 -> 0 | G46: =IF(D46="","",D46-E46-F46) -> 0 | I46: =IF($H14>=25,$G46,IF(I$41<=$H14,$G46,IF(I$41<=($H14*($AD14+1)),$G46,0))) -> 0 | J46: =IF($H14>=25,$G46,IF(J$41<=$H14,$G46,IF(J$41<=($H14*($AD14+1)),$G46,0))) -> 0 | K46: =IF($H14>=25,$G46,IF(K$41<=$H14,$G46,IF(K$41<=($H14*($AD14+1)),$G46,0))) -> 0 | L46: =IF($H14>=25,$G46,IF(L$41<=$H14,$G46,IF(L$41<=($H14*($AD14+1)),$G46,0))) -> 0 | M46: =IF($H14>=25,$G46,IF(M$41<=$H14,$G46,IF(M$41<=($H14*($AD14+1)),$G46,0))) -> 0 | N46: =IF($H14>=25,$G46,IF(N$41<=$H14,$G46,IF(N$41<=($H14*($AD14+1)),$G46,0))) -> 0 | O46: =IF($H14>=25,$G46,IF(O$41<=$H14,$G46,IF(O$41<=($H14*($AD14+1)),$G46,0))) -> 0 | P46: =IF($H14>=25,$G46,IF(P$41<=$H14,$G46,IF(P$41<=($H14*($AD14+1)),$G46,0))) -> 0 | ... AG46: =IF($H14>=25,$G46,IF(AG$41<=$H14,$G46,IF(AG$41<=($H14*($AD14+1)),$G46,0))) -> 0 | AH46: =SUM(I46:AG46) -> 0
C47: =C34 -> 6 | D47: =V16 -> 0 | G47: =IF(D47="","",D47-E47-F47) -> 0 | I47: =IF($H16>=25,$G47,IF(I$41<=$H16,$G47,IF(I$41<=($H16*($AD16+1)),$G47,0))) -> 0 | J47: =IF($H16>=25,$G47,IF(J$41<=$H16,$G47,IF(J$41<=($H16*($AD16+1)),$G47,0))) -> 0 | K47: =IF($H16>=25,$G47,IF(K$41<=$H16,$G47,IF(K$41<=($H16*($AD16+1)),$G47,0))) -> 0 | L47: =IF($H16>=25,$G47,IF(L$41<=$H16,$G47,IF(L$41<=($H16*($AD16+1)),$G47,0))) -> 0 | M47: =IF($H16>=25,$G47,IF(M$41<=$H16,$G47,IF(M$41<=($H16*($AD16+1)),$G47,0))) -> 0 | N47: =IF($H16>=25,$G47,IF(N$41<=$H16,$G47,IF(N$41<=($H16*($AD16+1)),$G47,0))) -> 0 | O47: =IF($H16>=25,$G47,IF(O$41<=$H16,$G47,IF(O$41<=($H16*($AD16+1)),$G47,0))) -> 0 | P47: =IF($H16>=25,$G47,IF(P$41<=$H16,$G47,IF(P$41<=($H16*($AD16+1)),$G47,0))) -> 0 | ... AG47: =IF($H16>=25,$G47,IF(AG$41<=$H16,$G47,IF(AG$41<=($H16*($AD16+1)),$G47,0))) -> 0 | AH47: =SUM(I47:AG47) -> 0
C48: =C35 -> 7 | D48: =V17 -> 0 | G48: =IF(D48="","",D48-E48-F48) -> 0 | I48: =IF($H17>=25,$G48,IF(I$41<=$H17,$G48,IF(I$41<=($H17*($AD17+1)),$G48,0))) -> 0 | J48: =IF($H17>=25,$G48,IF(J$41<=$H17,$G48,IF(J$41<=($H17*($AD17+1)),$G48,0))) -> 0 | K48: =IF($H17>=25,$G48,IF(K$41<=$H17,$G48,IF(K$41<=($H17*($AD17+1)),$G48,0))) -> 0 | L48: =IF($H17>=25,$G48,IF(L$41<=$H17,$G48,IF(L$41<=($H17*($AD17+1)),$G48,0))) -> 0 | M48: =IF($H17>=25,$G48,IF(M$41<=$H17,$G48,IF(M$41<=($H17*($AD17+1)),$G48,0))) -> 0 | N48: =IF($H17>=25,$G48,IF(N$41<=$H17,$G48,IF(N$41<=($H17*($AD17+1)),$G48,0))) -> 0 | O48: =IF($H17>=25,$G48,IF(O$41<=$H17,$G48,IF(O$41<=($H17*($AD17+1)),$G48,0))) -> 0 | P48: =IF($H17>=25,$G48,IF(P$41<=$H17,$G48,IF(P$41<=($H17*($AD17+1)),$G48,0))) -> 0 | ... AG48: =IF($H17>=25,$G48,IF(AG$41<=$H17,$G48,IF(AG$41<=($H17*($AD17+1)),$G48,0))) -> 0 | AH48: =SUM(I48:AG48) -> 0
C49: =C36 -> 8 | D49: =V18 -> 0 | G49: =IF(D49="","",D49-E49-F49) -> 0 | I49: =IF($H18>=25,$G49,IF(I$41<=$H18,$G49,IF(I$41<=($H18*($AD18+1)),$G49,0))) -> 0 | J49: =IF($H18>=25,$G49,IF(J$41<=$H18,$G49,IF(J$41<=($H18*($AD18+1)),$G49,0))) -> 0 | K49: =IF($H18>=25,$G49,IF(K$41<=$H18,$G49,IF(K$41<=($H18*($AD18+1)),$G49,0))) -> 0 | L49: =IF($H18>=25,$G49,IF(L$41<=$H18,$G49,IF(L$41<=($H18*($AD18+1)),$G49,0))) -> 0 | M49: =IF($H18>=25,$G49,IF(M$41<=$H18,$G49,IF(M$41<=($H18*($AD18+1)),$G49,0))) -> 0 | N49: =IF($H18>=25,$G49,IF(N$41<=$H18,$G49,IF(N$41<=($H18*($AD18+1)),$G49,0))) -> 0 | O49: =IF($H18>=25,$G49,IF(O$41<=$H18,$G49,IF(O$41<=($H18*($AD18+1)),$G49,0))) -> 0 | P49: =IF($H18>=25,$G49,IF(P$41<=$H18,$G49,IF(P$41<=($H18*($AD18+1)),$G49,0))) -> 0 | ... AG49: =IF($H18>=25,$G49,IF(AG$41<=$H18,$G49,IF(AG$41<=($H18*($AD18+1)),$G49,0))) -> 0 | AH49: =SUM(I49:AG49) -> 0
C50: =C37 -> 9 | D50: =V19 -> 0 | G50: =IF(D50="","",D50-E50-F50) -> 0 | I50: =IF($H19>=25,$G50,IF(I$41<=$H19,$G50,IF(I$41<=($H19*($AD19+1)),$G50,0))) -> 0 | J50: =IF($H19>=25,$G50,IF(J$41<=$H19,$G50,IF(J$41<=($H19*($AD19+1)),$G50,0))) -> 0 | K50: =IF($H19>=25,$G50,IF(K$41<=$H19,$G50,IF(K$41<=($H19*($AD19+1)),$G50,0))) -> 0 | L50: =IF($H19>=25,$G50,IF(L$41<=$H19,$G50,IF(L$41<=($H19*($AD19+1)),$G50,0))) -> 0 | M50: =IF($H19>=25,$G50,IF(M$41<=$H19,$G50,IF(M$41<=($H19*($AD19+1)),$G50,0))) -> 0 | N50: =IF($H19>=25,$G50,IF(N$41<=$H19,$G50,IF(N$41<=($H19*($AD19+1)),$G50,0))) -> 0 | O50: =IF($H19>=25,$G50,IF(O$41<=$H19,$G50,IF(O$41<=($H19*($AD19+1)),$G50,0))) -> 0 | P50: =IF($H19>=25,$G50,IF(P$41<=$H19,$G50,IF(P$41<=($H19*($AD19+1)),$G50,0))) -> 0 | ... AG50: =IF($H19>=25,$G50,IF(AG$41<=$H19,$G50,IF(AG$41<=($H19*($AD19+1)),$G50,0))) -> 0 | AH50: =SUM(I50:AG50) -> 0
C51: =C38 -> 10 | D51: =V20 -> 0 | G51: =IF(D51="","",D51-E51-F51) -> 0 | I51: =IF($H20>=25,$G51,IF(I$41<=$H20,$G51,IF(I$41<=($H20*($AD20+1)),$G51,0))) -> 0 | J51: =IF($H20>=25,$G51,IF(J$41<=$H20,$G51,IF(J$41<=($H20*($AD20+1)),$G51,0))) -> 0 | K51: =IF($H20>=25,$G51,IF(K$41<=$H20,$G51,IF(K$41<=($H20*($AD20+1)),$G51,0))) -> 0 | L51: =IF($H20>=25,$G51,IF(L$41<=$H20,$G51,IF(L$41<=($H20*($AD20+1)),$G51,0))) -> 0 | M51: =IF($H20>=25,$G51,IF(M$41<=$H20,$G51,IF(M$41<=($H20*($AD20+1)),$G51,0))) -> 0 | N51: =IF($H20>=25,$G51,IF(N$41<=$H20,$G51,IF(N$41<=($H20*($AD20+1)),$G51,0))) -> 0 | O51: =IF($H20>=25,$G51,IF(O$41<=$H20,$G51,IF(O$41<=($H20*($AD20+1)),$G51,0))) -> 0 | P51: =IF($H20>=25,$G51,IF(P$41<=$H20,$G51,IF(P$41<=($H20*($AD20+1)),$G51,0))) -> 0 | ... AG51: =IF($H20>=25,$G51,IF(AG$41<=$H20,$G51,IF(AG$41<=($H20*($AD20+1)),$G51,0))) -> 0 | AH51: =SUM(O51:AG51) -> 0
H52: Totais | I52: =SUM(I42:I51) -> 0 | J52: =SUM(J42:J51) -> 0 | K52: =SUM(K42:K51) -> 0 | L52: =SUM(L42:L51) -> 0 | M52: =SUM(M42:M51) -> 0 | N52: =SUM(N42:N51) -> 0 | O52: =SUM(O42:O51) -> 0 | P52: =SUM(P42:P51) -> 0 | ... AH52: =SUM(AH42:AH51) -> 0
AL106: 76
AL107: 77
AL108: 78

Sheet 4. Medidas a).iii)
C3: Tipo de Medidas:
C4: iii) Intervenções nos sistemas técnicos instalados, através da substituição dos sistemas existentes por sistemas de elevada eficiência, ou através de intervenções nos sistemas existentes que visem aumentar a sua eficiência energética, nomeadamente integração de água quente solar, incorporação de microgeração, sistemas de iluminação, aquecimento, ventilação e ar condicionado (AVAC); | AG4: =+IF(F10="","",IF(AND(F10='Valores-Padrão'!$C$26,H10>0),IF(AND(G10>0,G10<=30),'Valores-Padrão'!$E$22+H10*15,IF(G10<=45,'Valores-Padrão'!$E$23+H10*15,IF(AND(G10>45,G10<=65),'Valores-Padrão'!$E$24+H10*15,0)))))
C5: Identificação das medidas a implementar:
J6: Antes da implementação | R6: Depois da implementação | AG6: Investimento
G7: Capacidade / Potência | H7: Somatório dos elementos de todos os radiadores (se aplicável) | I7: Vida Util Equipamento | J7: Consumo estimado [kWh] | P7: Consumo de Energia Primária | Q7: Custo Energético | R7: Redução de consumo esperado com aplicação da medida [kWh] | X7: Redução de fatura esperada com aplicação da medida | Y7: Poupança prevista | Z7: Redução de Energia Primária | AB7: Redução das emissões de CO2 | AC7: Custo Manutenção e Operação anual (se aplicável) | AD7: Custo de reinvestimento por substituição (se aplicável) | AE7: Número de reinvestimentos previstos (se aplicável) | AF7: Ano em que ocorre a primeira substituiçao do Equipamento | AG7: Valor estimado de Investimento (sem IVA) | AH7: IVA associado (se despesa elegivel) | AI7: Valor máx. elegível por aplicação de Custo Padrão (sem IVA) | AJ7: Despesa Elegivel Corrigida | AK7: Payback
C8: Medida Nº | D8: Descrição da medida | E8: Medida de Melhoria incluida na avaliação do cenário final do CE? | F8: Descrição da solução técnica | G8: [litros÷min / litros / kW] | H8: [unidades] | I8: [anos] | J8: ='1. Identificação Ben. Oper.'!D34 -> Energia Elétrica | K8: =IF('1. Identificação Ben. Oper.'!E34="","",'1. Identificação Ben. Oper.'!E34) | L8: =IF('1. Identificação Ben. Oper.'!F34="","",'1. Identificação Ben. Oper.'!F34) | M8: =IF('1. Identificação Ben. Oper.'!G34="","",'1. Identificação Ben. Oper.'!G34) | N8: =IF('1. Identificação Ben. Oper.'!H34="","",'1. Identificação Ben. Oper.'!H34) | O8: Total | P8: [tep/ano] | Q8: [€/ano] | R8: =+J8 -> Energia Elétrica | S8: =+K8 | T8: =+L8 | U8: =+M8 | V8: =+N8 | W8: =+O8 -> Total | X8: [€/ano] | Y8: [%] | Z8: [kWhEP/ano] | AA8: [tep/ano] | AB8: [ton/ano] | AC8: [€/ano] | AD8: [€] | AE8: [unidades] | AF8: [ano] | AG8: [€] | AH8: [€] | AI8: [€] | AJ8: [€] | AK8: [anos]
C9: Medidas identificadas na tabela dos custos - padrão por tecnologia (DGEG)
C10: 1 | I10: =IF(F10="","",VLOOKUP(F10,'Valores-Padrão'!$C$13:$F$26,4,FALSE)) | O10: =+SUM(J10:N10) -> 0 | P10: =+VLOOKUP($J$8,'Fatores de conversão'!$A$5:$I$13,6,FALSE)*J10+VLOOKUP($K$8,'Fatores de conversão'!$A$5:$I$13,6,FALSE)*K10+VLOOKUP($L$8,'Fatores de conversão'!$A$5:$I$13,6,FALSE)*L10+VLOOKUP($M$8,'Fatores de conversão'!$A$5:$I$13,6,FALSE)*M10+VLOOKUP($N$8,'Fatores de conversão'!$A$5:$I$13,6,FALSE)*N10 -> 0 | Q10: =+SUMPRODUCT('1. Identificação Ben. Oper.'!$D$38:$H$38,J10:N10) -> 0 | W10: =+SUM(R10:V10) -> 0 | X10: =+SUMPRODUCT('1. Identificação Ben. Oper.'!$D$38:$H$38,R10:V10) -> 0 | Y10: =IF(O10=0,0,W10/O10) -> 0 | Z10: =+VLOOKUP($R$8,'Fatores de conversão'!$A$5:$I$13,3,FALSE)*R10+VLOOKUP($S$8,'Fatores de conversão'!$A$5:$I$13,3,FALSE)*S10+VLOOKUP($T$8,'Fatores de conversão'!$A$5:$I$13,3,FALSE)*T10+VLOOKUP($U$8,'Fatores de conversão'!$A$5:$I$13,3,FALSE)*U10+VLOOKUP($V$8,'Fatores de conversão'!$A$5:$I$13,3,FALSE)*V10 -> 0 | AA10: =+VLOOKUP($R$8,'Fatores de conversão'!$A$5:$I$13,6,FALSE)*R10+VLOOKUP($S$8,'Fatores de conversão'!$A$5:$I$13,6,FALSE)*S10+VLOOKUP($T$8,'Fatores de conversão'!$A$5:$I$13,6,FALSE)*T10+VLOOKUP($U$8,'Fatores de conversão'!$A$5:$I$13,6,FALSE)*U10+VLOOKUP($V$8,'Fatores de conversão'!$A$5:$I$13,6,FALSE)*V10 -> 0 | AB10: =(VLOOKUP($R$8,'Fatores de conversão'!$A$5:$I$13,9,FALSE)*R10+VLOOKUP($S$8,'Fatores de conversão'!$A$5:$I$13,9,FALSE)*S10+VLOOKUP($T$8,'Fatores de conversão'!$A$5:$I$13,9,FALSE)*T10+VLOOKUP($U$8,'Fatores de conversão'!$A$5:$I$13,9,FALSE)*U10+VLOOKUP($V$8,'Fatores de conversão'!$A$5:$I$13,9,FALSE)*V10)/1000 -> 0 | AF10: =IF(OR(AD10="",AD10=0),0,IF(OR(AE10="",AE10=0),0,I10+1)) -> 0 | AI10: =IF(F10="","",IF(F10<>'Valores-Padrão'!$C$26,VLOOKUP(F10,'Valores-Padrão'!$C$13:$F$26,3,FALSE),IF(AND(F10='Valores-Padrão'!$C$26,H10>0),IF(AND(G10>0,G10<=30),'Valores-Padrão'!$E$22+H10*15,IF(G10<=45,'Valores-Padrão'!$E$23+H10*15,IF(AND(G10>45,G10<=65),'Valores-Padrão'!$E$24+H10*15,0)))))) | AJ10: =IF(AG10=0,0,IF(AG10<(AI10),AG10+AH10,((AI10)+((AH10/AG10)*AI10)))) -> 0 | AK10: =IF(X10=0,0,(AG10+AH10)/X10) -> 0
C11: 2 | I11: =IF(F11="","",VLOOKUP(F11,'Valores-Padrão'!$C$13:$F$26,4,FALSE)) | O11: =+SUM(J11:N11) -> 0 | P11: =+VLOOKUP($J$8,'Fatores de conversão'!$A$5:$I$13,6,FALSE)*J11+VLOOKUP($K$8,'Fatores de conversão'!$A$5:$I$13,6,FALSE)*K11+VLOOKUP($L$8,'Fatores de conversão'!$A$5:$I$13,6,FALSE)*L11+VLOOKUP($M$8,'Fatores de conversão'!$A$5:$I$13,6,FALSE)*M11+VLOOKUP($N$8,'Fatores de conversão'!$A$5:$I$13,6,FALSE)*N11 -> 0 | Q11: =+SUMPRODUCT('1. Identificação Ben. Oper.'!$D$38:$H$38,J11:N11) -> 0 | W11: =+SUM(R11:V11) -> 0 | X11: =+SUMPRODUCT('1. Identificação Ben. Oper.'!$D$38:$H$38,R11:V11) -> 0 | Y11: =IF(O11=0,0,W11/O11) -> 0 | Z11: =+VLOOKUP($R$8,'Fatores de conversão'!$A$5:$I$13,3,FALSE)*R11+VLOOKUP($S$8,'Fatores de conversão'!$A$5:$I$13,3,FALSE)*S11+VLOOKUP($T$8,'Fatores de conversão'!$A$5:$I$13,3,FALSE)*T11+VLOOKUP($U$8,'Fatores de conversão'!$A$5:$I$13,3,FALSE)*U11+VLOOKUP($V$8,'Fatores de conversão'!$A$5:$I$13,3,FALSE)*V11 -> 0 | AA11: =+VLOOKUP($R$8,'Fatores de conversão'!$A$5:$I$13,6,FALSE)*R11+VLOOKUP($S$8,'Fatores de conversão'!$A$5:$I$13,6,FALSE)*S11+VLOOKUP($T$8,'Fatores de conversão'!$A$5:$I$13,6,FALSE)*T11+VLOOKUP($U$8,'Fatores de conversão'!$A$5:$I$13,6,FALSE)*U11+VLOOKUP($V$8,'Fatores de conversão'!$A$5:$I$13,6,FALSE)*V11 -> 0 | AB11: =(VLOOKUP($R$8,'Fatores de conversão'!$A$5:$I$13,9,FALSE)*R11+VLOOKUP($S$8,'Fatores de conversão'!$A$5:$I$13,9,FALSE)*S11+VLOOKUP($T$8,'Fatores de conversão'!$A$5:$I$13,9,FALSE)*T11+VLOOKUP($U$8,'Fatores de conversão'!$A$5:$I$13,9,FALSE)*U11+VLOOKUP($V$8,'Fatores de conversão'!$A$5:$I$13,9,FALSE)*V11)/1000 -> 0 | AF11: =IF(OR(AD11="",AD11=0),0,IF(OR(AE11="",AE11=0),0,I11+1)) -> 0 | AI11: =IF(F11="","",IF(F11<>'Valores-Padrão'!$C$26,VLOOKUP(F11,'Valores-Padrão'!$C$13:$F$26,3,FALSE),IF(AND(F11='Valores-Padrão'!$C$26,H11>0),IF(AND(G11>0,G11<=30),'Valores-Padrão'!$E$22+H11*15,IF(G11<=45,'Valores-Padrão'!$E$23+H11*15,IF(AND(G11>45,G11<=65),'Valores-Padrão'!$E$24+H11*15,0)))))) | AJ11: =IF(AG11=0,0,IF(AG11<(AI11),AG11+AH11,((AI11)+((AH11/AG11)*AI11)))) -> 0 | AK11: =IF(X11=0,0,(AG11+AH11)/X11) -> 0
C12: 3 | I12: =IF(F12="","",VLOOKUP(F12,'Valores-Padrão'!$C$13:$F$26,4,FALSE)) | O12: =+SUM(J12:N12) -> 0 | P12: =+VLOOKUP($J$8,'Fatores de conversão'!$A$5:$I$13,6,FALSE)*J12+VLOOKUP($K$8,'Fatores de conversão'!$A$5:$I$13,6,FALSE)*K12+VLOOKUP($L$8,'Fatores de conversão'!$A$5:$I$13,6,FALSE)*L12+VLOOKUP($M$8,'Fatores de conversão'!$A$5:$I$13,6,FALSE)*M12+VLOOKUP($N$8,'Fatores de conversão'!$A$5:$I$13,6,FALSE)*N12 -> 0 | Q12: =+SUMPRODUCT('1. Identificação Ben. Oper.'!$D$38:$H$38,J12:N12) -> 0 | W12: =+SUM(R12:V12) -> 0 | X12: =+SUMPRODUCT('1. Identificação Ben. Oper.'!$D$38:$H$38,R12:V12) -> 0 | Y12: =IF(O12=0,0,W12/O12) -> 0 | Z12: =+VLOOKUP($R$8,'Fatores de conversão'!$A$5:$I$13,3,FALSE)*R12+VLOOKUP($S$8,'Fatores de conversão'!$A$5:$I$13,3,FALSE)*S12+VLOOKUP($T$8,'Fatores de conversão'!$A$5:$I$13,3,FALSE)*T12+VLOOKUP($U$8,'Fatores de conversão'!$A$5:$I$13,3,FALSE)*U12+VLOOKUP($V$8,'Fatores de conversão'!$A$5:$I$13,3,FALSE)*V12 -> 0 | AA12: =+VLOOKUP($R$8,'Fatores de conversão'!$A$5:$I$13,6,FALSE)*R12+VLOOKUP($S$8,'Fatores de conversão'!$A$5:$I$13,6,FALSE)*S12+VLOOKUP($T$8,'Fatores de conversão'!$A$5:$I$13,6,FALSE)*T12+VLOOKUP($U$8,'Fatores de conversão'!$A$5:$I$13,6,FALSE)*U12+VLOOKUP($V$8,'Fatores de conversão'!$A$5:$I$13,6,FALSE)*V12 -> 0 | AB12: =(VLOOKUP($R$8,'Fatores de conversão'!$A$5:$I$13,9,FALSE)*R12+VLOOKUP($S$8,'Fatores de conversão'!$A$5:$I$13,9,FALSE)*S12+VLOOKUP($T$8,'Fatores de conversão'!$A$5:$I$13,9,FALSE)*T12+VLOOKUP($U$8,'Fatores de conversão'!$A$5:$I$13,9,FALSE)*U12+VLOOKUP($V$8,'Fatores de conversão'!$A$5:$I$13,9,FALSE)*V12)/1000 -> 0 | AF12: =IF(OR(AD12="",AD12=0),0,IF(OR(AE12="",AE12=0),0,I12+1)) -> 0 | AI12: =IF(F12="","",IF(F12<>'Valores-Padrão'!$C$26,VLOOKUP(F12,'Valores-Padrão'!$C$13:$F$26,3,FALSE),IF(AND(F12='Valores-Padrão'!$C$26,H12>0),IF(AND(G12>0,G12<=30),'Valores-Padrão'!$E$22+H12*15,IF(G12<=45,'Valores-Padrão'!$E$23+H12*15,IF(AND(G12>45,G12<=65),'Valores-Padrão'!$E$24+H12*15,0)))))) | AJ12: =IF(AG12=0,0,IF(AG12<(AI12),AG12+AH12,((AI12)+((AH12/AG12)*AI12)))) -> 0 | AK12: =IF(X12=0,0,(AG12+AH12)/X12) -> 0
C13: 4 | I13: =IF(F13="","",VLOOKUP(F13,'Valores-Padrão'!$C$13:$F$26,4,FALSE)) | O13: =+SUM(J13:N13) -> 0 | P13: =+VLOOKUP($J$8,'Fatores de conversão'!$A$5:$I$13,6,FALSE)*J13+VLOOKUP($K$8,'Fatores de conversão'!$A$5:$I$13,6,FALSE)*K13+VLOOKUP($L$8,'Fatores de conversão'!$A$5:$I$13,6,FALSE)*L13+VLOOKUP($M$8,'Fatores de conversão'!$A$5:$I$13,6,FALSE)*M13+VLOOKUP($N$8,'Fatores de conversão'!$A$5:$I$13,6,FALSE)*N13 -> 0 | Q13: =+SUMPRODUCT('1. Identificação Ben. Oper.'!$D$38:$H$38,J13:N13) -> 0 | W13: =+SUM(R13:V13) -> 0 | X13: =+SUMPRODUCT('1. Identificação Ben. Oper.'!$D$38:$H$38,R13:V13) -> 0 | Y13: =IF(O13=0,0,W13/O13) -> 0 | Z13: =+VLOOKUP($R$8,'Fatores de conversão'!$A$5:$I$13,3,FALSE)*R13+VLOOKUP($S$8,'Fatores de conversão'!$A$5:$I$13,3,FALSE)*S13+VLOOKUP($T$8,'Fatores de conversão'!$A$5:$I$13,3,FALSE)*T13+VLOOKUP($U$8,'Fatores de conversão'!$A$5:$I$13,3,FALSE)*U13+VLOOKUP($V$8,'Fatores de conversão'!$A$5:$I$13,3,FALSE)*V13 -> 0 | AA13: =+VLOOKUP($R$8,'Fatores de conversão'!$A$5:$I$13,6,FALSE)*R13+VLOOKUP($S$8,'Fatores de conversão'!$A$5:$I$13,6,FALSE)*S13+VLOOKUP($T$8,'Fatores de conversão'!$A$5:$I$13,6,FALSE)*T13+VLOOKUP($U$8,'Fatores de conversão'!$A$5:$I$13,6,FALSE)*U13+VLOOKUP($V$8,'Fatores de conversão'!$A$5:$I$13,6,FALSE)*V13 -> 0 | AB13: =(VLOOKUP($R$8,'Fatores de conversão'!$A$5:$I$13,9,FALSE)*R13+VLOOKUP($S$8,'Fatores de conversão'!$A$5:$I$13,9,FALSE)*S13+VLOOKUP($T$8,'Fatores de conversão'!$A$5:$I$13,9,FALSE)*T13+VLOOKUP($U$8,'Fatores de conversão'!$A$5:$I$13,9,FALSE)*U13+VLOOKUP($V$8,'Fatores de conversão'!$A$5:$I$13,9,FALSE)*V13)/1000 -> 0 | AF13: =IF(OR(AD13="",AD13=0),0,IF(OR(AE13="",AE13=0),0,I13+1)) -> 0 | AI13: =IF(F13="","",IF(F13<>'Valores-Padrão'!$C$26,VLOOKUP(F13,'Valores-Padrão'!$C$13:$F$26,3,FALSE),IF(AND(F13='Valores-Padrão'!$C$26,H13>0),IF(AND(G13>0,G13<=30),'Valores-Padrão'!$E$22+H13*15,IF(G13<=45,'Valores-Padrão'!$E$23+H13*15,IF(AND(G13>45,G13<=65),'Valores-Padrão'!$E$24+H13*15,0)))))) | AJ13: =IF(AG13=0,0,IF(AG13<(AI13),AG13+AH13,((AI13)+((AH13/AG13)*AI13)))) -> 0 | AK13: =IF(X13=0,0,(AG13+AH13)/X13) -> 0
C14: 5 | I14: =IF(F14="","",VLOOKUP(F14,'Valores-Padrão'!$C$13:$F$26,4,FALSE)) | O14: =+SUM(J14:N14) -> 0 | P14: =+VLOOKUP($J$8,'Fatores de conversão'!$A$5:$I$13,6,FALSE)*J14+VLOOKUP($K$8,'Fatores de conversão'!$A$5:$I$13,6,FALSE)*K14+VLOOKUP($L$8,'Fatores de conversão'!$A$5:$I$13,6,FALSE)*L14+VLOOKUP($M$8,'Fatores de conversão'!$A$5:$I$13,6,FALSE)*M14+VLOOKUP($N$8,'Fatores de conversão'!$A$5:$I$13,6,FALSE)*N14 -> 0 | Q14: =+SUMPRODUCT('1. Identificação Ben. Oper.'!$D$38:$H$38,J14:N14) -> 0 | W14: =+SUM(R14:V14) -> 0 | X14: =+SUMPRODUCT('1. Identificação Ben. Oper.'!$D$38:$H$38,R14:V14) -> 0 | Y14: =IF(O14=0,0,W14/O14) -> 0 | Z14: =+VLOOKUP($R$8,'Fatores de conversão'!$A$5:$I$13,3,FALSE)*R14+VLOOKUP($S$8,'Fatores de conversão'!$A$5:$I$13,3,FALSE)*S14+VLOOKUP($T$8,'Fatores de conversão'!$A$5:$I$13,3,FALSE)*T14+VLOOKUP($U$8,'Fatores de conversão'!$A$5:$I$13,3,FALSE)*U14+VLOOKUP($V$8,'Fatores de conversão'!$A$5:$I$13,3,FALSE)*V14 -> 0 | AA14: =+VLOOKUP($R$8,'Fatores de conversão'!$A$5:$I$13,6,FALSE)*R14+VLOOKUP($S$8,'Fatores de conversão'!$A$5:$I$13,6,FALSE)*S14+VLOOKUP($T$8,'Fatores de conversão'!$A$5:$I$13,6,FALSE)*T14+VLOOKUP($U$8,'Fatores de conversão'!$A$5:$I$13,6,FALSE)*U14+VLOOKUP($V$8,'Fatores de conversão'!$A$5:$I$13,6,FALSE)*V14 -> 0 | AB14: =(VLOOKUP($R$8,'Fatores de conversão'!$A$5:$I$13,9,FALSE)*R14+VLOOKUP($S$8,'Fatores de conversão'!$A$5:$I$13,9,FALSE)*S14+VLOOKUP($T$8,'Fatores de conversão'!$A$5:$I$13,9,FALSE)*T14+VLOOKUP($U$8,'Fatores de conversão'!$A$5:$I$13,9,FALSE)*U14+VLOOKUP($V$8,'Fatores de conversão'!$A$5:$I$13,9,FALSE)*V14)/1000 -> 0 | AF14: =IF(OR(AD14="",AD14=0),0,IF(OR(AE14="",AE14=0),0,I14+1)) -> 0 | AI14: =IF(F14="","",IF(F14<>'Valores-Padrão'!$C$26,VLOOKUP(F14,'Valores-Padrão'!$C$13:$F$26,3,FALSE),IF(AND(F14='Valores-Padrão'!$C$26,H14>0),IF(AND(G14>0,G14<=30),'Valores-Padrão'!$E$22+H14*15,IF(G14<=45,'Valores-Padrão'!$E$23+H14*15,IF(AND(G14>45,G14<=65),'Valores-Padrão'!$E$24+H14*15,0)))))) | AJ14: =IF(AG14=0,0,IF(AG14<(AI14),AG14+AH14,((AI14)+((AH14/AG14)*AI14)))) -> 0 | AK14: =IF(X14=0,0,(AG14+AH14)/X14) -> 0
C15: Restantes medidas não identificadas na tabela dos custos - padrão por tecnologia (DGEG)
C16: 6 | O16: =+SUM(J16:N16) -> 0 | P16: =+VLOOKUP($J$8,'Fatores de conversão'!$A$5:$I$13,6,FALSE)*J16+VLOOKUP($K$8,'Fatores de conversão'!$A$5:$I$13,6,FALSE)*K16+VLOOKUP($L$8,'Fatores de conversão'!$A$5:$I$13,6,FALSE)*L16+VLOOKUP($M$8,'Fatores de conversão'!$A$5:$I$13,6,FALSE)*M16+VLOOKUP($N$8,'Fatores de conversão'!$A$5:$I$13,6,FALSE)*N16 -> 0 | Q16: =+SUMPRODUCT('1. Identificação Ben. Oper.'!$D$38:$H$38,J16:N16) -> 0 | W16: =+SUM(R16:V16) -> 0 | X16: =+SUMPRODUCT('1. Identificação Ben. Oper.'!$D$38:$H$38,R16:V16) -> 0 | Y16: =IF(O16=0,0,W16/O16) -> 0 | Z16: =+VLOOKUP($R$8,'Fatores de conversão'!$A$5:$I$13,3,FALSE)*R16+VLOOKUP($S$8,'Fatores de conversão'!$A$5:$I$13,3,FALSE)*S16+VLOOKUP($T$8,'Fatores de conversão'!$A$5:$I$13,3,FALSE)*T16+VLOOKUP($U$8,'Fatores de conversão'!$A$5:$I$13,3,FALSE)*U16+VLOOKUP($V$8,'Fatores de conversão'!$A$5:$I$13,3,FALSE)*V16 -> 0 | AA16: =+VLOOKUP($R$8,'Fatores de conversão'!$A$5:$I$13,6,FALSE)*R16+VLOOKUP($S$8,'Fatores de conversão'!$A$5:$I$13,6,FALSE)*S16+VLOOKUP($T$8,'Fatores de conversão'!$A$5:$I$13,6,FALSE)*T16+VLOOKUP($U$8,'Fatores de conversão'!$A$5:$I$13,6,FALSE)*U16+VLOOKUP($V$8,'Fatores de conversão'!$A$5:$I$13,6,FALSE)*V16 -> 0 | AB16: =(VLOOKUP($R$8,'Fatores de conversão'!$A$5:$I$13,9,FALSE)*R16+VLOOKUP($S$8,'Fatores de conversão'!$A$5:$I$13,9,FALSE)*S16+VLOOKUP($T$8,'Fatores de conversão'!$A$5:$I$13,9,FALSE)*T16+VLOOKUP($U$8,'Fatores de conversão'!$A$5:$I$13,9,FALSE)*U16+VLOOKUP($V$8,'Fatores de conversão'!$A$5:$I$13,9,FALSE)*V16)/1000 -> 0 | AF16: =IF(OR(AD16="",AD16=0),0,IF(OR(AE16="",AE16=0),0,I16+1)) -> 0 | AI16: - | AJ16: =IF(AG16=0,0,IF(AG16<(AI16),AG16+AH16,((AI16)+((AH16/AG16)*AI16)))) -> 0 | AK16: =IF(X16=0,0,(AG16+AH16)/X16) -> 0
C17: 7 | O17: =+SUM(J17:N17) -> 0 | P17: =+VLOOKUP($J$8,'Fatores de conversão'!$A$5:$I$13,6,FALSE)*J17+VLOOKUP($K$8,'Fatores de conversão'!$A$5:$I$13,6,FALSE)*K17+VLOOKUP($L$8,'Fatores de conversão'!$A$5:$I$13,6,FALSE)*L17+VLOOKUP($M$8,'Fatores de conversão'!$A$5:$I$13,6,FALSE)*M17+VLOOKUP($N$8,'Fatores de conversão'!$A$5:$I$13,6,FALSE)*N17 -> 0 | Q17: =+SUMPRODUCT('1. Identificação Ben. Oper.'!$D$38:$H$38,J17:N17) -> 0 | W17: =+SUM(R17:V17) -> 0 | X17: =+SUMPRODUCT('1. Identificação Ben. Oper.'!$D$38:$H$38,R17:V17) -> 0 | Y17: =IF(O17=0,0,W17/O17) -> 0 | Z17: =+VLOOKUP($R$8,'Fatores de conversão'!$A$5:$I$13,3,FALSE)*R17+VLOOKUP($S$8,'Fatores de conversão'!$A$5:$I$13,3,FALSE)*S17+VLOOKUP($T$8,'Fatores de conversão'!$A$5:$I$13,3,FALSE)*T17+VLOOKUP($U$8,'Fatores de conversão'!$A$5:$I$13,3,FALSE)*U17+VLOOKUP($V$8,'Fatores de conversão'!$A$5:$I$13,3,FALSE)*V17 -> 0 | AA17: =+VLOOKUP($R$8,'Fatores de conversão'!$A$5:$I$13,6,FALSE)*R17+VLOOKUP($S$8,'Fatores de conversão'!$A$5:$I$13,6,FALSE)*S17+VLOOKUP($T$8,'Fatores de conversão'!$A$5:$I$13,6,FALSE)*T17+VLOOKUP($U$8,'Fatores de conversão'!$A$5:$I$13,6,FALSE)*U17+VLOOKUP($V$8,'Fatores de conversão'!$A$5:$I$13,6,FALSE)*V17 -> 0 | AB17: =(VLOOKUP($R$8,'Fatores de conversão'!$A$5:$I$13,9,FALSE)*R17+VLOOKUP($S$8,'Fatores de conversão'!$A$5:$I$13,9,FALSE)*S17+VLOOKUP($T$8,'Fatores de conversão'!$A$5:$I$13,9,FALSE)*T17+VLOOKUP($U$8,'Fatores de conversão'!$A$5:$I$13,9,FALSE)*U17+VLOOKUP($V$8,'Fatores de conversão'!$A$5:$I$13,9,FALSE)*V17)/1000 -> 0 | AF17: =IF(OR(AD17="",AD17=0),0,IF(OR(AE17="",AE17=0),0,I17+1)) -> 0 | AI17: - | AJ17: =IF(AG17=0,0,IF(AG17<(AI17),AG17+AH17,((AI17)+((AH17/AG17)*AI17)))) -> 0 | AK17: =IF(X17=0,0,(AG17+AH17)/X17) -> 0
C18: 8 | O18: =+SUM(J18:N18) -> 0 | P18: =+VLOOKUP($J$8,'Fatores de conversão'!$A$5:$I$13,6,FALSE)*J18+VLOOKUP($K$8,'Fatores de conversão'!$A$5:$I$13,6,FALSE)*K18+VLOOKUP($L$8,'Fatores de conversão'!$A$5:$I$13,6,FALSE)*L18+VLOOKUP($M$8,'Fatores de conversão'!$A$5:$I$13,6,FALSE)*M18+VLOOKUP($N$8,'Fatores de conversão'!$A$5:$I$13,6,FALSE)*N18 -> 0 | Q18: =+SUMPRODUCT('1. Identificação Ben. Oper.'!$D$38:$H$38,J18:N18) -> 0 | W18: =+SUM(R18:V18) -> 0 | X18: =+SUMPRODUCT('1. Identificação Ben. Oper.'!$D$38:$H$38,R18:V18) -> 0 | Y18: =IF(O18=0,0,W18/O18) -> 0 | Z18: =+VLOOKUP($R$8,'Fatores de conversão'!$A$5:$I$13,3,FALSE)*R18+VLOOKUP($S$8,'Fatores de conversão'!$A$5:$I$13,3,FALSE)*S18+VLOOKUP($T$8,'Fatores de conversão'!$A$5:$I$13,3,FALSE)*T18+VLOOKUP($U$8,'Fatores de conversão'!$A$5:$I$13,3,FALSE)*U18+VLOOKUP($V$8,'Fatores de conversão'!$A$5:$I$13,3,FALSE)*V18 -> 0 | AA18: =+VLOOKUP($R$8,'Fatores de conversão'!$A$5:$I$13,6,FALSE)*R18+VLOOKUP($S$8,'Fatores de conversão'!$A$5:$I$13,6,FALSE)*S18+VLOOKUP($T$8,'Fatores de conversão'!$A$5:$I$13,6,FALSE)*T18+VLOOKUP($U$8,'Fatores de conversão'!$A$5:$I$13,6,FALSE)*U18+VLOOKUP($V$8,'Fatores de conversão'!$A$5:$I$13,6,FALSE)*V18 -> 0 | AB18: =(VLOOKUP($R$8,'Fatores de conversão'!$A$5:$I$13,9,FALSE)*R18+VLOOKUP($S$8,'Fatores de conversão'!$A$5:$I$13,9,FALSE)*S18+VLOOKUP($T$8,'Fatores de conversão'!$A$5:$I$13,9,FALSE)*T18+VLOOKUP($U$8,'Fatores de conversão'!$A$5:$I$13,9,FALSE)*U18+VLOOKUP($V$8,'Fatores de conversão'!$A$5:$I$13,9,FALSE)*V18)/1000 -> 0 | AF18: =IF(OR(AD18="",AD18=0),0,IF(OR(AE18="",AE18=0),0,I18+1)) -> 0 | AI18: - | AJ18: =IF(AG18=0,0,IF(AG18<(AI18),AG18+AH18,((AI18)+((AH18/AG18)*AI18)))) -> 0 | AK18: =IF(X18=0,0,(AG18+AH18)/X18) -> 0
C19: 9 | O19: =+SUM(J19:N19) -> 0 | P19: =+VLOOKUP($J$8,'Fatores de conversão'!$A$5:$I$13,6,FALSE)*J19+VLOOKUP($K$8,'Fatores de conversão'!$A$5:$I$13,6,FALSE)*K19+VLOOKUP($L$8,'Fatores de conversão'!$A$5:$I$13,6,FALSE)*L19+VLOOKUP($M$8,'Fatores de conversão'!$A$5:$I$13,6,FALSE)*M19+VLOOKUP($N$8,'Fatores de conversão'!$A$5:$I$13,6,FALSE)*N19 -> 0 | Q19: =+SUMPRODUCT('1. Identificação Ben. Oper.'!$D$38:$H$38,J19:N19) -> 0 | W19: =+SUM(R19:V19) -> 0 | X19: =+SUMPRODUCT('1. Identificação Ben. Oper.'!$D$38:$H$38,R19:V19) -> 0 | Y19: =IF(O19=0,0,W19/O19) -> 0 | Z19: =+VLOOKUP($R$8,'Fatores de conversão'!$A$5:$I$13,3,FALSE)*R19+VLOOKUP($S$8,'Fatores de conversão'!$A$5:$I$13,3,FALSE)*S19+VLOOKUP($T$8,'Fatores de conversão'!$A$5:$I$13,3,FALSE)*T19+VLOOKUP($U$8,'Fatores de conversão'!$A$5:$I$13,3,FALSE)*U19+VLOOKUP($V$8,'Fatores de conversão'!$A$5:$I$13,3,FALSE)*V19 -> 0 | AA19: =+VLOOKUP($R$8,'Fatores de conversão'!$A$5:$I$13,6,FALSE)*R19+VLOOKUP($S$8,'Fatores de conversão'!$A$5:$I$13,6,FALSE)*S19+VLOOKUP($T$8,'Fatores de conversão'!$A$5:$I$13,6,FALSE)*T19+VLOOKUP($U$8,'Fatores de conversão'!$A$5:$I$13,6,FALSE)*U19+VLOOKUP($V$8,'Fatores de conversão'!$A$5:$I$13,6,FALSE)*V19 -> 0 | AB19: =(VLOOKUP($R$8,'Fatores de conversão'!$A$5:$I$13,9,FALSE)*R19+VLOOKUP($S$8,'Fatores de conversão'!$A$5:$I$13,9,FALSE)*S19+VLOOKUP($T$8,'Fatores de conversão'!$A$5:$I$13,9,FALSE)*T19+VLOOKUP($U$8,'Fatores de conversão'!$A$5:$I$13,9,FALSE)*U19+VLOOKUP($V$8,'Fatores de conversão'!$A$5:$I$13,9,FALSE)*V19)/1000 -> 0 | AF19: =IF(OR(AD19="",AD19=0),0,IF(OR(AE19="",AE19=0),0,I19+1)) -> 0 | AI19: - | AJ19: =IF(AG19=0,0,IF(AG19<(AI19),AG19+AH19,((AI19)+((AH19/AG19)*AI19)))) -> 0 | AK19: =IF(X19=0,0,(AG19+AH19)/X19) -> 0
C20: 10 | O20: =+SUM(J20:N20) -> 0 | P20: =+VLOOKUP($J$8,'Fatores de conversão'!$A$5:$I$13,6,FALSE)*J20+VLOOKUP($K$8,'Fatores de conversão'!$A$5:$I$13,6,FALSE)*K20+VLOOKUP($L$8,'Fatores de conversão'!$A$5:$I$13,6,FALSE)*L20+VLOOKUP($M$8,'Fatores de conversão'!$A$5:$I$13,6,FALSE)*M20+VLOOKUP($N$8,'Fatores de conversão'!$A$5:$I$13,6,FALSE)*N20 -> 0 | Q20: =+SUMPRODUCT('1. Identificação Ben. Oper.'!$D$38:$H$38,J20:N20) -> 0 | W20: =+SUM(R20:V20) -> 0 | X20: =+SUMPRODUCT('1. Identificação Ben. Oper.'!$D$38:$H$38,R20:V20) -> 0 | Y20: =IF(O20=0,0,W20/O20) -> 0 | Z20: =+VLOOKUP($R$8,'Fatores de conversão'!$A$5:$I$13,3,FALSE)*R20+VLOOKUP($S$8,'Fatores de conversão'!$A$5:$I$13,3,FALSE)*S20+VLOOKUP($T$8,'Fatores de conversão'!$A$5:$I$13,3,FALSE)*T20+VLOOKUP($U$8,'Fatores de conversão'!$A$5:$I$13,3,FALSE)*U20+VLOOKUP($V$8,'Fatores de conversão'!$A$5:$I$13,3,FALSE)*V20 -> 0 | AA20: =+VLOOKUP($R$8,'Fatores de conversão'!$A$5:$I$13,6,FALSE)*R20+VLOOKUP($S$8,'Fatores de conversão'!$A$5:$I$13,6,FALSE)*S20+VLOOKUP($T$8,'Fatores de conversão'!$A$5:$I$13,6,FALSE)*T20+VLOOKUP($U$8,'Fatores de conversão'!$A$5:$I$13,6,FALSE)*U20+VLOOKUP($V$8,'Fatores de conversão'!$A$5:$I$13,6,FALSE)*V20 -> 0 | AB20: =(VLOOKUP($R$8,'Fatores de conversão'!$A$5:$I$13,9,FALSE)*R20+VLOOKUP($S$8,'Fatores de conversão'!$A$5:$I$13,9,FALSE)*S20+VLOOKUP($T$8,'Fatores de conversão'!$A$5:$I$13,9,FALSE)*T20+VLOOKUP($U$8,'Fatores de conversão'!$A$5:$I$13,9,FALSE)*U20+VLOOKUP($V$8,'Fatores de conversão'!$A$5:$I$13,9,FALSE)*V20)/1000 -> 0 | AF20: =IF(OR(AD20="",AD20=0),0,IF(OR(AE20="",AE20=0),0,I20+1)) -> 0 | AI20: - | AJ20: =IF(AG20=0,0,IF(AG20<(AI20),AG20+AH20,((AI20)+((AH20/AG20)*AI20)))) -> 0 | AK20: =IF(X20=0,0,(AG20+AH20)/X20) -> 0
J21: =SUM(J10:J20) -> 0 | K21: =SUM(K10:K20) -> 0 | L21: =SUM(L10:L20) -> 0 | M21: =SUM(M10:M20) -> 0 | N21: =SUM(N10:N20) -> 0 | O21: =SUM(O10:O20) -> 0 | P21: =SUM(P10:P20) -> 0 | Q21: =SUM(Q10:Q20) -> 0 | ... X21: =SUM(X10:X20) -> 0 | Y21: =IF(O21=0,0,W21/O21) -> 0 | Z21: =SUM(Z10:Z20) -> 0 | AA21: =SUM(AA10:AA20) -> 0 | AB21: =SUM(AB10:AB20) -> 0 | AC21: =SUM(AC10:AC20) -> 0 | AD21: =SUM(AD10:AD20) -> 0 | AG21: =SUM(AG10:AG20) -> 0 | AH21: =SUM(AH10:AH20) -> 0 | AI21: =SUM(AI10:AI20) -> 0 | AJ21: =SUM(AJ10:AJ20) -> 0 | AK21: =IF(X21=0,0,(AG21+AH21)/X21) -> 0
C22: Investimento Total [Medidas a).iii)] | E22: =AG21+AH21 -> 0
C23: Despesa Total Elegivel [Medidas a).iii)] | E23: =AJ21 -> 0
C26: Poupanças a alcançar com as medidas a implementar (até 25 anos) | I26: Para efeitos de contabilização das poupanças liquidas, é tido em conta o valor das poupanças anuais no ano 1 de cada medida, e automaticamente extendidas até à conclusão da sua vida útil. Caso tenha sido considerado o reinvestimento numa determinada medida (tendo-se preenchido para esse efeito os campos relativos ao valor de reinvestimento e o nº de reinvestimentos previstos), o impato dessas poupanças será considerado automaticamente até ao fim de um novo periodo de vida útil. A determinação das reduções de consumo energético é feita automaticamente.
I27: Anos
C28: Nº Medida | D28: Economia Energia [€/ano] | E28: Custos Operação e Manutenção [€/ano] | F28: Custos de reinvestimento por substituição [€] | G28: Poupanças anuais (ano 1) | I28: 1 | J28: 2 | K28: 3 | L28: 4 | M28: 5 | N28: 6 | O28: 7 | P28: 8 | Q28: 9 | R28: 10 | S28: 11 | T28: 12 | U28: 13 | V28: 14 | W28: 15 | X28: 16 | Y28: 17 | Z28: 18 | AA28: 19 | AB28: 20 | AC28: 21 | AD28: 22 | AE28: 23 | AF28: 24 | AG28: 25 | AH28: Total (até 25 anos) | AJ28: Mínimos | AK28: Máximos
C29: =C10 -> 1 | D29: =X10 -> 0 | E29: =AC10 -> 0 | F29: =AD10 -> 0 | G29: =IF(D29="",0,D29-E29) -> 0 | I29: =IF($I10>=25,$G29,IF(I$28<=$I10,$G29,IF(I$28<=($I10*($AE10+1)),$G29,0)))-IF($I10="",0,IF(I$28-1<=($I10*$AE10),$F29,0))*IF(OR($AF10=0,$AF10>25),0,IF(MOD(I$28,$I10)=0,1,0)) -> 0 | J29: =IF($I10>=25,$G29,IF(J$28<=$I10,$G29,IF(J$28<=($I10*($AE10+1)),$G29,0)))-IF($I10="",0,IF(J$28-1<=($I10*$AE10),$F29,0))*IF(OR($AF10=0,$AF10>25),0,IF(MOD(J$28-1,$I10)=0,1,0)) -> 0 | K29: =IF($I10>=25,$G29,IF(K$28<=$I10,$G29,IF(K$28<=($I10*($AE10+1)),$G29,0)))-IF($I10="",0,IF(K$28-1<=($I10*$AE10),$F29,0))*IF(OR($AF10=0,$AF10>25),0,IF(MOD(K$28-1,$I10)=0,1,0)) -> 0 | L29: =IF($I10>=25,$G29,IF(L$28<=$I10,$G29,IF(L$28<=($I10*($AE10+1)),$G29,0)))-IF($I10="",0,IF(L$28-1<=($I10*$AE10),$F29,0))*IF(OR($AF10=0,$AF10>25),0,IF(MOD(L$28-1,$I10)=0,1,0)) -> 0 | M29: =IF($I10>=25,$G29,IF(M$28<=$I10,$G29,IF(M$28<=($I10*($AE10+1)),$G29,0)))-IF($I10="",0,IF(M$28-1<=($I10*$AE10),$F29,0))*IF(OR($AF10=0,$AF10>25),0,IF(MOD(M$28-1,$I10)=0,1,0)) -> 0 | N29: =IF($I10>=25,$G29,IF(N$28<=$I10,$G29,IF(N$28<=($I10*($AE10+1)),$G29,0)))-IF($I10="",0,IF(N$28-1<=($I10*$AE10),$F29,0))*IF(OR($AF10=0,$AF10>25),0,IF(MOD(N$28-1,$I10)=0,1,0)) -> 0 | O29: =IF($I10>=25,$G29,IF(O$28<=$I10,$G29,IF(O$28<=($I10*($AE10+1)),$G29,0)))-IF($I10="",0,IF(O$28-1<=($I10*$AE10),$F29,0))*IF(OR($AF10=0,$AF10>25),0,IF(MOD(O$28-1,$I10)=0,1,0)) -> 0 | P29: =IF($I10>=25,$G29,IF(P$28<=$I10,$G29,IF(P$28<=($I10*($AE10+1)),$G29,0)))-IF($I10="",0,IF(P$28-1<=($I10*$AE10),$F29,0))*IF(OR($AF10=0,$AF10>25),0,IF(MOD(P$28-1,$I10)=0,1,0)) -> 0 | Q29: =IF($I10>=25,$G29,IF(Q$28<=$I10,$G29,IF(Q$28<=($I10*($AE10+1)),$G29,0)))-IF($I10="",0,IF(Q$28-1<=($I10*$AE10),$F29,0))*IF(OR($AF10=0,$AF10>25),0,IF(MOD(Q$28-1,$I10)=0,1,0)) -> 0 | ... AG29: =IF($I10>=25,$G29,IF(AG$28<=$I10,$G29,IF(AG$28<=($I10*($AE10+1)),$G29,0)))-IF($I10="",0,IF(AG$28-1<=($I10*$AE10),$F29,0))*IF(OR($AF10=0,$AF10>25),0,IF(MOD(AG$28-1,$I10)=0,1,0)) -> 0 | AH29: =SUM(I29:AG29) -> 0 | AI29: 1 | AJ29: =+IF(F10="",0,IF(OR(F10='Valores-Padrão'!$C$18,F10='Valores-Padrão'!$C$19,F10='Valores-Padrão'!$C$20,F10='Valores-Padrão'!$C$21,F10='Valores-Padrão'!$C$22,F10='Valores-Padrão'!$C$25,F10='Valores-Padrão'!$C$26),0,IF(F10='Valores-Padrão'!$C$23,30.001,IF(F10='Valores-Padrão'!$C$24,45.001,0)))) -> 0 | AK29: =+IF(F10="",75,IF(F10='Valores-Padrão'!$C$18,18,IF(F10='Valores-Padrão'!$C$19,27,IF(F10='Valores-Padrão'!$C$20,75,IF(F10='Valores-Padrão'!$C$21,35,IF(F10='Valores-Padrão'!$C$22,30,IF(F10='Valores-Padrão'!$C$23,45,IF(F10='Valores-Padrão'!$C$24,65,IF(F10='Valores-Padrão'!$C$25,5,IF(F10='Valores-Padrão'!$C$26,65,75)))))))))) -> 75
C30: =C11 -> 2 | D30: =X11 -> 0 | E30: =AC11 -> 0 | F30: =AD11 -> 0 | G30: =IF(D30="",0,D30-E30) -> 0 | I30: =IF($I11>=25,$G30,IF(I$28<=$I11,$G30,IF(I$28<=($I11*($AE11+1)),$G30,0)))-IF($I11="",0,IF(I$28-1<=($I11*$AE11),$F30,0))*IF(OR($AF11=0,$AF11>25),0,IF(MOD(I$28,$I11)=0,1,0)) -> 0 | J30: =IF($I11>=25,$G30,IF(J$28<=$I11,$G30,IF(J$28<=($I11*($AE11+1)),$G30,0)))-IF($I11="",0,IF(J$28-1<=($I11*$AE11),$F30,0))*IF(OR($AF11=0,$AF11>25),0,IF(MOD(J$28-1,$I11)=0,1,0)) -> 0 | K30: =IF($I11>=25,$G30,IF(K$28<=$I11,$G30,IF(K$28<=($I11*($AE11+1)),$G30,0)))-IF($I11="",0,IF(K$28-1<=($I11*$AE11),$F30,0))*IF(OR($AF11=0,$AF11>25),0,IF(MOD(K$28-1,$I11)=0,1,0)) -> 0 | L30: =IF($I11>=25,$G30,IF(L$28<=$I11,$G30,IF(L$28<=($I11*($AE11+1)),$G30,0)))-IF($I11="",0,IF(L$28-1<=($I11*$AE11),$F30,0))*IF(OR($AF11=0,$AF11>25),0,IF(MOD(L$28-1,$I11)=0,1,0)) -> 0 | M30: =IF($I11>=25,$G30,IF(M$28<=$I11,$G30,IF(M$28<=($I11*($AE11+1)),$G30,0)))-IF($I11="",0,IF(M$28-1<=($I11*$AE11),$F30,0))*IF(OR($AF11=0,$AF11>25),0,IF(MOD(M$28-1,$I11)=0,1,0)) -> 0 | N30: =IF($I11>=25,$G30,IF(N$28<=$I11,$G30,IF(N$28<=($I11*($AE11+1)),$G30,0)))-IF($I11="",0,IF(N$28-1<=($I11*$AE11),$F30,0))*IF(OR($AF11=0,$AF11>25),0,IF(MOD(N$28-1,$I11)=0,1,0)) -> 0 | O30: =IF($I11>=25,$G30,IF(O$28<=$I11,$G30,IF(O$28<=($I11*($AE11+1)),$G30,0)))-IF($I11="",0,IF(O$28-1<=($I11*$AE11),$F30,0))*IF(OR($AF11=0,$AF11>25),0,IF(MOD(O$28-1,$I11)=0,1,0)) -> 0 | P30: =IF($I11>=25,$G30,IF(P$28<=$I11,$G30,IF(P$28<=($I11*($AE11+1)),$G30,0)))-IF($I11="",0,IF(P$28-1<=($I11*$AE11),$F30,0))*IF(OR($AF11=0,$AF11>25),0,IF(MOD(P$28-1,$I11)=0,1,0)) -> 0 | Q30: =IF($I11>=25,$G30,IF(Q$28<=$I11,$G30,IF(Q$28<=($I11*($AE11+1)),$G30,0)))-IF($I11="",0,IF(Q$28-1<=($I11*$AE11),$F30,0))*IF(OR($AF11=0,$AF11>25),0,IF(MOD(Q$28-1,$I11)=0,1,0)) -> 0 | ... AG30: =IF($I11>=25,$G30,IF(AG$28<=$I11,$G30,IF(AG$28<=($I11*($AE11+1)),$G30,0)))-IF($I11="",0,IF(AG$28-1<=($I11*$AE11),$F30,0))*IF(OR($AF11=0,$AF11>25),0,IF(MOD(AG$28-1,$I11)=0,1,0)) -> 0 | AH30: =SUM(I30:AG30) -> 0 | AI30: 2 | AJ30: =+IF(F11="",0,IF(OR(F11='Valores-Padrão'!$C$18,F11='Valores-Padrão'!$C$19,F11='Valores-Padrão'!$C$20,F11='Valores-Padrão'!$C$21,F11='Valores-Padrão'!$C$22,F11='Valores-Padrão'!$C$25,F11='Valores-Padrão'!$C$26),0,IF(F11='Valores-Padrão'!$C$23,30.001,IF(F11='Valores-Padrão'!$C$24,45.001,0)))) -> 0 | AK30: =+IF(F11="",75,IF(F11='Valores-Padrão'!$C$18,18,IF(F11='Valores-Padrão'!$C$19,27,IF(F11='Valores-Padrão'!$C$20,75,IF(F11='Valores-Padrão'!$C$21,35,IF(F11='Valores-Padrão'!$C$22,30,IF(F11='Valores-Padrão'!$C$23,45,IF(F11='Valores-Padrão'!$C$24,65,IF(F11='Valores-Padrão'!$C$25,5,IF(F11='Valores-Padrão'!$C$26,65,75)))))))))) -> 75
C31: =C12 -> 3 | D31: =X12 -> 0 | E31: =AC12 -> 0 | F31: =AD12 -> 0 | G31: =IF(D31="",0,D31-E31) -> 0 | I31: =IF($I12>=25,$G31,IF(I$28<=$I12,$G31,IF(I$28<=($I12*($AE12+1)),$G31,0)))-IF($I12="",0,IF(I$28-1<=($I12*$AE12),$F31,0))*IF(OR($AF12=0,$AF12>25),0,IF(MOD(I$28,$I12)=0,1,0)) -> 0 | J31: =IF($I12>=25,$G31,IF(J$28<=$I12,$G31,IF(J$28<=($I12*($AE12+1)),$G31,0)))-IF($I12="",0,IF(J$28-1<=($I12*$AE12),$F31,0))*IF(OR($AF12=0,$AF12>25),0,IF(MOD(J$28-1,$I12)=0,1,0)) -> 0 | K31: =IF($I12>=25,$G31,IF(K$28<=$I12,$G31,IF(K$28<=($I12*($AE12+1)),$G31,0)))-IF($I12="",0,IF(K$28-1<=($I12*$AE12),$F31,0))*IF(OR($AF12=0,$AF12>25),0,IF(MOD(K$28-1,$I12)=0,1,0)) -> 0 | L31: =IF($I12>=25,$G31,IF(L$28<=$I12,$G31,IF(L$28<=($I12*($AE12+1)),$G31,0)))-IF($I12="",0,IF(L$28-1<=($I12*$AE12),$F31,0))*IF(OR($AF12=0,$AF12>25),0,IF(MOD(L$28-1,$I12)=0,1,0)) -> 0 | M31: =IF($I12>=25,$G31,IF(M$28<=$I12,$G31,IF(M$28<=($I12*($AE12+1)),$G31,0)))-IF($I12="",0,IF(M$28-1<=($I12*$AE12),$F31,0))*IF(OR($AF12=0,$AF12>25),0,IF(MOD(M$28-1,$I12)=0,1,0)) -> 0 | N31: =IF($I12>=25,$G31,IF(N$28<=$I12,$G31,IF(N$28<=($I12*($AE12+1)),$G31,0)))-IF($I12="",0,IF(N$28-1<=($I12*$AE12),$F31,0))*IF(OR($AF12=0,$AF12>25),0,IF(MOD(N$28-1,$I12)=0,1,0)) -> 0 | O31: =IF($I12>=25,$G31,IF(O$28<=$I12,$G31,IF(O$28<=($I12*($AE12+1)),$G31,0)))-IF($I12="",0,IF(O$28-1<=($I12*$AE12),$F31,0))*IF(OR($AF12=0,$AF12>25),0,IF(MOD(O$28-1,$I12)=0,1,0)) -> 0 | P31: =IF($I12>=25,$G31,IF(P$28<=$I12,$G31,IF(P$28<=($I12*($AE12+1)),$G31,0)))-IF($I12="",0,IF(P$28-1<=($I12*$AE12),$F31,0))*IF(OR($AF12=0,$AF12>25),0,IF(MOD(P$28-1,$I12)=0,1,0)) -> 0 | Q31: =IF($I12>=25,$G31,IF(Q$28<=$I12,$G31,IF(Q$28<=($I12*($AE12+1)),$G31,0)))-IF($I12="",0,IF(Q$28-1<=($I12*$AE12),$F31,0))*IF(OR($AF12=0,$AF12>25),0,IF(MOD(Q$28-1,$I12)=0,1,0)) -> 0 | ... AG31: =IF($I12>=25,$G31,IF(AG$28<=$I12,$G31,IF(AG$28<=($I12*($AE12+1)),$G31,0)))-IF($I12="",0,IF(AG$28-1<=($I12*$AE12),$F31,0))*IF(OR($AF12=0,$AF12>25),0,IF(MOD(AG$28-1,$I12)=0,1,0)) -> 0 | AH31: =SUM(I31:AG31) -> 0 | AI31: 3 | AJ31: =+IF(F12="",0,IF(OR(F12='Valores-Padrão'!$C$18,F12='Valores-Padrão'!$C$19,F12='Valores-Padrão'!$C$20,F12='Valores-Padrão'!$C$21,F12='Valores-Padrão'!$C$22,F12='Valores-Padrão'!$C$25,F12='Valores-Padrão'!$C$26),0,IF(F12='Valores-Padrão'!$C$23,30.001,IF(F12='Valores-Padrão'!$C$24,45.001,0)))) -> 0 | AK31: =+IF(F12="",75,IF(F12='Valores-Padrão'!$C$18,18,IF(F12='Valores-Padrão'!$C$19,27,IF(F12='Valores-Padrão'!$C$20,75,IF(F12='Valores-Padrão'!$C$21,35,IF(F12='Valores-Padrão'!$C$22,30,IF(F12='Valores-Padrão'!$C$23,45,IF(F12='Valores-Padrão'!$C$24,65,IF(F12='Valores-Padrão'!$C$25,5,IF(F12='Valores-Padrão'!$C$26,65,75)))))))))) -> 75
C32: =C13 -> 4 | D32: =X13 -> 0 | E32: =AC13 -> 0 | F32: =AD13 -> 0 | G32: =IF(D32="",0,D32-E32) -> 0 | I32: =IF($I13>=25,$G32,IF(I$28<=$I13,$G32,IF(I$28<=($I13*($AE13+1)),$G32,0)))-IF($I13="",0,IF(I$28-1<=($I13*$AE13),$F32,0))*IF(OR($AF13=0,$AF13>25),0,IF(MOD(I$28,$I13)=0,1,0)) -> 0 | J32: =IF($I13>=25,$G32,IF(J$28<=$I13,$G32,IF(J$28<=($I13*($AE13+1)),$G32,0)))-IF($I13="",0,IF(J$28-1<=($I13*$AE13),$F32,0))*IF(OR($AF13=0,$AF13>25),0,IF(MOD(J$28-1,$I13)=0,1,0)) -> 0 | K32: =IF($I13>=25,$G32,IF(K$28<=$I13,$G32,IF(K$28<=($I13*($AE13+1)),$G32,0)))-IF($I13="",0,IF(K$28-1<=($I13*$AE13),$F32,0))*IF(OR($AF13=0,$AF13>25),0,IF(MOD(K$28-1,$I13)=0,1,0)) -> 0 | L32: =IF($I13>=25,$G32,IF(L$28<=$I13,$G32,IF(L$28<=($I13*($AE13+1)),$G32,0)))-IF($I13="",0,IF(L$28-1<=($I13*$AE13),$F32,0))*IF(OR($AF13=0,$AF13>25),0,IF(MOD(L$28-1,$I13)=0,1,0)) -> 0 | M32: =IF($I13>=25,$G32,IF(M$28<=$I13,$G32,IF(M$28<=($I13*($AE13+1)),$G32,0)))-IF($I13="",0,IF(M$28-1<=($I13*$AE13),$F32,0))*IF(OR($AF13=0,$AF13>25),0,IF(MOD(M$28-1,$I13)=0,1,0)) -> 0 | N32: =IF($I13>=25,$G32,IF(N$28<=$I13,$G32,IF(N$28<=($I13*($AE13+1)),$G32,0)))-IF($I13="",0,IF(N$28-1<=($I13*$AE13),$F32,0))*IF(OR($AF13=0,$AF13>25),0,IF(MOD(N$28-1,$I13)=0,1,0)) -> 0 | O32: =IF($I13>=25,$G32,IF(O$28<=$I13,$G32,IF(O$28<=($I13*($AE13+1)),$G32,0)))-IF($I13="",0,IF(O$28-1<=($I13*$AE13),$F32,0))*IF(OR($AF13=0,$AF13>25),0,IF(MOD(O$28-1,$I13)=0,1,0)) -> 0 | P32: =IF($I13>=25,$G32,IF(P$28<=$I13,$G32,IF(P$28<=($I13*($AE13+1)),$G32,0)))-IF($I13="",0,IF(P$28-1<=($I13*$AE13),$F32,0))*IF(OR($AF13=0,$AF13>25),0,IF(MOD(P$28-1,$I13)=0,1,0)) -> 0 | Q32: =IF($I13>=25,$G32,IF(Q$28<=$I13,$G32,IF(Q$28<=($I13*($AE13+1)),$G32,0)))-IF($I13="",0,IF(Q$28-1<=($I13*$AE13),$F32,0))*IF(OR($AF13=0,$AF13>25),0,IF(MOD(Q$28-1,$I13)=0,1,0)) -> 0 | ... AG32: =IF($I13>=25,$G32,IF(AG$28<=$I13,$G32,IF(AG$28<=($I13*($AE13+1)),$G32,0)))-IF($I13="",0,IF(AG$28-1<=($I13*$AE13),$F32,0))*IF(OR($AF13=0,$AF13>25),0,IF(MOD(AG$28-1,$I13)=0,1,0)) -> 0 | AH32: =SUM(I32:AG32) -> 0 | AI32: 4 | AJ32: =+IF(F13="",0,IF(OR(F13='Valores-Padrão'!$C$18,F13='Valores-Padrão'!$C$19,F13='Valores-Padrão'!$C$20,F13='Valores-Padrão'!$C$21,F13='Valores-Padrão'!$C$22,F13='Valores-Padrão'!$C$25,F13='Valores-Padrão'!$C$26),0,IF(F13='Valores-Padrão'!$C$23,30.001,IF(F13='Valores-Padrão'!$C$24,45.001,0)))) -> 0 | AK32: =+IF(F13="",75,IF(F13='Valores-Padrão'!$C$18,18,IF(F13='Valores-Padrão'!$C$19,27,IF(F13='Valores-Padrão'!$C$20,75,IF(F13='Valores-Padrão'!$C$21,35,IF(F13='Valores-Padrão'!$C$22,30,IF(F13='Valores-Padrão'!$C$23,45,IF(F13='Valores-Padrão'!$C$24,65,IF(F13='Valores-Padrão'!$C$25,5,IF(F13='Valores-Padrão'!$C$26,65,75)))))))))) -> 75
C33: =C14 -> 5 | D33: =X14 -> 0 | E33: =AC14 -> 0 | F33: =AD14 -> 0 | G33: =IF(D33="",0,D33-E33) -> 0 | I33: =IF($I14>=25,$G33,IF(I$28<=$I14,$G33,IF(I$28<=($I14*($AE14+1)),$G33,0)))-IF($I14="",0,IF(I$28-1<=($I14*$AE14),$F33,0))*IF(OR($AF14=0,$AF14>25),0,IF(MOD(I$28,$I14)=0,1,0)) -> 0 | J33: =IF($I14>=25,$G33,IF(J$28<=$I14,$G33,IF(J$28<=($I14*($AE14+1)),$G33,0)))-IF($I14="",0,IF(J$28-1<=($I14*$AE14),$F33,0))*IF(OR($AF14=0,$AF14>25),0,IF(MOD(J$28-1,$I14)=0,1,0)) -> 0 | K33: =IF($I14>=25,$G33,IF(K$28<=$I14,$G33,IF(K$28<=($I14*($AE14+1)),$G33,0)))-IF($I14="",0,IF(K$28-1<=($I14*$AE14),$F33,0))*IF(OR($AF14=0,$AF14>25),0,IF(MOD(K$28-1,$I14)=0,1,0)) -> 0 | L33: =IF($I14>=25,$G33,IF(L$28<=$I14,$G33,IF(L$28<=($I14*($AE14+1)),$G33,0)))-IF($I14="",0,IF(L$28-1<=($I14*$AE14),$F33,0))*IF(OR($AF14=0,$AF14>25),0,IF(MOD(L$28-1,$I14)=0,1,0)) -> 0 | M33: =IF($I14>=25,$G33,IF(M$28<=$I14,$G33,IF(M$28<=($I14*($AE14+1)),$G33,0)))-IF($I14="",0,IF(M$28-1<=($I14*$AE14),$F33,0))*IF(OR($AF14=0,$AF14>25),0,IF(MOD(M$28-1,$I14)=0,1,0)) -> 0 | N33: =IF($I14>=25,$G33,IF(N$28<=$I14,$G33,IF(N$28<=($I14*($AE14+1)),$G33,0)))-IF($I14="",0,IF(N$28-1<=($I14*$AE14),$F33,0))*IF(OR($AF14=0,$AF14>25),0,IF(MOD(N$28-1,$I14)=0,1,0)) -> 0 | O33: =IF($I14>=25,$G33,IF(O$28<=$I14,$G33,IF(O$28<=($I14*($AE14+1)),$G33,0)))-IF($I14="",0,IF(O$28-1<=($I14*$AE14),$F33,0))*IF(OR($AF14=0,$AF14>25),0,IF(MOD(O$28-1,$I14)=0,1,0)) -> 0 | P33: =IF($I14>=25,$G33,IF(P$28<=$I14,$G33,IF(P$28<=($I14*($AE14+1)),$G33,0)))-IF($I14="",0,IF(P$28-1<=($I14*$AE14),$F33,0))*IF(OR($AF14=0,$AF14>25),0,IF(MOD(P$28-1,$I14)=0,1,0)) -> 0 | Q33: =IF($I14>=25,$G33,IF(Q$28<=$I14,$G33,IF(Q$28<=($I14*($AE14+1)),$G33,0)))-IF($I14="",0,IF(Q$28-1<=($I14*$AE14),$F33,0))*IF(OR($AF14=0,$AF14>25),0,IF(MOD(Q$28-1,$I14)=0,1,0)) -> 0 | ... AG33: =IF($I14>=25,$G33,IF(AG$28<=$I14,$G33,IF(AG$28<=($I14*($AE14+1)),$G33,0)))-IF($I14="",0,IF(AG$28-1<=($I14*$AE14),$F33,0))*IF(OR($AF14=0,$AF14>25),0,IF(MOD(AG$28-1,$I14)=0,1,0)) -> 0 | AH33: =SUM(I33:AG33) -> 0 | AI33: 5 | AJ33: =+IF(F14="",0,IF(OR(F14='Valores-Padrão'!$C$18,F14='Valores-Padrão'!$C$19,F14='Valores-Padrão'!$C$20,F14='Valores-Padrão'!$C$21,F14='Valores-Padrão'!$C$22,F14='Valores-Padrão'!$C$25,F14='Valores-Padrão'!$C$26),0,IF(F14='Valores-Padrão'!$C$23,30.001,IF(F14='Valores-Padrão'!$C$24,45.001,0)))) -> 0 | AK33: =+IF(F14="",75,IF(F14='Valores-Padrão'!$C$18,18,IF(F14='Valores-Padrão'!$C$19,27,IF(F14='Valores-Padrão'!$C$20,75,IF(F14='Valores-Padrão'!$C$21,35,IF(F14='Valores-Padrão'!$C$22,30,IF(F14='Valores-Padrão'!$C$23,45,IF(F14='Valores-Padrão'!$C$24,65,IF(F14='Valores-Padrão'!$C$25,5,IF(F14='Valores-Padrão'!$C$26,65,75)))))))))) -> 75
C34: =C16 -> 6 | D34: =X16 -> 0 | E34: =AC16 -> 0 | F34: =AD16 -> 0 | G34: =IF(D34="",0,D34-E34) -> 0 | I34: =IF($I16>=25,$G34,IF(I$28<=$I16,$G34,IF(I$28<=($I16*($AE16+1)),$G34,0)))-IF(I$28-1<=($I16*$AE16),$F34,0)*IF(OR($AF16=0,$AF16>25),0,IF(MOD(I$28,$I16)=0,1,0)) -> 0 | J34: =IF($I16>=25,$G34,IF(J$28<=$I16,$G34,IF(J$28<=($I16*($AE16+1)),$G34,0)))-IF(J$28-1<=($I16*$AE16),$F34,0)*IF(OR($AF16=0,$AF16>25),0,IF(MOD(J$28-1,$I16)=0,1,0)) -> 0 | K34: =IF($I16>=25,$G34,IF(K$28<=$I16,$G34,IF(K$28<=($I16*($AE16+1)),$G34,0)))-IF(K$28-1<=($I16*$AE16),$F34,0)*IF(OR($AF16=0,$AF16>25),0,IF(MOD(K$28-1,$I16)=0,1,0)) -> 0 | L34: =IF($I16>=25,$G34,IF(L$28<=$I16,$G34,IF(L$28<=($I16*($AE16+1)),$G34,0)))-IF(L$28-1<=($I16*$AE16),$F34,0)*IF(OR($AF16=0,$AF16>25),0,IF(MOD(L$28-1,$I16)=0,1,0)) -> 0 | M34: =IF($I16>=25,$G34,IF(M$28<=$I16,$G34,IF(M$28<=($I16*($AE16+1)),$G34,0)))-IF(M$28-1<=($I16*$AE16),$F34,0)*IF(OR($AF16=0,$AF16>25),0,IF(MOD(M$28-1,$I16)=0,1,0)) -> 0 | N34: =IF($I16>=25,$G34,IF(N$28<=$I16,$G34,IF(N$28<=($I16*($AE16+1)),$G34,0)))-IF(N$28-1<=($I16*$AE16),$F34,0)*IF(OR($AF16=0,$AF16>25),0,IF(MOD(N$28-1,$I16)=0,1,0)) -> 0 | O34: =IF($I16>=25,$G34,IF(O$28<=$I16,$G34,IF(O$28<=($I16*($AE16+1)),$G34,0)))-IF(O$28-1<=($I16*$AE16),$F34,0)*IF(OR($AF16=0,$AF16>25),0,IF(MOD(O$28-1,$I16)=0,1,0)) -> 0 | P34: =IF($I16>=25,$G34,IF(P$28<=$I16,$G34,IF(P$28<=($I16*($AE16+1)),$G34,0)))-IF(P$28-1<=($I16*$AE16),$F34,0)*IF(OR($AF16=0,$AF16>25),0,IF(MOD(P$28-1,$I16)=0,1,0)) -> 0 | Q34: =IF($I16>=25,$G34,IF(Q$28<=$I16,$G34,IF(Q$28<=($I16*($AE16+1)),$G34,0)))-IF(Q$28-1<=($I16*$AE16),$F34,0)*IF(OR($AF16=0,$AF16>25),0,IF(MOD(Q$28-1,$I16)=0,1,0)) -> 0 | ... AG34: =IF($I16>=25,$G34,IF(AG$28<=$I16,$G34,IF(AG$28<=($I16*($AE16+1)),$G34,0)))-IF(AG$28-1<=($I16*$AE16),$F34,0)*IF(OR($AF16=0,$AF16>25),0,IF(MOD(AG$28-1,$I16)=0,1,0)) -> 0 | AH34: =SUM(I34:AG34) -> 0
C35: =C17 -> 7 | D35: =X17 -> 0 | E35: =AC17 -> 0 | F35: =AD17 -> 0 | G35: =IF(D35="",0,D35-E35) -> 0 | I35: =IF($I17>=25,$G35,IF(I$28<=$I17,$G35,IF(I$28<=($I17*($AE17+1)),$G35,0)))-IF(I$28-1<=($I17*$AE17),$F35,0)*IF(OR($AF17=0,$AF17>25),0,IF(MOD(I$28,$I17)=0,1,0)) -> 0 | J35: =IF($I17>=25,$G35,IF(J$28<=$I17,$G35,IF(J$28<=($I17*($AE17+1)),$G35,0)))-IF(J$28-1<=($I17*$AE17),$F35,0)*IF(OR($AF17=0,$AF17>25),0,IF(MOD(J$28-1,$I17)=0,1,0)) -> 0 | K35: =IF($I17>=25,$G35,IF(K$28<=$I17,$G35,IF(K$28<=($I17*($AE17+1)),$G35,0)))-IF(K$28-1<=($I17*$AE17),$F35,0)*IF(OR($AF17=0,$AF17>25),0,IF(MOD(K$28-1,$I17)=0,1,0)) -> 0 | L35: =IF($I17>=25,$G35,IF(L$28<=$I17,$G35,IF(L$28<=($I17*($AE17+1)),$G35,0)))-IF(L$28-1<=($I17*$AE17),$F35,0)*IF(OR($AF17=0,$AF17>25),0,IF(MOD(L$28-1,$I17)=0,1,0)) -> 0 | M35: =IF($I17>=25,$G35,IF(M$28<=$I17,$G35,IF(M$28<=($I17*($AE17+1)),$G35,0)))-IF(M$28-1<=($I17*$AE17),$F35,0)*IF(OR($AF17=0,$AF17>25),0,IF(MOD(M$28-1,$I17)=0,1,0)) -> 0 | N35: =IF($I17>=25,$G35,IF(N$28<=$I17,$G35,IF(N$28<=($I17*($AE17+1)),$G35,0)))-IF(N$28-1<=($I17*$AE17),$F35,0)*IF(OR($AF17=0,$AF17>25),0,IF(MOD(N$28-1,$I17)=0,1,0)) -> 0 | O35: =IF($I17>=25,$G35,IF(O$28<=$I17,$G35,IF(O$28<=($I17*($AE17+1)),$G35,0)))-IF(O$28-1<=($I17*$AE17),$F35,0)*IF(OR($AF17=0,$AF17>25),0,IF(MOD(O$28-1,$I17)=0,1,0)) -> 0 | P35: =IF($I17>=25,$G35,IF(P$28<=$I17,$G35,IF(P$28<=($I17*($AE17+1)),$G35,0)))-IF(P$28-1<=($I17*$AE17),$F35,0)*IF(OR($AF17=0,$AF17>25),0,IF(MOD(P$28-1,$I17)=0,1,0)) -> 0 | Q35: =IF($I17>=25,$G35,IF(Q$28<=$I17,$G35,IF(Q$28<=($I17*($AE17+1)),$G35,0)))-IF(Q$28-1<=($I17*$AE17),$F35,0)*IF(OR($AF17=0,$AF17>25),0,IF(MOD(Q$28-1,$I17)=0,1,0)) -> 0 | ... AG35: =IF($I17>=25,$G35,IF(AG$28<=$I17,$G35,IF(AG$28<=($I17*($AE17+1)),$G35,0)))-IF(AG$28-1<=($I17*$AE17),$F35,0)*IF(OR($AF17=0,$AF17>25),0,IF(MOD(AG$28-1,$I17)=0,1,0)) -> 0 | AH35: =SUM(I35:AG35) -> 0
C36: =C18 -> 8 | D36: =X18 -> 0 | E36: =AC18 -> 0 | F36: =AD18 -> 0 | G36: =IF(D36="",0,D36-E36) -> 0 | I36: =IF($I18>=25,$G36,IF(I$28<=$I18,$G36,IF(I$28<=($I18*($AE18+1)),$G36,0)))-IF(I$28-1<=($I18*$AE18),$F36,0)*IF(OR($AF18=0,$AF18>25),0,IF(MOD(I$28,$I18)=0,1,0)) -> 0 | J36: =IF($I18>=25,$G36,IF(J$28<=$I18,$G36,IF(J$28<=($I18*($AE18+1)),$G36,0)))-IF(J$28-1<=($I18*$AE18),$F36,0)*IF(OR($AF18=0,$AF18>25),0,IF(MOD(J$28-1,$I18)=0,1,0)) -> 0 | K36: =IF($I18>=25,$G36,IF(K$28<=$I18,$G36,IF(K$28<=($I18*($AE18+1)),$G36,0)))-IF(K$28-1<=($I18*$AE18),$F36,0)*IF(OR($AF18=0,$AF18>25),0,IF(MOD(K$28-1,$I18)=0,1,0)) -> 0 | L36: =IF($I18>=25,$G36,IF(L$28<=$I18,$G36,IF(L$28<=($I18*($AE18+1)),$G36,0)))-IF(L$28-1<=($I18*$AE18),$F36,0)*IF(OR($AF18=0,$AF18>25),0,IF(MOD(L$28-1,$I18)=0,1,0)) -> 0 | M36: =IF($I18>=25,$G36,IF(M$28<=$I18,$G36,IF(M$28<=($I18*($AE18+1)),$G36,0)))-IF(M$28-1<=($I18*$AE18),$F36,0)*IF(OR($AF18=0,$AF18>25),0,IF(MOD(M$28-1,$I18)=0,1,0)) -> 0 | N36: =IF($I18>=25,$G36,IF(N$28<=$I18,$G36,IF(N$28<=($I18*($AE18+1)),$G36,0)))-IF(N$28-1<=($I18*$AE18),$F36,0)*IF(OR($AF18=0,$AF18>25),0,IF(MOD(N$28-1,$I18)=0,1,0)) -> 0 | O36: =IF($I18>=25,$G36,IF(O$28<=$I18,$G36,IF(O$28<=($I18*($AE18+1)),$G36,0)))-IF(O$28-1<=($I18*$AE18),$F36,0)*IF(OR($AF18=0,$AF18>25),0,IF(MOD(O$28-1,$I18)=0,1,0)) -> 0 | P36: =IF($I18>=25,$G36,IF(P$28<=$I18,$G36,IF(P$28<=($I18*($AE18+1)),$G36,0)))-IF(P$28-1<=($I18*$AE18),$F36,0)*IF(OR($AF18=0,$AF18>25),0,IF(MOD(P$28-1,$I18)=0,1,0)) -> 0 | Q36: =IF($I18>=25,$G36,IF(Q$28<=$I18,$G36,IF(Q$28<=($I18*($AE18+1)),$G36,0)))-IF(Q$28-1<=($I18*$AE18),$F36,0)*IF(OR($AF18=0,$AF18>25),0,IF(MOD(Q$28-1,$I18)=0,1,0)) -> 0 | ... AG36: =IF($I18>=25,$G36,IF(AG$28<=$I18,$G36,IF(AG$28<=($I18*($AE18+1)),$G36,0)))-IF(AG$28-1<=($I18*$AE18),$F36,0)*IF(OR($AF18=0,$AF18>25),0,IF(MOD(AG$28-1,$I18)=0,1,0)) -> 0 | AH36: =SUM(I36:AG36) -> 0
C37: =C19 -> 9 | D37: =X19 -> 0 | E37: =AC19 -> 0 | F37: =AD19 -> 0 | G37: =IF(D37="",0,D37-E37) -> 0 | I37: =IF($I19>=25,$G37,IF(I$28<=$I19,$G37,IF(I$28<=($I19*($AE19+1)),$G37,0)))-IF(I$28-1<=($I19*$AE19),$F37,0)*IF(OR($AF19=0,$AF19>25),0,IF(MOD(I$28,$I19)=0,1,0)) -> 0 | J37: =IF($I19>=25,$G37,IF(J$28<=$I19,$G37,IF(J$28<=($I19*($AE19+1)),$G37,0)))-IF(J$28-1<=($I19*$AE19),$F37,0)*IF(OR($AF19=0,$AF19>25),0,IF(MOD(J$28-1,$I19)=0,1,0)) -> 0 | K37: =IF($I19>=25,$G37,IF(K$28<=$I19,$G37,IF(K$28<=($I19*($AE19+1)),$G37,0)))-IF(K$28-1<=($I19*$AE19),$F37,0)*IF(OR($AF19=0,$AF19>25),0,IF(MOD(K$28-1,$I19)=0,1,0)) -> 0 | L37: =IF($I19>=25,$G37,IF(L$28<=$I19,$G37,IF(L$28<=($I19*($AE19+1)),$G37,0)))-IF(L$28-1<=($I19*$AE19),$F37,0)*IF(OR($AF19=0,$AF19>25),0,IF(MOD(L$28-1,$I19)=0,1,0)) -> 0 | M37: =IF($I19>=25,$G37,IF(M$28<=$I19,$G37,IF(M$28<=($I19*($AE19+1)),$G37,0)))-IF(M$28-1<=($I19*$AE19),$F37,0)*IF(OR($AF19=0,$AF19>25),0,IF(MOD(M$28-1,$I19)=0,1,0)) -> 0 | N37: =IF($I19>=25,$G37,IF(N$28<=$I19,$G37,IF(N$28<=($I19*($AE19+1)),$G37,0)))-IF(N$28-1<=($I19*$AE19),$F37,0)*IF(OR($AF19=0,$AF19>25),0,IF(MOD(N$28-1,$I19)=0,1,0)) -> 0 | O37: =IF($I19>=25,$G37,IF(O$28<=$I19,$G37,IF(O$28<=($I19*($AE19+1)),$G37,0)))-IF(O$28-1<=($I19*$AE19),$F37,0)*IF(OR($AF19=0,$AF19>25),0,IF(MOD(O$28-1,$I19)=0,1,0)) -> 0 | P37: =IF($I19>=25,$G37,IF(P$28<=$I19,$G37,IF(P$28<=($I19*($AE19+1)),$G37,0)))-IF(P$28-1<=($I19*$AE19),$F37,0)*IF(OR($AF19=0,$AF19>25),0,IF(MOD(P$28-1,$I19)=0,1,0)) -> 0 | Q37: =IF($I19>=25,$G37,IF(Q$28<=$I19,$G37,IF(Q$28<=($I19*($AE19+1)),$G37,0)))-IF(Q$28-1<=($I19*$AE19),$F37,0)*IF(OR($AF19=0,$AF19>25),0,IF(MOD(Q$28-1,$I19)=0,1,0)) -> 0 | ... AG37: =IF($I19>=25,$G37,IF(AG$28<=$I19,$G37,IF(AG$28<=($I19*($AE19+1)),$G37,0)))-IF(AG$28-1<=($I19*$AE19),$F37,0)*IF(OR($AF19=0,$AF19>25),0,IF(MOD(AG$28-1,$I19)=0,1,0)) -> 0 | AH37: =SUM(I37:AG37) -> 0
C38: =C20 -> 10 | D38: =X20 -> 0 | E38: =AC20 -> 0 | F38: =AD20 -> 0 | G38: =IF(D38="",0,D38-E38) -> 0 | I38: =IF($I20>=25,$G38,IF(I$28<=$I20,$G38,IF(I$28<=($I20*($AE20+1)),$G38,0)))-IF(I$28-1<=($I20*$AE20),$F38,0)*IF(OR($AF20=0,$AF20>25),0,IF(MOD(I$28,$I20)=0,1,0)) -> 0 | J38: =IF($I20>=25,$G38,IF(J$28<=$I20,$G38,IF(J$28<=($I20*($AE20+1)),$G38,0)))-IF(J$28-1<=($I20*$AE20),$F38,0)*IF(OR($AF20=0,$AF20>25),0,IF(MOD(J$28-1,$I20)=0,1,0)) -> 0 | K38: =IF($I20>=25,$G38,IF(K$28<=$I20,$G38,IF(K$28<=($I20*($AE20+1)),$G38,0)))-IF(K$28-1<=($I20*$AE20),$F38,0)*IF(OR($AF20=0,$AF20>25),0,IF(MOD(K$28-1,$I20)=0,1,0)) -> 0 | L38: =IF($I20>=25,$G38,IF(L$28<=$I20,$G38,IF(L$28<=($I20*($AE20+1)),$G38,0)))-IF(L$28-1<=($I20*$AE20),$F38,0)*IF(OR($AF20=0,$AF20>25),0,IF(MOD(L$28-1,$I20)=0,1,0)) -> 0 | M38: =IF($I20>=25,$G38,IF(M$28<=$I20,$G38,IF(M$28<=($I20*($AE20+1)),$G38,0)))-IF(M$28-1<=($I20*$AE20),$F38,0)*IF(OR($AF20=0,$AF20>25),0,IF(MOD(M$28-1,$I20)=0,1,0)) -> 0 | N38: =IF($I20>=25,$G38,IF(N$28<=$I20,$G38,IF(N$28<=($I20*($AE20+1)),$G38,0)))-IF(N$28-1<=($I20*$AE20),$F38,0)*IF(OR($AF20=0,$AF20>25),0,IF(MOD(N$28-1,$I20)=0,1,0)) -> 0 | O38: =IF($I20>=25,$G38,IF(O$28<=$I20,$G38,IF(O$28<=($I20*($AE20+1)),$G38,0)))-IF(O$28-1<=($I20*$AE20),$F38,0)*IF(OR($AF20=0,$AF20>25),0,IF(MOD(O$28-1,$I20)=0,1,0)) -> 0 | P38: =IF($I20>=25,$G38,IF(P$28<=$I20,$G38,IF(P$28<=($I20*($AE20+1)),$G38,0)))-IF(P$28-1<=($I20*$AE20),$F38,0)*IF(OR($AF20=0,$AF20>25),0,IF(MOD(P$28-1,$I20)=0,1,0)) -> 0 | Q38: =IF($I20>=25,$G38,IF(Q$28<=$I20,$G38,IF(Q$28<=($I20*($AE20+1)),$G38,0)))-IF(Q$28-1<=($I20*$AE20),$F38,0)*IF(OR($AF20=0,$AF20>25),0,IF(MOD(Q$28-1,$I20)=0,1,0)) -> 0 | ... AG38: =IF($I20>=25,$G38,IF(AG$28<=$I20,$G38,IF(AG$28<=($I20*($AE20+1)),$G38,0)))-IF(AG$28-1<=($I20*$AE20),$F38,0)*IF(OR($AF20=0,$AF20>25),0,IF(MOD(AG$28-1,$I20)=0,1,0)) -> 0 | AH38: =SUM(I38:AG38) -> 0
H39: Totais | I39: =SUM(I29:I38) -> 0 | J39: =SUM(J29:J38) -> 0 | K39: =SUM(K29:K38) -> 0 | L39: =SUM(L29:L38) -> 0 | M39: =SUM(M29:M38) -> 0 | N39: =SUM(N29:N38) -> 0 | O39: =SUM(O29:O38) -> 0 | P39: =SUM(P29:P38) -> 0 | ... AH39: =SUM(AH29:AH38) -> 0
C41: Nº Medida | D41: Redução Energética [kWh/ano] | G41: Redução Energética [kWh/ano] (ano 1) | I41: 1 | J41: 2 | K41: 3 | L41: 4 | M41: 5 | N41: 6 | O41: 7 | P41: 8 | Q41: 9 | R41: 10 | S41: 11 | T41: 12 | U41: 13 | V41: 14 | W41: 15 | X41: 16 | Y41: 17 | Z41: 18 | AA41: 19 | AB41: 20 | AC41: 21 | AD41: 22 | AE41: 23 | AF41: 24 | AG41: 25 | AH41: Total (até 25 anos)
C42: =C29 -> 1 | D42: =W10 -> 0 | G42: =IF(D42="","",D42-E42-F42) -> 0 | I42: =IF($I10>=25,$G42,IF(I$41<=$I10,$G42,IF(I$41<=($I10*($AE10+1)),$G42,0))) -> 0 | J42: =IF($I10>=25,$G42,IF(J$41<=$I10,$G42,IF(J$41<=($I10*($AE10+1)),$G42,0))) -> 0 | K42: =IF($I10>=25,$G42,IF(K$41<=$I10,$G42,IF(K$41<=($I10*($AE10+1)),$G42,0))) -> 0 | L42: =IF($I10>=25,$G42,IF(L$41<=$I10,$G42,IF(L$41<=($I10*($AE10+1)),$G42,0))) -> 0 | M42: =IF($I10>=25,$G42,IF(M$41<=$I10,$G42,IF(M$41<=($I10*($AE10+1)),$G42,0))) -> 0 | N42: =IF($I10>=25,$G42,IF(N$41<=$I10,$G42,IF(N$41<=($I10*($AE10+1)),$G42,0))) -> 0 | O42: =IF($I10>=25,$G42,IF(O$41<=$I10,$G42,IF(O$41<=($I10*($AE10+1)),$G42,0))) -> 0 | P42: =IF($I10>=25,$G42,IF(P$41<=$I10,$G42,IF(P$41<=($I10*($AE10+1)),$G42,0))) -> 0 | ... AG42: =IF($I10>=25,$G42,IF(AG$41<=$I10,$G42,IF(AG$41<=($I10*($AE10+1)),$G42,0))) -> 0 | AH42: =SUM(I42:AG42) -> 0
C43: =C30 -> 2 | D43: =W11 -> 0 | G43: =IF(D43="","",D43-E43-F43) -> 0 | I43: =IF($I11>=25,$G43,IF(I$41<=$I11,$G43,IF(I$41<=($I11*($AE11+1)),$G43,0))) -> 0 | J43: =IF($I11>=25,$G43,IF(J$41<=$I11,$G43,IF(J$41<=($I11*($AE11+1)),$G43,0))) -> 0 | K43: =IF($I11>=25,$G43,IF(K$41<=$I11,$G43,IF(K$41<=($I11*($AE11+1)),$G43,0))) -> 0 | L43: =IF($I11>=25,$G43,IF(L$41<=$I11,$G43,IF(L$41<=($I11*($AE11+1)),$G43,0))) -> 0 | M43: =IF($I11>=25,$G43,IF(M$41<=$I11,$G43,IF(M$41<=($I11*($AE11+1)),$G43,0))) -> 0 | N43: =IF($I11>=25,$G43,IF(N$41<=$I11,$G43,IF(N$41<=($I11*($AE11+1)),$G43,0))) -> 0 | O43: =IF($I11>=25,$G43,IF(O$41<=$I11,$G43,IF(O$41<=($I11*($AE11+1)),$G43,0))) -> 0 | P43: =IF($I11>=25,$G43,IF(P$41<=$I11,$G43,IF(P$41<=($I11*($AE11+1)),$G43,0))) -> 0 | ... AG43: =IF($I11>=25,$G43,IF(AG$41<=$I11,$G43,IF(AG$41<=($I11*($AE11+1)),$G43,0))) -> 0 | AH43: =SUM(I43:AG43) -> 0
C44: =C31 -> 3 | D44: =W12 -> 0 | G44: =IF(D44="","",D44-E44-F44) -> 0 | I44: =IF($I12>=25,$G44,IF(I$41<=$I12,$G44,IF(I$41<=($I12*($AE12+1)),$G44,0))) -> 0 | J44: =IF($I12>=25,$G44,IF(J$41<=$I12,$G44,IF(J$41<=($I12*($AE12+1)),$G44,0))) -> 0 | K44: =IF($I12>=25,$G44,IF(K$41<=$I12,$G44,IF(K$41<=($I12*($AE12+1)),$G44,0))) -> 0 | L44: =IF($I12>=25,$G44,IF(L$41<=$I12,$G44,IF(L$41<=($I12*($AE12+1)),$G44,0))) -> 0 | M44: =IF($I12>=25,$G44,IF(M$41<=$I12,$G44,IF(M$41<=($I12*($AE12+1)),$G44,0))) -> 0 | N44: =IF($I12>=25,$G44,IF(N$41<=$I12,$G44,IF(N$41<=($I12*($AE12+1)),$G44,0))) -> 0 | O44: =IF($I12>=25,$G44,IF(O$41<=$I12,$G44,IF(O$41<=($I12*($AE12+1)),$G44,0))) -> 0 | P44: =IF($I12>=25,$G44,IF(P$41<=$I12,$G44,IF(P$41<=($I12*($AE12+1)),$G44,0))) -> 0 | ... AG44: =IF($I12>=25,$G44,IF(AG$41<=$I12,$G44,IF(AG$41<=($I12*($AE12+1)),$G44,0))) -> 0 | AH44: =SUM(I44:AG44) -> 0
C45: =C32 -> 4 | D45: =W13 -> 0 | G45: =IF(D45="","",D45-E45-F45) -> 0 | I45: =IF($I13>=25,$G45,IF(I$41<=$I13,$G45,IF(I$41<=($I13*($AE13+1)),$G45,0))) -> 0 | J45: =IF($I13>=25,$G45,IF(J$41<=$I13,$G45,IF(J$41<=($I13*($AE13+1)),$G45,0))) -> 0 | K45: =IF($I13>=25,$G45,IF(K$41<=$I13,$G45,IF(K$41<=($I13*($AE13+1)),$G45,0))) -> 0 | L45: =IF($I13>=25,$G45,IF(L$41<=$I13,$G45,IF(L$41<=($I13*($AE13+1)),$G45,0))) -> 0 | M45: =IF($I13>=25,$G45,IF(M$41<=$I13,$G45,IF(M$41<=($I13*($AE13+1)),$G45,0))) -> 0 | N45: =IF($I13>=25,$G45,IF(N$41<=$I13,$G45,IF(N$41<=($I13*($AE13+1)),$G45,0))) -> 0 | O45: =IF($I13>=25,$G45,IF(O$41<=$I13,$G45,IF(O$41<=($I13*($AE13+1)),$G45,0))) -> 0 | P45: =IF($I13>=25,$G45,IF(P$41<=$I13,$G45,IF(P$41<=($I13*($AE13+1)),$G45,0))) -> 0 | ... AG45: =IF($I13>=25,$G45,IF(AG$41<=$I13,$G45,IF(AG$41<=($I13*($AE13+1)),$G45,0))) -> 0 | AH45: =SUM(I45:AG45) -> 0
C46: =C33 -> 5 | D46: =W14 -> 0 | G46: =IF(D46="","",D46-E46-F46) -> 0 | I46: =IF($I14>=25,$G46,IF(I$41<=$I14,$G46,IF(I$41<=($I14*($AE14+1)),$G46,0))) -> 0 | J46: =IF($I14>=25,$G46,IF(J$41<=$I14,$G46,IF(J$41<=($I14*($AE14+1)),$G46,0))) -> 0 | K46: =IF($I14>=25,$G46,IF(K$41<=$I14,$G46,IF(K$41<=($I14*($AE14+1)),$G46,0))) -> 0 | L46: =IF($I14>=25,$G46,IF(L$41<=$I14,$G46,IF(L$41<=($I14*($AE14+1)),$G46,0))) -> 0 | M46: =IF($I14>=25,$G46,IF(M$41<=$I14,$G46,IF(M$41<=($I14*($AE14+1)),$G46,0))) -> 0 | N46: =IF($I14>=25,$G46,IF(N$41<=$I14,$G46,IF(N$41<=($I14*($AE14+1)),$G46,0))) -> 0 | O46: =IF($I14>=25,$G46,IF(O$41<=$I14,$G46,IF(O$41<=($I14*($AE14+1)),$G46,0))) -> 0 | P46: =IF($I14>=25,$G46,IF(P$41<=$I14,$G46,IF(P$41<=($I14*($AE14+1)),$G46,0))) -> 0 | ... AG46: =IF($I14>=25,$G46,IF(AG$41<=$I14,$G46,IF(AG$41<=($I14*($AE14+1)),$G46,0))) -> 0 | AH46: =SUM(I46:AG46) -> 0
C47: =C34 -> 6 | D47: =W16 -> 0 | G47: =IF(D47="","",D47-E47-F47) -> 0 | I47: =IF($I16>=25,$G47,IF(I$41<=$I16,$G47,IF(I$41<=($I16*($AE16+1)),$G47,0))) -> 0 | J47: =IF($I16>=25,$G47,IF(J$41<=$I16,$G47,IF(J$41<=($I16*($AE16+1)),$G47,0))) -> 0 | K47: =IF($I16>=25,$G47,IF(K$41<=$I16,$G47,IF(K$41<=($I16*($AE16+1)),$G47,0))) -> 0 | L47: =IF($I16>=25,$G47,IF(L$41<=$I16,$G47,IF(L$41<=($I16*($AE16+1)),$G47,0))) -> 0 | M47: =IF($I16>=25,$G47,IF(M$41<=$I16,$G47,IF(M$41<=($I16*($AE16+1)),$G47,0))) -> 0 | N47: =IF($I16>=25,$G47,IF(N$41<=$I16,$G47,IF(N$41<=($I16*($AE16+1)),$G47,0))) -> 0 | O47: =IF($I16>=25,$G47,IF(O$41<=$I16,$G47,IF(O$41<=($I16*($AE16+1)),$G47,0))) -> 0 | P47: =IF($I16>=25,$G47,IF(P$41<=$I16,$G47,IF(P$41<=($I16*($AE16+1)),$G47,0))) -> 0 | ... AG47: =IF($I16>=25,$G47,IF(AG$41<=$I16,$G47,IF(AG$41<=($I16*($AE16+1)),$G47,0))) -> 0 | AH47: =SUM(I47:AG47) -> 0
C48: =C35 -> 7 | D48: =W17 -> 0 | G48: =IF(D48="","",D48-E48-F48) -> 0 | I48: =IF($I17>=25,$G48,IF(I$41<=$I17,$G48,IF(I$41<=($I17*($AE17+1)),$G48,0))) -> 0 | J48: =IF($I17>=25,$G48,IF(J$41<=$I17,$G48,IF(J$41<=($I17*($AE17+1)),$G48,0))) -> 0 | K48: =IF($I17>=25,$G48,IF(K$41<=$I17,$G48,IF(K$41<=($I17*($AE17+1)),$G48,0))) -> 0 | L48: =IF($I17>=25,$G48,IF(L$41<=$I17,$G48,IF(L$41<=($I17*($AE17+1)),$G48,0))) -> 0 | M48: =IF($I17>=25,$G48,IF(M$41<=$I17,$G48,IF(M$41<=($I17*($AE17+1)),$G48,0))) -> 0 | N48: =IF($I17>=25,$G48,IF(N$41<=$I17,$G48,IF(N$41<=($I17*($AE17+1)),$G48,0))) -> 0 | O48: =IF($I17>=25,$G48,IF(O$41<=$I17,$G48,IF(O$41<=($I17*($AE17+1)),$G48,0))) -> 0 | P48: =IF($I17>=25,$G48,IF(P$41<=$I17,$G48,IF(P$41<=($I17*($AE17+1)),$G48,0))) -> 0 | ... AG48: =IF($I17>=25,$G48,IF(AG$41<=$I17,$G48,IF(AG$41<=($I17*($AE17+1)),$G48,0))) -> 0 | AH48: =SUM(I48:AG48) -> 0
C49: =C36 -> 8 | D49: =W18 -> 0 | G49: =IF(D49="","",D49-E49-F49) -> 0 | I49: =IF($I18>=25,$G49,IF(I$41<=$I18,$G49,IF(I$41<=($I18*($AE18+1)),$G49,0))) -> 0 | J49: =IF($I18>=25,$G49,IF(J$41<=$I18,$G49,IF(J$41<=($I18*($AE18+1)),$G49,0))) -> 0 | K49: =IF($I18>=25,$G49,IF(K$41<=$I18,$G49,IF(K$41<=($I18*($AE18+1)),$G49,0))) -> 0 | L49: =IF($I18>=25,$G49,IF(L$41<=$I18,$G49,IF(L$41<=($I18*($AE18+1)),$G49,0))) -> 0 | M49: =IF($I18>=25,$G49,IF(M$41<=$I18,$G49,IF(M$41<=($I18*($AE18+1)),$G49,0))) -> 0 | N49: =IF($I18>=25,$G49,IF(N$41<=$I18,$G49,IF(N$41<=($I18*($AE18+1)),$G49,0))) -> 0 | O49: =IF($I18>=25,$G49,IF(O$41<=$I18,$G49,IF(O$41<=($I18*($AE18+1)),$G49,0))) -> 0 | P49: =IF($I18>=25,$G49,IF(P$41<=$I18,$G49,IF(P$41<=($I18*($AE18+1)),$G49,0))) -> 0 | ... AG49: =IF($I18>=25,$G49,IF(AG$41<=$I18,$G49,IF(AG$41<=($I18*($AE18+1)),$G49,0))) -> 0 | AH49: =SUM(I49:AG49) -> 0
C50: =C37 -> 9 | D50: =W19 -> 0 | G50: =IF(D50="","",D50-E50-F50) -> 0 | I50: =IF($I19>=25,$G50,IF(I$41<=$I19,$G50,IF(I$41<=($I19*($AE19+1)),$G50,0))) -> 0 | J50: =IF($I19>=25,$G50,IF(J$41<=$I19,$G50,IF(J$41<=($I19*($AE19+1)),$G50,0))) -> 0 | K50: =IF($I19>=25,$G50,IF(K$41<=$I19,$G50,IF(K$41<=($I19*($AE19+1)),$G50,0))) -> 0 | L50: =IF($I19>=25,$G50,IF(L$41<=$I19,$G50,IF(L$41<=($I19*($AE19+1)),$G50,0))) -> 0 | M50: =IF($I19>=25,$G50,IF(M$41<=$I19,$G50,IF(M$41<=($I19*($AE19+1)),$G50,0))) -> 0 | N50: =IF($I19>=25,$G50,IF(N$41<=$I19,$G50,IF(N$41<=($I19*($AE19+1)),$G50,0))) -> 0 | O50: =IF($I19>=25,$G50,IF(O$41<=$I19,$G50,IF(O$41<=($I19*($AE19+1)),$G50,0))) -> 0 | P50: =IF($I19>=25,$G50,IF(P$41<=$I19,$G50,IF(P$41<=($I19*($AE19+1)),$G50,0))) -> 0 | ... AG50: =IF($I19>=25,$G50,IF(AG$41<=$I19,$G50,IF(AG$41<=($I19*($AE19+1)),$G50,0))) -> 0 | AH50: =SUM(I50:AG50) -> 0
C51: =C38 -> 10 | D51: =W20 -> 0 | G51: =IF(D51="","",D51-E51-F51) -> 0 | I51: =IF($I20>=25,$G51,IF(I$41<=$I20,$G51,IF(I$41<=($I20*($AE20+1)),$G51,0))) -> 0 | J51: =IF($I20>=25,$G51,IF(J$41<=$I20,$G51,IF(J$41<=($I20*($AE20+1)),$G51,0))) -> 0 | K51: =IF($I20>=25,$G51,IF(K$41<=$I20,$G51,IF(K$41<=($I20*($AE20+1)),$G51,0))) -> 0 | L51: =IF($I20>=25,$G51,IF(L$41<=$I20,$G51,IF(L$41<=($I20*($AE20+1)),$G51,0))) -> 0 | M51: =IF($I20>=25,$G51,IF(M$41<=$I20,$G51,IF(M$41<=($I20*($AE20+1)),$G51,0))) -> 0 | N51: =IF($I20>=25,$G51,IF(N$41<=$I20,$G51,IF(N$41<=($I20*($AE20+1)),$G51,0))) -> 0 | O51: =IF($I20>=25,$G51,IF(O$41<=$I20,$G51,IF(O$41<=($I20*($AE20+1)),$G51,0))) -> 0 | P51: =IF($I20>=25,$G51,IF(P$41<=$I20,$G51,IF(P$41<=($I20*($AE20+1)),$G51,0))) -> 0 | ... AG51: =IF($I20>=25,$G51,IF(AG$41<=$I20,$G51,IF(AG$41<=($I20*($AE20+1)),$G51,0))) -> 0 | AH51: =SUM(O51:AG51) -> 0
H52: Totais | I52: =SUM(I42:I51) -> 0 | J52: =SUM(J42:J51) -> 0 | K52: =SUM(K42:K51) -> 0 | L52: =SUM(L42:L51) -> 0 | M52: =SUM(M42:M51) -> 0 | N52: =SUM(N42:N51) -> 0 | O52: =SUM(O42:O51) -> 0 | P52: =SUM(P42:P51) -> 0 | ... AH52: =SUM(AH42:AH51) -> 0
AJ106: 76
AJ107: 77
AJ108: 78

Sheet 5. Medidas a).iv)
C3: Tipo de Medidas:
C4: iv) Iluminação interior e exterior, excluindo a iluminação pública
C5: Identificação das medidas a implementar:
I6: Antes da implementação | Q6: Depois da implementação | AF6: Investimento
G7: Potência a instalar | H7: Vida Util Equipamento | I7: Consumo estimado [kWh] | O7: Consumo de Energia Primária | P7: Custo Energético | Q7: Redução de consumo esperado com aplicação da medida [kWh] | W7: Redução de fatura esperada com aplicação da medida | X7: Poupança prevista | Y7: Redução de Energia Primária | AA7: Redução das emissões de CO2 | AB7: Custo Manutenção e Operação anual (se aplicável) | AC7: Custo de reinvestimento por substituição (se aplicável) | AD7: Número de reinvestimentos previstos (se aplicável) | AE7: Ano em que ocorre a primeira substituiçao do Equipamento | AF7: Valor estimado de Investimento (sem IVA) | AG7: IVA associado (se despesa elegivel) | AH7: Valor máx. elegível por aplicação de Custo Padrão (sem IVA) | AI7: Despesa Elegivel Corrigida | AJ7: Payback
C8: Medida Nº | D8: Descrição da medida | E8: Medida de Melhoria incluida na avaliação do cenário final do CE? | F8: Descrição da solução técnica | G8: [kW] | H8: [anos] | I8: ='1. Identificação Ben. Oper.'!D34 -> Energia Elétrica | J8: =IF('1. Identificação Ben. Oper.'!E34="","",'1. Identificação Ben. Oper.'!E34) | K8: =IF('1. Identificação Ben. Oper.'!F34="","",'1. Identificação Ben. Oper.'!F34) | L8: =IF('1. Identificação Ben. Oper.'!G34="","",'1. Identificação Ben. Oper.'!G34) | M8: =IF('1. Identificação Ben. Oper.'!H34="","",'1. Identificação Ben. Oper.'!H34) | N8: Total | O8: [tep/ano] | P8: [€/ano] | Q8: =+I8 -> Energia Elétrica | R8: =+J8 | S8: =+K8 | T8: =+L8 | U8: =+M8 | V8: =+N8 -> Total | W8: [€/ano] | X8: [%] | Y8: [kWhEP/ano] | Z8: [tep/ano] | AA8: [ton/ano] | AB8: [€/ano] | AC8: [€] | AD8: [unidades] | AE8: [ano] | AF8: [€] | AG8: [€] | AH8: [€] | AI8: [€] | AJ8: [anos]
C9: Medidas identificadas na tabela dos custos - padrão por tecnologia (DGEG)
C10: 1 | H10: =IF(F10="","",VLOOKUP(F10,'Valores-Padrão'!$C$28:$F$30,4,FALSE)) | N10: =+SUM(I10:M10) -> 0 | O10: =+VLOOKUP($I$8,'Fatores de conversão'!$A$5:$I$13,6,FALSE)*I10+VLOOKUP($J$8,'Fatores de conversão'!$A$5:$I$13,6,FALSE)*J10+VLOOKUP($K$8,'Fatores de conversão'!$A$5:$I$13,6,FALSE)*K10+VLOOKUP($L$8,'Fatores de conversão'!$A$5:$I$13,6,FALSE)*L10+VLOOKUP($M$8,'Fatores de conversão'!$A$5:$I$13,6,FALSE)*M10 -> 0 | P10: =+SUMPRODUCT('1. Identificação Ben. Oper.'!$D$38:$H$38,I10:M10) -> 0 | V10: =+SUM(Q10:U10) -> 0 | W10: =+SUMPRODUCT('1. Identificação Ben. Oper.'!$D$38:$H$38,Q10:U10) -> 0 | X10: =IF(N10=0,0,V10/N10) -> 0 | Y10: =+VLOOKUP($Q$8,'Fatores de conversão'!$A$5:$I$13,3,FALSE)*Q10+VLOOKUP($R$8,'Fatores de conversão'!$A$5:$I$13,3,FALSE)*R10+VLOOKUP($S$8,'Fatores de conversão'!$A$5:$I$13,3,FALSE)*S10+VLOOKUP($T$8,'Fatores de conversão'!$A$5:$I$13,3,FALSE)*T10+VLOOKUP($U$8,'Fatores de conversão'!$A$5:$I$13,3,FALSE)*U10 -> 0 | Z10: =+VLOOKUP($Q$8,'Fatores de conversão'!$A$5:$I$13,6,FALSE)*Q10+VLOOKUP($R$8,'Fatores de conversão'!$A$5:$I$13,6,FALSE)*R10+VLOOKUP($S$8,'Fatores de conversão'!$A$5:$I$13,6,FALSE)*S10+VLOOKUP($T$8,'Fatores de conversão'!$A$5:$I$13,6,FALSE)*T10+VLOOKUP($U$8,'Fatores de conversão'!$A$5:$I$13,6,FALSE)*U10 -> 0 | AA10: =(VLOOKUP($Q$8,'Fatores de conversão'!$A$5:$I$13,9,FALSE)*Q10+VLOOKUP($R$8,'Fatores de conversão'!$A$5:$I$13,9,FALSE)*R10+VLOOKUP($S$8,'Fatores de conversão'!$A$5:$I$13,9,FALSE)*S10+VLOOKUP($T$8,'Fatores de conversão'!$A$5:$I$13,9,FALSE)*T10+VLOOKUP($U$8,'Fatores de conversão'!$A$5:$I$13,9,FALSE)*U10)/1000 -> 0 | AE10: =IF(OR(AC10="",AC10=0),0,IF(OR(AD10="",AD10=0),0,H10+1)) -> 0 | AH10: =IF(F10="","",VLOOKUP(F10,'Valores-Padrão'!$C$28:$F$30,3,FALSE)*G10*1000) | AI10: =IF(AF10=0,0,IF(AF10<(AH10),AF10+AG10,((AH10)+((AG10/AF10)*AH10)))) -> 0 | AJ10: =IF(W10=0,0,(AF10+AG10)/W10) -> 0
C11: 2 | H11: =IF(F11="","",VLOOKUP(F11,'Valores-Padrão'!$C$28:$F$30,4,FALSE)) | N11: =+SUM(I11:M11) -> 0 | O11: =+VLOOKUP($I$8,'Fatores de conversão'!$A$5:$I$13,6,FALSE)*I11+VLOOKUP($J$8,'Fatores de conversão'!$A$5:$I$13,6,FALSE)*J11+VLOOKUP($K$8,'Fatores de conversão'!$A$5:$I$13,6,FALSE)*K11+VLOOKUP($L$8,'Fatores de conversão'!$A$5:$I$13,6,FALSE)*L11+VLOOKUP($M$8,'Fatores de conversão'!$A$5:$I$13,6,FALSE)*M11 -> 0 | P11: =+SUMPRODUCT('1. Identificação Ben. Oper.'!$D$38:$H$38,I11:M11) -> 0 | V11: =+SUM(Q11:U11) -> 0 | W11: =+SUMPRODUCT('1. Identificação Ben. Oper.'!$D$38:$H$38,Q11:U11) -> 0 | X11: =IF(N11=0,0,V11/N11) -> 0 | Y11: =+VLOOKUP($Q$8,'Fatores de conversão'!$A$5:$I$13,3,FALSE)*Q11+VLOOKUP($R$8,'Fatores de conversão'!$A$5:$I$13,3,FALSE)*R11+VLOOKUP($S$8,'Fatores de conversão'!$A$5:$I$13,3,FALSE)*S11+VLOOKUP($T$8,'Fatores de conversão'!$A$5:$I$13,3,FALSE)*T11+VLOOKUP($U$8,'Fatores de conversão'!$A$5:$I$13,3,FALSE)*U11 -> 0 | Z11: =+VLOOKUP($Q$8,'Fatores de conversão'!$A$5:$I$13,6,FALSE)*Q11+VLOOKUP($R$8,'Fatores de conversão'!$A$5:$I$13,6,FALSE)*R11+VLOOKUP($S$8,'Fatores de conversão'!$A$5:$I$13,6,FALSE)*S11+VLOOKUP($T$8,'Fatores de conversão'!$A$5:$I$13,6,FALSE)*T11+VLOOKUP($U$8,'Fatores de conversão'!$A$5:$I$13,6,FALSE)*U11 -> 0 | AA11: =(VLOOKUP($Q$8,'Fatores de conversão'!$A$5:$I$13,9,FALSE)*Q11+VLOOKUP($R$8,'Fatores de conversão'!$A$5:$I$13,9,FALSE)*R11+VLOOKUP($S$8,'Fatores de conversão'!$A$5:$I$13,9,FALSE)*S11+VLOOKUP($T$8,'Fatores de conversão'!$A$5:$I$13,9,FALSE)*T11+VLOOKUP($U$8,'Fatores de conversão'!$A$5:$I$13,9,FALSE)*U11)/1000 -> 0 | AE11: =IF(OR(AC11="",AC11=0),0,IF(OR(AD11="",AD11=0),0,H11+1)) -> 0 | AH11: =IF(F11="","",VLOOKUP(F11,'Valores-Padrão'!$C$28:$F$30,3,FALSE)*G11*1000) | AI11: =IF(AF11=0,0,IF(AF11<(AH11),AF11+AG11,((AH11)+((AG11/AF11)*AH11)))) -> 0 | AJ11: =IF(W11=0,0,(AF11+AG11)/W11) -> 0
C12: 3 | H12: =IF(F12="","",VLOOKUP(F12,'Valores-Padrão'!$C$28:$F$30,4,FALSE)) | N12: =+SUM(I12:M12) -> 0 | O12: =+VLOOKUP($I$8,'Fatores de conversão'!$A$5:$I$13,6,FALSE)*I12+VLOOKUP($J$8,'Fatores de conversão'!$A$5:$I$13,6,FALSE)*J12+VLOOKUP($K$8,'Fatores de conversão'!$A$5:$I$13,6,FALSE)*K12+VLOOKUP($L$8,'Fatores de conversão'!$A$5:$I$13,6,FALSE)*L12+VLOOKUP($M$8,'Fatores de conversão'!$A$5:$I$13,6,FALSE)*M12 -> 0 | P12: =+SUMPRODUCT('1. Identificação Ben. Oper.'!$D$38:$H$38,I12:M12) -> 0 | V12: =+SUM(Q12:U12) -> 0 | W12: =+SUMPRODUCT('1. Identificação Ben. Oper.'!$D$38:$H$38,Q12:U12) -> 0 | X12: =IF(N12=0,0,V12/N12) -> 0 | Y12: =+VLOOKUP($Q$8,'Fatores de conversão'!$A$5:$I$13,3,FALSE)*Q12+VLOOKUP($R$8,'Fatores de conversão'!$A$5:$I$13,3,FALSE)*R12+VLOOKUP($S$8,'Fatores de conversão'!$A$5:$I$13,3,FALSE)*S12+VLOOKUP($T$8,'Fatores de conversão'!$A$5:$I$13,3,FALSE)*T12+VLOOKUP($U$8,'Fatores de conversão'!$A$5:$I$13,3,FALSE)*U12 -> 0 | Z12: =+VLOOKUP($Q$8,'Fatores de conversão'!$A$5:$I$13,6,FALSE)*Q12+VLOOKUP($R$8,'Fatores de conversão'!$A$5:$I$13,6,FALSE)*R12+VLOOKUP($S$8,'Fatores de conversão'!$A$5:$I$13,6,FALSE)*S12+VLOOKUP($T$8,'Fatores de conversão'!$A$5:$I$13,6,FALSE)*T12+VLOOKUP($U$8,'Fatores de conversão'!$A$5:$I$13,6,FALSE)*U12 -> 0 | AA12: =(VLOOKUP($Q$8,'Fatores de conversão'!$A$5:$I$13,9,FALSE)*Q12+VLOOKUP($R$8,'Fatores de conversão'!$A$5:$I$13,9,FALSE)*R12+VLOOKUP($S$8,'Fatores de conversão'!$A$5:$I$13,9,FALSE)*S12+VLOOKUP($T$8,'Fatores de conversão'!$A$5:$I$13,9,FALSE)*T12+VLOOKUP($U$8,'Fatores de conversão'!$A$5:$I$13,9,FALSE)*U12)/1000 -> 0 | AE12: =IF(OR(AC12="",AC12=0),0,IF(OR(AD12="",AD12=0),0,H12+1)) -> 0 | AH12: =IF(F12="","",VLOOKUP(F12,'Valores-Padrão'!$C$28:$F$30,3,FALSE)*G12*1000) | AI12: =IF(AF12=0,0,IF(AF12<(AH12),AF12+AG12,((AH12)+((AG12/AF12)*AH12)))) -> 0 | AJ12: =IF(W12=0,0,(AF12+AG12)/W12) -> 0
C13: 4 | H13: =IF(F13="","",VLOOKUP(F13,'Valores-Padrão'!$C$28:$F$30,4,FALSE)) | N13: =+SUM(I13:M13) -> 0 | O13: =+VLOOKUP($I$8,'Fatores de conversão'!$A$5:$I$13,6,FALSE)*I13+VLOOKUP($J$8,'Fatores de conversão'!$A$5:$I$13,6,FALSE)*J13+VLOOKUP($K$8,'Fatores de conversão'!$A$5:$I$13,6,FALSE)*K13+VLOOKUP($L$8,'Fatores de conversão'!$A$5:$I$13,6,FALSE)*L13+VLOOKUP($M$8,'Fatores de conversão'!$A$5:$I$13,6,FALSE)*M13 -> 0 | P13: =+SUMPRODUCT('1. Identificação Ben. Oper.'!$D$38:$H$38,I13:M13) -> 0 | V13: =+SUM(Q13:U13) -> 0 | W13: =+SUMPRODUCT('1. Identificação Ben. Oper.'!$D$38:$H$38,Q13:U13) -> 0 | X13: =IF(N13=0,0,V13/N13) -> 0 | Y13: =+VLOOKUP($Q$8,'Fatores de conversão'!$A$5:$I$13,3,FALSE)*Q13+VLOOKUP($R$8,'Fatores de conversão'!$A$5:$I$13,3,FALSE)*R13+VLOOKUP($S$8,'Fatores de conversão'!$A$5:$I$13,3,FALSE)*S13+VLOOKUP($T$8,'Fatores de conversão'!$A$5:$I$13,3,FALSE)*T13+VLOOKUP($U$8,'Fatores de conversão'!$A$5:$I$13,3,FALSE)*U13 -> 0 | Z13: =+VLOOKUP($Q$8,'Fatores de conversão'!$A$5:$I$13,6,FALSE)*Q13+VLOOKUP($R$8,'Fatores de conversão'!$A$5:$I$13,6,FALSE)*R13+VLOOKUP($S$8,'Fatores de conversão'!$A$5:$I$13,6,FALSE)*S13+VLOOKUP($T$8,'Fatores de conversão'!$A$5:$I$13,6,FALSE)*T13+VLOOKUP($U$8,'Fatores de conversão'!$A$5:$I$13,6,FALSE)*U13 -> 0 | AA13: =(VLOOKUP($Q$8,'Fatores de conversão'!$A$5:$I$13,9,FALSE)*Q13+VLOOKUP($R$8,'Fatores de conversão'!$A$5:$I$13,9,FALSE)*R13+VLOOKUP($S$8,'Fatores de conversão'!$A$5:$I$13,9,FALSE)*S13+VLOOKUP($T$8,'Fatores de conversão'!$A$5:$I$13,9,FALSE)*T13+VLOOKUP($U$8,'Fatores de conversão'!$A$5:$I$13,9,FALSE)*U13)/1000 -> 0 | AE13: =IF(OR(AC13="",AC13=0),0,IF(OR(AD13="",AD13=0),0,H13+1)) -> 0 | AH13: =IF(F13="","",VLOOKUP(F13,'Valores-Padrão'!$C$28:$F$30,3,FALSE)*G13*1000) | AI13: =IF(AF13=0,0,IF(AF13<(AH13),AF13+AG13,((AH13)+((AG13/AF13)*AH13)))) -> 0 | AJ13: =IF(W13=0,0,(AF13+AG13)/W13) -> 0
C14: 5 | H14: =IF(F14="","",VLOOKUP(F14,'Valores-Padrão'!$C$28:$F$30,4,FALSE)) | N14: =+SUM(I14:M14) -> 0 | O14: =+VLOOKUP($I$8,'Fatores de conversão'!$A$5:$I$13,6,FALSE)*I14+VLOOKUP($J$8,'Fatores de conversão'!$A$5:$I$13,6,FALSE)*J14+VLOOKUP($K$8,'Fatores de conversão'!$A$5:$I$13,6,FALSE)*K14+VLOOKUP($L$8,'Fatores de conversão'!$A$5:$I$13,6,FALSE)*L14+VLOOKUP($M$8,'Fatores de conversão'!$A$5:$I$13,6,FALSE)*M14 -> 0 | P14: =+SUMPRODUCT('1. Identificação Ben. Oper.'!$D$38:$H$38,I14:M14) -> 0 | V14: =+SUM(Q14:U14) -> 0 | W14: =+SUMPRODUCT('1. Identificação Ben. Oper.'!$D$38:$H$38,Q14:U14) -> 0 | X14: =IF(N14=0,0,V14/N14) -> 0 | Y14: =+VLOOKUP($Q$8,'Fatores de conversão'!$A$5:$I$13,3,FALSE)*Q14+VLOOKUP($R$8,'Fatores de conversão'!$A$5:$I$13,3,FALSE)*R14+VLOOKUP($S$8,'Fatores de conversão'!$A$5:$I$13,3,FALSE)*S14+VLOOKUP($T$8,'Fatores de conversão'!$A$5:$I$13,3,FALSE)*T14+VLOOKUP($U$8,'Fatores de conversão'!$A$5:$I$13,3,FALSE)*U14 -> 0 | Z14: =+VLOOKUP($Q$8,'Fatores de conversão'!$A$5:$I$13,6,FALSE)*Q14+VLOOKUP($R$8,'Fatores de conversão'!$A$5:$I$13,6,FALSE)*R14+VLOOKUP($S$8,'Fatores de conversão'!$A$5:$I$13,6,FALSE)*S14+VLOOKUP($T$8,'Fatores de conversão'!$A$5:$I$13,6,FALSE)*T14+VLOOKUP($U$8,'Fatores de conversão'!$A$5:$I$13,6,FALSE)*U14 -> 0 | AA14: =(VLOOKUP($Q$8,'Fatores de conversão'!$A$5:$I$13,9,FALSE)*Q14+VLOOKUP($R$8,'Fatores de conversão'!$A$5:$I$13,9,FALSE)*R14+VLOOKUP($S$8,'Fatores de conversão'!$A$5:$I$13,9,FALSE)*S14+VLOOKUP($T$8,'Fatores de conversão'!$A$5:$I$13,9,FALSE)*T14+VLOOKUP($U$8,'Fatores de conversão'!$A$5:$I$13,9,FALSE)*U14)/1000 -> 0 | AE14: =IF(OR(AC14="",AC14=0),0,IF(OR(AD14="",AD14=0),0,H14+1)) -> 0 | AH14: =IF(F14="","",VLOOKUP(F14,'Valores-Padrão'!$C$28:$F$30,3,FALSE)*G14*1000) | AI14: =IF(AF14=0,0,IF(AF14<(AH14),AF14+AG14,((AH14)+((AG14/AF14)*AH14)))) -> 0 | AJ14: =IF(W14=0,0,(AF14+AG14)/W14) -> 0
C15: Restantes medidas não identificadas na tabela dos custos - padrão por tecnologia (DGEG)
C16: 6 | N16: =+SUM(I16:M16) -> 0 | O16: =+VLOOKUP($I$8,'Fatores de conversão'!$A$5:$I$13,6,FALSE)*I16+VLOOKUP($J$8,'Fatores de conversão'!$A$5:$I$13,6,FALSE)*J16+VLOOKUP($K$8,'Fatores de conversão'!$A$5:$I$13,6,FALSE)*K16+VLOOKUP($L$8,'Fatores de conversão'!$A$5:$I$13,6,FALSE)*L16+VLOOKUP($M$8,'Fatores de conversão'!$A$5:$I$13,6,FALSE)*M16 -> 0 | P16: =+SUMPRODUCT('1. Identificação Ben. Oper.'!$D$38:$H$38,I16:M16) -> 0 | V16: =+SUM(Q16:U16) -> 0 | W16: =+SUMPRODUCT('1. Identificação Ben. Oper.'!$D$38:$H$38,Q16:U16) -> 0 | X16: =IF(N16=0,0,V16/N16) -> 0 | Y16: =+VLOOKUP($Q$8,'Fatores de conversão'!$A$5:$I$13,3,FALSE)*Q16+VLOOKUP($R$8,'Fatores de conversão'!$A$5:$I$13,3,FALSE)*R16+VLOOKUP($S$8,'Fatores de conversão'!$A$5:$I$13,3,FALSE)*S16+VLOOKUP($T$8,'Fatores de conversão'!$A$5:$I$13,3,FALSE)*T16+VLOOKUP($U$8,'Fatores de conversão'!$A$5:$I$13,3,FALSE)*U16 -> 0 | Z16: =+VLOOKUP($Q$8,'Fatores de conversão'!$A$5:$I$13,6,FALSE)*Q16+VLOOKUP($R$8,'Fatores de conversão'!$A$5:$I$13,6,FALSE)*R16+VLOOKUP($S$8,'Fatores de conversão'!$A$5:$I$13,6,FALSE)*S16+VLOOKUP($T$8,'Fatores de conversão'!$A$5:$I$13,6,FALSE)*T16+VLOOKUP($U$8,'Fatores de conversão'!$A$5:$I$13,6,FALSE)*U16 -> 0 | AA16: =(VLOOKUP($Q$8,'Fatores de conversão'!$A$5:$I$13,9,FALSE)*Q16+VLOOKUP($R$8,'Fatores de conversão'!$A$5:$I$13,9,FALSE)*R16+VLOOKUP($S$8,'Fatores de conversão'!$A$5:$I$13,9,FALSE)*S16+VLOOKUP($T$8,'Fatores de conversão'!$A$5:$I$13,9,FALSE)*T16+VLOOKUP($U$8,'Fatores de conversão'!$A$5:$I$13,9,FALSE)*U16)/1000 -> 0 | AE16: =IF(OR(AC16="",AC16=0),0,IF(OR(AD16="",AD16=0),0,H16+1)) -> 0 | AH16: - | AI16: =IF(AF16=0,0,IF(AF16<(AH16),AF16+AG16,((AH16)+((AG16/AF16)*AH16)))) -> 0 | AJ16: =IF(W16=0,0,(AF16+AG16)/W16) -> 0
C17: 7 | N17: =+SUM(I17:M17) -> 0 | O17: =+VLOOKUP($I$8,'Fatores de conversão'!$A$5:$I$13,6,FALSE)*I17+VLOOKUP($J$8,'Fatores de conversão'!$A$5:$I$13,6,FALSE)*J17+VLOOKUP($K$8,'Fatores de conversão'!$A$5:$I$13,6,FALSE)*K17+VLOOKUP($L$8,'Fatores de conversão'!$A$5:$I$13,6,FALSE)*L17+VLOOKUP($M$8,'Fatores de conversão'!$A$5:$I$13,6,FALSE)*M17 -> 0 | P17: =+SUMPRODUCT('1. Identificação Ben. Oper.'!$D$38:$H$38,I17:M17) -> 0 | V17: =+SUM(Q17:U17) -> 0 | W17: =+SUMPRODUCT('1. Identificação Ben. Oper.'!$D$38:$H$38,Q17:U17) -> 0 | X17: =IF(N17=0,0,V17/N17) -> 0 | Y17: =+VLOOKUP($Q$8,'Fatores de conversão'!$A$5:$I$13,3,FALSE)*Q17+VLOOKUP($R$8,'Fatores de conversão'!$A$5:$I$13,3,FALSE)*R17+VLOOKUP($S$8,'Fatores de conversão'!$A$5:$I$13,3,FALSE)*S17+VLOOKUP($T$8,'Fatores de conversão'!$A$5:$I$13,3,FALSE)*T17+VLOOKUP($U$8,'Fatores de conversão'!$A$5:$I$13,3,FALSE)*U17 -> 0 | Z17: =+VLOOKUP($Q$8,'Fatores de conversão'!$A$5:$I$13,6,FALSE)*Q17+VLOOKUP($R$8,'Fatores de conversão'!$A$5:$I$13,6,FALSE)*R17+VLOOKUP($S$8,'Fatores de conversão'!$A$5:$I$13,6,FALSE)*S17+VLOOKUP($T$8,'Fatores de conversão'!$A$5:$I$13,6,FALSE)*T17+VLOOKUP($U$8,'Fatores de conversão'!$A$5:$I$13,6,FALSE)*U17 -> 0 | AA17: =(VLOOKUP($Q$8,'Fatores de conversão'!$A$5:$I$13,9,FALSE)*Q17+VLOOKUP($R$8,'Fatores de conversão'!$A$5:$I$13,9,FALSE)*R17+VLOOKUP($S$8,'Fatores de conversão'!$A$5:$I$13,9,FALSE)*S17+VLOOKUP($T$8,'Fatores de conversão'!$A$5:$I$13,9,FALSE)*T17+VLOOKUP($U$8,'Fatores de conversão'!$A$5:$I$13,9,FALSE)*U17)/1000 -> 0 | AE17: =IF(OR(AC17="",AC17=0),0,IF(OR(AD17="",AD17=0),0,H17+1)) -> 0 | AH17: - | AI17: =IF(AF17=0,0,IF(AF17<(AH17),AF17+AG17,((AH17)+((AG17/AF17)*AH17)))) -> 0 | AJ17: =IF(W17=0,0,(AF17+AG17)/W17) -> 0
C18: 8 | N18: =+SUM(I18:M18) -> 0 | O18: =+VLOOKUP($I$8,'Fatores de conversão'!$A$5:$I$13,6,FALSE)*I18+VLOOKUP($J$8,'Fatores de conversão'!$A$5:$I$13,6,FALSE)*J18+VLOOKUP($K$8,'Fatores de conversão'!$A$5:$I$13,6,FALSE)*K18+VLOOKUP($L$8,'Fatores de conversão'!$A$5:$I$13,6,FALSE)*L18+VLOOKUP($M$8,'Fatores de conversão'!$A$5:$I$13,6,FALSE)*M18 -> 0 | P18: =+SUMPRODUCT('1. Identificação Ben. Oper.'!$D$38:$H$38,I18:M18) -> 0 | V18: =+SUM(Q18:U18) -> 0 | W18: =+SUMPRODUCT('1. Identificação Ben. Oper.'!$D$38:$H$38,Q18:U18) -> 0 | X18: =IF(N18=0,0,V18/N18) -> 0 | Y18: =+VLOOKUP($Q$8,'Fatores de conversão'!$A$5:$I$13,3,FALSE)*Q18+VLOOKUP($R$8,'Fatores de conversão'!$A$5:$I$13,3,FALSE)*R18+VLOOKUP($S$8,'Fatores de conversão'!$A$5:$I$13,3,FALSE)*S18+VLOOKUP($T$8,'Fatores de conversão'!$A$5:$I$13,3,FALSE)*T18+VLOOKUP($U$8,'Fatores de conversão'!$A$5:$I$13,3,FALSE)*U18 -> 0 | Z18: =+VLOOKUP($Q$8,'Fatores de conversão'!$A$5:$I$13,6,FALSE)*Q18+VLOOKUP($R$8,'Fatores de conversão'!$A$5:$I$13,6,FALSE)*R18+VLOOKUP($S$8,'Fatores de conversão'!$A$5:$I$13,6,FALSE)*S18+VLOOKUP($T$8,'Fatores de conversão'!$A$5:$I$13,6,FALSE)*T18+VLOOKUP($U$8,'Fatores de conversão'!$A$5:$I$13,6,FALSE)*U18 -> 0 | AA18: =(VLOOKUP($Q$8,'Fatores de conversão'!$A$5:$I$13,9,FALSE)*Q18+VLOOKUP($R$8,'Fatores de conversão'!$A$5:$I$13,9,FALSE)*R18+VLOOKUP($S$8,'Fatores de conversão'!$A$5:$I$13,9,FALSE)*S18+VLOOKUP($T$8,'Fatores de conversão'!$A$5:$I$13,9,FALSE)*T18+VLOOKUP($U$8,'Fatores de conversão'!$A$5:$I$13,9,FALSE)*U18)/1000 -> 0 | AE18: =IF(OR(AC18="",AC18=0),0,IF(OR(AD18="",AD18=0),0,H18+1)) -> 0 | AH18: - | AI18: =IF(AF18=0,0,IF(AF18<(AH18),AF18+AG18,((AH18)+((AG18/AF18)*AH18)))) -> 0 | AJ18: =IF(W18=0,0,(AF18+AG18)/W18) -> 0
C19: 9 | N19: =+SUM(I19:M19) -> 0 | O19: =+VLOOKUP($I$8,'Fatores de conversão'!$A$5:$I$13,6,FALSE)*I19+VLOOKUP($J$8,'Fatores de conversão'!$A$5:$I$13,6,FALSE)*J19+VLOOKUP($K$8,'Fatores de conversão'!$A$5:$I$13,6,FALSE)*K19+VLOOKUP($L$8,'Fatores de conversão'!$A$5:$I$13,6,FALSE)*L19+VLOOKUP($M$8,'Fatores de conversão'!$A$5:$I$13,6,FALSE)*M19 -> 0 | P19: =+SUMPRODUCT('1. Identificação Ben. Oper.'!$D$38:$H$38,I19:M19) -> 0 | V19: =+SUM(Q19:U19) -> 0 | W19: =+SUMPRODUCT('1. Identificação Ben. Oper.'!$D$38:$H$38,Q19:U19) -> 0 | X19: =IF(N19=0,0,V19/N19) -> 0 | Y19: =+VLOOKUP($Q$8,'Fatores de conversão'!$A$5:$I$13,3,FALSE)*Q19+VLOOKUP($R$8,'Fatores de conversão'!$A$5:$I$13,3,FALSE)*R19+VLOOKUP($S$8,'Fatores de conversão'!$A$5:$I$13,3,FALSE)*S19+VLOOKUP($T$8,'Fatores de conversão'!$A$5:$I$13,3,FALSE)*T19+VLOOKUP($U$8,'Fatores de conversão'!$A$5:$I$13,3,FALSE)*U19 -> 0 | Z19: =+VLOOKUP($Q$8,'Fatores de conversão'!$A$5:$I$13,6,FALSE)*Q19+VLOOKUP($R$8,'Fatores de conversão'!$A$5:$I$13,6,FALSE)*R19+VLOOKUP($S$8,'Fatores de conversão'!$A$5:$I$13,6,FALSE)*S19+VLOOKUP($T$8,'Fatores de conversão'!$A$5:$I$13,6,FALSE)*T19+VLOOKUP($U$8,'Fatores de conversão'!$A$5:$I$13,6,FALSE)*U19 -> 0 | AA19: =(VLOOKUP($Q$8,'Fatores de conversão'!$A$5:$I$13,9,FALSE)*Q19+VLOOKUP($R$8,'Fatores de conversão'!$A$5:$I$13,9,FALSE)*R19+VLOOKUP($S$8,'Fatores de conversão'!$A$5:$I$13,9,FALSE)*S19+VLOOKUP($T$8,'Fatores de conversão'!$A$5:$I$13,9,FALSE)*T19+VLOOKUP($U$8,'Fatores de conversão'!$A$5:$I$13,9,FALSE)*U19)/1000 -> 0 | AE19: =IF(OR(AC19="",AC19=0),0,IF(OR(AD19="",AD19=0),0,H19+1)) -> 0 | AH19: - | AI19: =IF(AF19=0,0,IF(AF19<(AH19),AF19+AG19,((AH19)+((AG19/AF19)*AH19)))) -> 0 | AJ19: =IF(W19=0,0,(AF19+AG19)/W19) -> 0
C20: 10 | N20: =+SUM(I20:M20) -> 0 | O20: =+VLOOKUP($I$8,'Fatores de conversão'!$A$5:$I$13,6,FALSE)*I20+VLOOKUP($J$8,'Fatores de conversão'!$A$5:$I$13,6,FALSE)*J20+VLOOKUP($K$8,'Fatores de conversão'!$A$5:$I$13,6,FALSE)*K20+VLOOKUP($L$8,'Fatores de conversão'!$A$5:$I$13,6,FALSE)*L20+VLOOKUP($M$8,'Fatores de conversão'!$A$5:$I$13,6,FALSE)*M20 -> 0 | P20: =+SUMPRODUCT('1. Identificação Ben. Oper.'!$D$38:$H$38,I20:M20) -> 0 | V20: =+SUM(Q20:U20) -> 0 | W20: =+SUMPRODUCT('1. Identificação Ben. Oper.'!$D$38:$H$38,Q20:U20) -> 0 | X20: =IF(N20=0,0,V20/N20) -> 0 | Y20: =+VLOOKUP($Q$8,'Fatores de conversão'!$A$5:$I$13,3,FALSE)*Q20+VLOOKUP($R$8,'Fatores de conversão'!$A$5:$I$13,3,FALSE)*R20+VLOOKUP($S$8,'Fatores de conversão'!$A$5:$I$13,3,FALSE)*S20+VLOOKUP($T$8,'Fatores de conversão'!$A$5:$I$13,3,FALSE)*T20+VLOOKUP($U$8,'Fatores de conversão'!$A$5:$I$13,3,FALSE)*U20 -> 0 | Z20: =+VLOOKUP($Q$8,'Fatores de conversão'!$A$5:$I$13,6,FALSE)*Q20+VLOOKUP($R$8,'Fatores de conversão'!$A$5:$I$13,6,FALSE)*R20+VLOOKUP($S$8,'Fatores de conversão'!$A$5:$I$13,6,FALSE)*S20+VLOOKUP($T$8,'Fatores de conversão'!$A$5:$I$13,6,FALSE)*T20+VLOOKUP($U$8,'Fatores de conversão'!$A$5:$I$13,6,FALSE)*U20 -> 0 | AA20: =(VLOOKUP($Q$8,'Fatores de conversão'!$A$5:$I$13,9,FALSE)*Q20+VLOOKUP($R$8,'Fatores de conversão'!$A$5:$I$13,9,FALSE)*R20+VLOOKUP($S$8,'Fatores de conversão'!$A$5:$I$13,9,FALSE)*S20+VLOOKUP($T$8,'Fatores de conversão'!$A$5:$I$13,9,FALSE)*T20+VLOOKUP($U$8,'Fatores de conversão'!$A$5:$I$13,9,FALSE)*U20)/1000 -> 0 | AE20: =IF(OR(AC20="",AC20=0),0,IF(OR(AD20="",AD20=0),0,H20+1)) -> 0 | AH20: - | AI20: =IF(AF20=0,0,IF(AF20<(AH20),AF20+AG20,((AH20)+((AG20/AF20)*AH20)))) -> 0 | AJ20: =IF(W20=0,0,(AF20+AG20)/W20) -> 0
I21: =SUM(I10:I20) -> 0 | J21: =SUM(J10:J20) -> 0 | K21: =SUM(K10:K20) -> 0 | L21: =SUM(L10:L20) -> 0 | M21: =SUM(M10:M20) -> 0 | N21: =SUM(N10:N20) -> 0 | O21: =SUM(O10:O20) -> 0 | P21: =SUM(P10:P20) -> 0 | ... W21: =SUM(W10:W20) -> 0 | X21: =IF(N21=0,0,V21/N21) -> 0 | Y21: =SUM(Y10:Y20) -> 0 | Z21: =SUM(Z10:Z20) -> 0 | AA21: =SUM(AA10:AA20) -> 0 | AB21: =SUM(AB10:AB20) -> 0 | AC21: =SUM(AC10:AC20) -> 0 | AF21: =SUM(AF10:AF20) -> 0 | AG21: =SUM(AG10:AG20) -> 0 | AH21: =SUM(AH10:AH20) -> 0 | AI21: =SUM(AI10:AI20) -> 0 | AJ21: =IF(W21=0,0,(AF21+AG21)/W21) -> 0
C22: Investimento Total [Medidas a).iv)] | E22: =AF21+AG21 -> 0
C23: Despesa Total Elegivel [Medidas a).iv)] | E23: =AI21 -> 0
C26: Poupanças a alcançar com as medidas a implementar (até 25 anos) | I26: Para efeitos de contabilização das poupanças liquidas, é tido em conta o valor das poupanças anuais no ano 1 de cada medida, e automaticamente extendidas até à conclusão da sua vida útil. Caso tenha sido considerado o reinvestimento numa determinada medida (tendo-se preenchido para esse efeito os campos relativos ao valor de reinvestimento e o nº de reinvestimentos previstos), o impato dessas poupanças será considerado automaticamente até ao fim de um novo periodo de vida útil. A determinação das reduções de consumo energético é feita automaticamente.
I27: Anos
C28: Nº Medida | D28: Economia Energia [€/ano] | E28: Custos Operação e Manutenção [€/ano] | F28: Custos de reinvestimento por substituição [€] | G28: Poupanças anuais (ano 1) | I28: 1 | J28: 2 | K28: 3 | L28: 4 | M28: 5 | N28: 6 | O28: 7 | P28: 8 | Q28: 9 | R28: 10 | S28: 11 | T28: 12 | U28: 13 | V28: 14 | W28: 15 | X28: 16 | Y28: 17 | Z28: 18 | AA28: 19 | AB28: 20 | AC28: 21 | AD28: 22 | AE28: 23 | AF28: 24 | AG28: 25 | AH28: Total (até 25 anos)
C29: =C10 -> 1 | D29: =W10 -> 0 | E29: =AB10 -> 0 | F29: =AC10 -> 0 | G29: =IF(D29="",0,D29-E29) -> 0 | I29: =IF($H10>=25,$G29,IF(I$28<=$H10,$G29,IF(I$28<=($H10*($AD10+1)),$G29,0)))-IF($H10="",0,IF(I$28-1<=($H10*$AD10),$F29,0))*IF(OR($AE10=0,$AE10>25),0,IF(MOD(I$28,$H10)=0,1,0)) -> 0 | J29: =IF($H10>=25,$G29,IF(J$28<=$H10,$G29,IF(J$28<=($H10*($AD10+1)),$G29,0)))-IF($H10="",0,IF(J$28-1<=($H10*$AD10),$F29,0))*IF(OR($AE10=0,$AE10>25),0,IF(MOD(J$28-1,$H10)=0,1,0)) -> 0 | K29: =IF($H10>=25,$G29,IF(K$28<=$H10,$G29,IF(K$28<=($H10*($AD10+1)),$G29,0)))-IF($H10="",0,IF(K$28-1<=($H10*$AD10),$F29,0))*IF(OR($AE10=0,$AE10>25),0,IF(MOD(K$28-1,$H10)=0,1,0)) -> 0 | L29: =IF($H10>=25,$G29,IF(L$28<=$H10,$G29,IF(L$28<=($H10*($AD10+1)),$G29,0)))-IF($H10="",0,IF(L$28-1<=($H10*$AD10),$F29,0))*IF(OR($AE10=0,$AE10>25),0,IF(MOD(L$28-1,$H10)=0,1,0)) -> 0 | M29: =IF($H10>=25,$G29,IF(M$28<=$H10,$G29,IF(M$28<=($H10*($AD10+1)),$G29,0)))-IF($H10="",0,IF(M$28-1<=($H10*$AD10),$F29,0))*IF(OR($AE10=0,$AE10>25),0,IF(MOD(M$28-1,$H10)=0,1,0)) -> 0 | N29: =IF($H10>=25,$G29,IF(N$28<=$H10,$G29,IF(N$28<=($H10*($AD10+1)),$G29,0)))-IF($H10="",0,IF(N$28-1<=($H10*$AD10),$F29,0))*IF(OR($AE10=0,$AE10>25),0,IF(MOD(N$28-1,$H10)=0,1,0)) -> 0 | O29: =IF($H10>=25,$G29,IF(O$28<=$H10,$G29,IF(O$28<=($H10*($AD10+1)),$G29,0)))-IF($H10="",0,IF(O$28-1<=($H10*$AD10),$F29,0))*IF(OR($AE10=0,$AE10>25),0,IF(MOD(O$28-1,$H10)=0,1,0)) -> 0 | P29: =IF($H10>=25,$G29,IF(P$28<=$H10,$G29,IF(P$28<=($H10*($AD10+1)),$G29,0)))-IF($H10="",0,IF(P$28-1<=($H10*$AD10),$F29,0))*IF(OR($AE10=0,$AE10>25),0,IF(MOD(P$28-1,$H10)=0,1,0)) -> 0 | Q29: =IF($H10>=25,$G29,IF(Q$28<=$H10,$G29,IF(Q$28<=($H10*($AD10+1)),$G29,0)))-IF($H10="",0,IF(Q$28-1<=($H10*$AD10),$F29,0))*IF(OR($AE10=0,$AE10>25),0,IF(MOD(Q$28-1,$H10)=0,1,0)) -> 0 | ... AG29: =IF($H10>=25,$G29,IF(AG$28<=$H10,$G29,IF(AG$28<=($H10*($AD10+1)),$G29,0)))-IF($H10="",0,IF(AG$28-1<=($H10*$AD10),$F29,0))*IF(OR($AE10=0,$AE10>25),0,IF(MOD(AG$28-1,$H10)=0,1,0)) -> 0 | AH29: =SUM(I29:AG29) -> 0
C30: =C11 -> 2 | D30: =W11 -> 0 | E30: =AB11 -> 0 | F30: =AC11 -> 0 | G30: =IF(D30="",0,D30-E30) -> 0 | I30: =IF($H11>=25,$G30,IF(I$28<=$H11,$G30,IF(I$28<=($H11*($AD11+1)),$G30,0)))-IF($H11="",0,IF(I$28-1<=($H11*$AD11),$F30,0))*IF(OR($AE11=0,$AE11>25),0,IF(MOD(I$28,$H11)=0,1,0)) -> 0 | J30: =IF($H11>=25,$G30,IF(J$28<=$H11,$G30,IF(J$28<=($H11*($AD11+1)),$G30,0)))-IF($H11="",0,IF(J$28-1<=($H11*$AD11),$F30,0))*IF(OR($AE11=0,$AE11>25),0,IF(MOD(J$28-1,$H11)=0,1,0)) -> 0 | K30: =IF($H11>=25,$G30,IF(K$28<=$H11,$G30,IF(K$28<=($H11*($AD11+1)),$G30,0)))-IF($H11="",0,IF(K$28-1<=($H11*$AD11),$F30,0))*IF(OR($AE11=0,$AE11>25),0,IF(MOD(K$28-1,$H11)=0,1,0)) -> 0 | L30: =IF($H11>=25,$G30,IF(L$28<=$H11,$G30,IF(L$28<=($H11*($AD11+1)),$G30,0)))-IF($H11="",0,IF(L$28-1<=($H11*$AD11),$F30,0))*IF(OR($AE11=0,$AE11>25),0,IF(MOD(L$28-1,$H11)=0,1,0)) -> 0 | M30: =IF($H11>=25,$G30,IF(M$28<=$H11,$G30,IF(M$28<=($H11*($AD11+1)),$G30,0)))-IF($H11="",0,IF(M$28-1<=($H11*$AD11),$F30,0))*IF(OR($AE11=0,$AE11>25),0,IF(MOD(M$28-1,$H11)=0,1,0)) -> 0 | N30: =IF($H11>=25,$G30,IF(N$28<=$H11,$G30,IF(N$28<=($H11*($AD11+1)),$G30,0)))-IF($H11="",0,IF(N$28-1<=($H11*$AD11),$F30,0))*IF(OR($AE11=0,$AE11>25),0,IF(MOD(N$28-1,$H11)=0,1,0)) -> 0 | O30: =IF($H11>=25,$G30,IF(O$28<=$H11,$G30,IF(O$28<=($H11*($AD11+1)),$G30,0)))-IF($H11="",0,IF(O$28-1<=($H11*$AD11),$F30,0))*IF(OR($AE11=0,$AE11>25),0,IF(MOD(O$28-1,$H11)=0,1,0)) -> 0 | P30: =IF($H11>=25,$G30,IF(P$28<=$H11,$G30,IF(P$28<=($H11*($AD11+1)),$G30,0)))-IF($H11="",0,IF(P$28-1<=($H11*$AD11),$F30,0))*IF(OR($AE11=0,$AE11>25),0,IF(MOD(P$28-1,$H11)=0,1,0)) -> 0 | Q30: =IF($H11>=25,$G30,IF(Q$28<=$H11,$G30,IF(Q$28<=($H11*($AD11+1)),$G30,0)))-IF($H11="",0,IF(Q$28-1<=($H11*$AD11),$F30,0))*IF(OR($AE11=0,$AE11>25),0,IF(MOD(Q$28-1,$H11)=0,1,0)) -> 0 | ... AG30: =IF($H11>=25,$G30,IF(AG$28<=$H11,$G30,IF(AG$28<=($H11*($AD11+1)),$G30,0)))-IF($H11="",0,IF(AG$28-1<=($H11*$AD11),$F30,0))*IF(OR($AE11=0,$AE11>25),0,IF(MOD(AG$28-1,$H11)=0,1,0)) -> 0 | AH30: =SUM(I30:AG30) -> 0
C31: =C12 -> 3 | D31: =W12 -> 0 | E31: =AB12 -> 0 | F31: =AC12 -> 0 | G31: =IF(D31="",0,D31-E31) -> 0 | I31: =IF($H12>=25,$G31,IF(I$28<=$H12,$G31,IF(I$28<=($H12*($AD12+1)),$G31,0)))-IF($H12="",0,IF(I$28-1<=($H12*$AD12),$F31,0))*IF(OR($AE12=0,$AE12>25),0,IF(MOD(I$28,$H12)=0,1,0)) -> 0 | J31: =IF($H12>=25,$G31,IF(J$28<=$H12,$G31,IF(J$28<=($H12*($AD12+1)),$G31,0)))-IF($H12="",0,IF(J$28-1<=($H12*$AD12),$F31,0))*IF(OR($AE12=0,$AE12>25),0,IF(MOD(J$28-1,$H12)=0,1,0)) -> 0 | K31: =IF($H12>=25,$G31,IF(K$28<=$H12,$G31,IF(K$28<=($H12*($AD12+1)),$G31,0)))-IF($H12="",0,IF(K$28-1<=($H12*$AD12),$F31,0))*IF(OR($AE12=0,$AE12>25),0,IF(MOD(K$28-1,$H12)=0,1,0)) -> 0 | L31: =IF($H12>=25,$G31,IF(L$28<=$H12,$G31,IF(L$28<=($H12*($AD12+1)),$G31,0)))-IF($H12="",0,IF(L$28-1<=($H12*$AD12),$F31,0))*IF(OR($AE12=0,$AE12>25),0,IF(MOD(L$28-1,$H12)=0,1,0)) -> 0 | M31: =IF($H12>=25,$G31,IF(M$28<=$H12,$G31,IF(M$28<=($H12*($AD12+1)),$G31,0)))-IF($H12="",0,IF(M$28-1<=($H12*$AD12),$F31,0))*IF(OR($AE12=0,$AE12>25),0,IF(MOD(M$28-1,$H12)=0,1,0)) -> 0 | N31: =IF($H12>=25,$G31,IF(N$28<=$H12,$G31,IF(N$28<=($H12*($AD12+1)),$G31,0)))-IF($H12="",0,IF(N$28-1<=($H12*$AD12),$F31,0))*IF(OR($AE12=0,$AE12>25),0,IF(MOD(N$28-1,$H12)=0,1,0)) -> 0 | O31: =IF($H12>=25,$G31,IF(O$28<=$H12,$G31,IF(O$28<=($H12*($AD12+1)),$G31,0)))-IF($H12="",0,IF(O$28-1<=($H12*$AD12),$F31,0))*IF(OR($AE12=0,$AE12>25),0,IF(MOD(O$28-1,$H12)=0,1,0)) -> 0 | P31: =IF($H12>=25,$G31,IF(P$28<=$H12,$G31,IF(P$28<=($H12*($AD12+1)),$G31,0)))-IF($H12="",0,IF(P$28-1<=($H12*$AD12),$F31,0))*IF(OR($AE12=0,$AE12>25),0,IF(MOD(P$28-1,$H12)=0,1,0)) -> 0 | Q31: =IF($H12>=25,$G31,IF(Q$28<=$H12,$G31,IF(Q$28<=($H12*($AD12+1)),$G31,0)))-IF($H12="",0,IF(Q$28-1<=($H12*$AD12),$F31,0))*IF(OR($AE12=0,$AE12>25),0,IF(MOD(Q$28-1,$H12)=0,1,0)) -> 0 | ... AG31: =IF($H12>=25,$G31,IF(AG$28<=$H12,$G31,IF(AG$28<=($H12*($AD12+1)),$G31,0)))-IF($H12="",0,IF(AG$28-1<=($H12*$AD12),$F31,0))*IF(OR($AE12=0,$AE12>25),0,IF(MOD(AG$28-1,$H12)=0,1,0)) -> 0 | AH31: =SUM(I31:AG31) -> 0
C32: =C13 -> 4 | D32: =W13 -> 0 | E32: =AB13 -> 0 | F32: =AC13 -> 0 | G32: =IF(D32="",0,D32-E32) -> 0 | I32: =IF($H13>=25,$G32,IF(I$28<=$H13,$G32,IF(I$28<=($H13*($AD13+1)),$G32,0)))-IF($H13="",0,IF(I$28-1<=($H13*$AD13),$F32,0))*IF(OR($AE13=0,$AE13>25),0,IF(MOD(I$28,$H13)=0,1,0)) -> 0 | J32: =IF($H13>=25,$G32,IF(J$28<=$H13,$G32,IF(J$28<=($H13*($AD13+1)),$G32,0)))-IF($H13="",0,IF(J$28-1<=($H13*$AD13),$F32,0))*IF(OR($AE13=0,$AE13>25),0,IF(MOD(J$28-1,$H13)=0,1,0)) -> 0 | K32: =IF($H13>=25,$G32,IF(K$28<=$H13,$G32,IF(K$28<=($H13*($AD13+1)),$G32,0)))-IF($H13="",0,IF(K$28-1<=($H13*$AD13),$F32,0))*IF(OR($AE13=0,$AE13>25),0,IF(MOD(K$28-1,$H13)=0,1,0)) -> 0 | L32: =IF($H13>=25,$G32,IF(L$28<=$H13,$G32,IF(L$28<=($H13*($AD13+1)),$G32,0)))-IF($H13="",0,IF(L$28-1<=($H13*$AD13),$F32,0))*IF(OR($AE13=0,$AE13>25),0,IF(MOD(L$28-1,$H13)=0,1,0)) -> 0 | M32: =IF($H13>=25,$G32,IF(M$28<=$H13,$G32,IF(M$28<=($H13*($AD13+1)),$G32,0)))-IF($H13="",0,IF(M$28-1<=($H13*$AD13),$F32,0))*IF(OR($AE13=0,$AE13>25),0,IF(MOD(M$28-1,$H13)=0,1,0)) -> 0 | N32: =IF($H13>=25,$G32,IF(N$28<=$H13,$G32,IF(N$28<=($H13*($AD13+1)),$G32,0)))-IF($H13="",0,IF(N$28-1<=($H13*$AD13),$F32,0))*IF(OR($AE13=0,$AE13>25),0,IF(MOD(N$28-1,$H13)=0,1,0)) -> 0 | O32: =IF($H13>=25,$G32,IF(O$28<=$H13,$G32,IF(O$28<=($H13*($AD13+1)),$G32,0)))-IF($H13="",0,IF(O$28-1<=($H13*$AD13),$F32,0))*IF(OR($AE13=0,$AE13>25),0,IF(MOD(O$28-1,$H13)=0,1,0)) -> 0 | P32: =IF($H13>=25,$G32,IF(P$28<=$H13,$G32,IF(P$28<=($H13*($AD13+1)),$G32,0)))-IF($H13="",0,IF(P$28-1<=($H13*$AD13),$F32,0))*IF(OR($AE13=0,$AE13>25),0,IF(MOD(P$28-1,$H13)=0,1,0)) -> 0 | Q32: =IF($H13>=25,$G32,IF(Q$28<=$H13,$G32,IF(Q$28<=($H13*($AD13+1)),$G32,0)))-IF($H13="",0,IF(Q$28-1<=($H13*$AD13),$F32,0))*IF(OR($AE13=0,$AE13>25),0,IF(MOD(Q$28-1,$H13)=0,1,0)) -> 0 | ... AG32: =IF($H13>=25,$G32,IF(AG$28<=$H13,$G32,IF(AG$28<=($H13*($AD13+1)),$G32,0)))-IF($H13="",0,IF(AG$28-1<=($H13*$AD13),$F32,0))*IF(OR($AE13=0,$AE13>25),0,IF(MOD(AG$28-1,$H13)=0,1,0)) -> 0 | AH32: =SUM(I32:AG32) -> 0
C33: =C14 -> 5 | D33: =W14 -> 0 | E33: =AB14 -> 0 | F33: =AC14 -> 0 | G33: =IF(D33="",0,D33-E33) -> 0 | I33: =IF($H14>=25,$G33,IF(I$28<=$H14,$G33,IF(I$28<=($H14*($AD14+1)),$G33,0)))-IF($H14="",0,IF(I$28-1<=($H14*$AD14),$F33,0))*IF(OR($AE14=0,$AE14>25),0,IF(MOD(I$28,$H14)=0,1,0)) -> 0 | J33: =IF($H14>=25,$G33,IF(J$28<=$H14,$G33,IF(J$28<=($H14*($AD14+1)),$G33,0)))-IF($H14="",0,IF(J$28-1<=($H14*$AD14),$F33,0))*IF(OR($AE14=0,$AE14>25),0,IF(MOD(J$28-1,$H14)=0,1,0)) -> 0 | K33: =IF($H14>=25,$G33,IF(K$28<=$H14,$G33,IF(K$28<=($H14*($AD14+1)),$G33,0)))-IF($H14="",0,IF(K$28-1<=($H14*$AD14),$F33,0))*IF(OR($AE14=0,$AE14>25),0,IF(MOD(K$28-1,$H14)=0,1,0)) -> 0 | L33: =IF($H14>=25,$G33,IF(L$28<=$H14,$G33,IF(L$28<=($H14*($AD14+1)),$G33,0)))-IF($H14="",0,IF(L$28-1<=($H14*$AD14),$F33,0))*IF(OR($AE14=0,$AE14>25),0,IF(MOD(L$28-1,$H14)=0,1,0)) -> 0 | M33: =IF($H14>=25,$G33,IF(M$28<=$H14,$G33,IF(M$28<=($H14*($AD14+1)),$G33,0)))-IF($H14="",0,IF(M$28-1<=($H14*$AD14),$F33,0))*IF(OR($AE14=0,$AE14>25),0,IF(MOD(M$28-1,$H14)=0,1,0)) -> 0 | N33: =IF($H14>=25,$G33,IF(N$28<=$H14,$G33,IF(N$28<=($H14*($AD14+1)),$G33,0)))-IF($H14="",0,IF(N$28-1<=($H14*$AD14),$F33,0))*IF(OR($AE14=0,$AE14>25),0,IF(MOD(N$28-1,$H14)=0,1,0)) -> 0 | O33: =IF($H14>=25,$G33,IF(O$28<=$H14,$G33,IF(O$28<=($H14*($AD14+1)),$G33,0)))-IF($H14="",0,IF(O$28-1<=($H14*$AD14),$F33,0))*IF(OR($AE14=0,$AE14>25),0,IF(MOD(O$28-1,$H14)=0,1,0)) -> 0 | P33: =IF($H14>=25,$G33,IF(P$28<=$H14,$G33,IF(P$28<=($H14*($AD14+1)),$G33,0)))-IF($H14="",0,IF(P$28-1<=($H14*$AD14),$F33,0))*IF(OR($AE14=0,$AE14>25),0,IF(MOD(P$28-1,$H14)=0,1,0)) -> 0 | Q33: =IF($H14>=25,$G33,IF(Q$28<=$H14,$G33,IF(Q$28<=($H14*($AD14+1)),$G33,0)))-IF($H14="",0,IF(Q$28-1<=($H14*$AD14),$F33,0))*IF(OR($AE14=0,$AE14>25),0,IF(MOD(Q$28-1,$H14)=0,1,0)) -> 0 | ... AG33: =IF($H14>=25,$G33,IF(AG$28<=$H14,$G33,IF(AG$28<=($H14*($AD14+1)),$G33,0)))-IF($H14="",0,IF(AG$28-1<=($H14*$AD14),$F33,0))*IF(OR($AE14=0,$AE14>25),0,IF(MOD(AG$28-1,$H14)=0,1,0)) -> 0 | AH33: =SUM(I33:AG33) -> 0
C34: =C16 -> 6 | D34: =W16 -> 0 | E34: =AB16 -> 0 | F34: =AC16 -> 0 | G34: =IF(D34="",0,D34-E34) -> 0 | I34: =IF($H16>=25,$G34,IF(I$28<=$H16,$G34,IF(I$28<=($H16*($AD16+1)),$G34,0)))-IF(I$28-1<=($H16*$AD16),$F34,0)*IF(OR($AE16=0,$AE16>25),0,IF(MOD(I$28,$H16)=0,1,0)) -> 0 | J34: =IF($H16>=25,$G34,IF(J$28<=$H16,$G34,IF(J$28<=($H16*($AD16+1)),$G34,0)))-IF(J$28-1<=($H16*$AD16),$F34,0)*IF(OR($AE16=0,$AE16>25),0,IF(MOD(J$28-1,$H16)=0,1,0)) -> 0 | K34: =IF($H16>=25,$G34,IF(K$28<=$H16,$G34,IF(K$28<=($H16*($AD16+1)),$G34,0)))-IF(K$28-1<=($H16*$AD16),$F34,0)*IF(OR($AE16=0,$AE16>25),0,IF(MOD(K$28-1,$H16)=0,1,0)) -> 0 | L34: =IF($H16>=25,$G34,IF(L$28<=$H16,$G34,IF(L$28<=($H16*($AD16+1)),$G34,0)))-IF(L$28-1<=($H16*$AD16),$F34,0)*IF(OR($AE16=0,$AE16>25),0,IF(MOD(L$28-1,$H16)=0,1,0)) -> 0 | M34: =IF($H16>=25,$G34,IF(M$28<=$H16,$G34,IF(M$28<=($H16*($AD16+1)),$G34,0)))-IF(M$28-1<=($H16*$AD16),$F34,0)*IF(OR($AE16=0,$AE16>25),0,IF(MOD(M$28-1,$H16)=0,1,0)) -> 0 | N34: =IF($H16>=25,$G34,IF(N$28<=$H16,$G34,IF(N$28<=($H16*($AD16+1)),$G34,0)))-IF(N$28-1<=($H16*$AD16),$F34,0)*IF(OR($AE16=0,$AE16>25),0,IF(MOD(N$28-1,$H16)=0,1,0)) -> 0 | O34: =IF($H16>=25,$G34,IF(O$28<=$H16,$G34,IF(O$28<=($H16*($AD16+1)),$G34,0)))-IF(O$28-1<=($H16*$AD16),$F34,0)*IF(OR($AE16=0,$AE16>25),0,IF(MOD(O$28-1,$H16)=0,1,0)) -> 0 | P34: =IF($H16>=25,$G34,IF(P$28<=$H16,$G34,IF(P$28<=($H16*($AD16+1)),$G34,0)))-IF(P$28-1<=($H16*$AD16),$F34,0)*IF(OR($AE16=0,$AE16>25),0,IF(MOD(P$28-1,$H16)=0,1,0)) -> 0 | Q34: =IF($H16>=25,$G34,IF(Q$28<=$H16,$G34,IF(Q$28<=($H16*($AD16+1)),$G34,0)))-IF(Q$28-1<=($H16*$AD16),$F34,0)*IF(OR($AE16=0,$AE16>25),0,IF(MOD(Q$28-1,$H16)=0,1,0)) -> 0 | ... AG34: =IF($H16>=25,$G34,IF(AG$28<=$H16,$G34,IF(AG$28<=($H16*($AD16+1)),$G34,0)))-IF(AG$28-1<=($H16*$AD16),$F34,0)*IF(OR($AE16=0,$AE16>25),0,IF(MOD(AG$28-1,$H16)=0,1,0)) -> 0 | AH34: =SUM(I34:AG34) -> 0
C35: =C17 -> 7 | D35: =W17 -> 0 | E35: =AB17 -> 0 | F35: =AC17 -> 0 | G35: =IF(D35="",0,D35-E35) -> 0 | I35: =IF($H17>=25,$G35,IF(I$28<=$H17,$G35,IF(I$28<=($H17*($AD17+1)),$G35,0)))-IF(I$28-1<=($H17*$AD17),$F35,0)*IF(OR($AE17=0,$AE17>25),0,IF(MOD(I$28,$H17)=0,1,0)) -> 0 | J35: =IF($H17>=25,$G35,IF(J$28<=$H17,$G35,IF(J$28<=($H17*($AD17+1)),$G35,0)))-IF(J$28-1<=($H17*$AD17),$F35,0)*IF(OR($AE17=0,$AE17>25),0,IF(MOD(J$28-1,$H17)=0,1,0)) -> 0 | K35: =IF($H17>=25,$G35,IF(K$28<=$H17,$G35,IF(K$28<=($H17*($AD17+1)),$G35,0)))-IF(K$28-1<=($H17*$AD17),$F35,0)*IF(OR($AE17=0,$AE17>25),0,IF(MOD(K$28-1,$H17)=0,1,0)) -> 0 | L35: =IF($H17>=25,$G35,IF(L$28<=$H17,$G35,IF(L$28<=($H17*($AD17+1)),$G35,0)))-IF(L$28-1<=($H17*$AD17),$F35,0)*IF(OR($AE17=0,$AE17>25),0,IF(MOD(L$28-1,$H17)=0,1,0)) -> 0 | M35: =IF($H17>=25,$G35,IF(M$28<=$H17,$G35,IF(M$28<=($H17*($AD17+1)),$G35,0)))-IF(M$28-1<=($H17*$AD17),$F35,0)*IF(OR($AE17=0,$AE17>25),0,IF(MOD(M$28-1,$H17)=0,1,0)) -> 0 | N35: =IF($H17>=25,$G35,IF(N$28<=$H17,$G35,IF(N$28<=($H17*($AD17+1)),$G35,0)))-IF(N$28-1<=($H17*$AD17),$F35,0)*IF(OR($AE17=0,$AE17>25),0,IF(MOD(N$28-1,$H17)=0,1,0)) -> 0 | O35: =IF($H17>=25,$G35,IF(O$28<=$H17,$G35,IF(O$28<=($H17*($AD17+1)),$G35,0)))-IF(O$28-1<=($H17*$AD17),$F35,0)*IF(OR($AE17=0,$AE17>25),0,IF(MOD(O$28-1,$H17)=0,1,0)) -> 0 | P35: =IF($H17>=25,$G35,IF(P$28<=$H17,$G35,IF(P$28<=($H17*($AD17+1)),$G35,0)))-IF(P$28-1<=($H17*$AD17),$F35,0)*IF(OR($AE17=0,$AE17>25),0,IF(MOD(P$28-1,$H17)=0,1,0)) -> 0 | Q35: =IF($H17>=25,$G35,IF(Q$28<=$H17,$G35,IF(Q$28<=($H17*($AD17+1)),$G35,0)))-IF(Q$28-1<=($H17*$AD17),$F35,0)*IF(OR($AE17=0,$AE17>25),0,IF(MOD(Q$28-1,$H17)=0,1,0)) -> 0 | ... AG35: =IF($H17>=25,$G35,IF(AG$28<=$H17,$G35,IF(AG$28<=($H17*($AD17+1)),$G35,0)))-IF(AG$28-1<=($H17*$AD17),$F35,0)*IF(OR($AE17=0,$AE17>25),0,IF(MOD(AG$28-1,$H17)=0,1,0)) -> 0 | AH35: =SUM(I35:AG35) -> 0
C36: =C18 -> 8 | D36: =W18 -> 0 | E36: =AB18 -> 0 | F36: =AC18 -> 0 | G36: =IF(D36="",0,D36-E36) -> 0 | I36: =IF($H18>=25,$G36,IF(I$28<=$H18,$G36,IF(I$28<=($H18*($AD18+1)),$G36,0)))-IF(I$28-1<=($H18*$AD18),$F36,0)*IF(OR($AE18=0,$AE18>25),0,IF(MOD(I$28,$H18)=0,1,0)) -> 0 | J36: =IF($H18>=25,$G36,IF(J$28<=$H18,$G36,IF(J$28<=($H18*($AD18+1)),$G36,0)))-IF(J$28-1<=($H18*$AD18),$F36,0)*IF(OR($AE18=0,$AE18>25),0,IF(MOD(J$28-1,$H18)=0,1,0)) -> 0 | K36: =IF($H18>=25,$G36,IF(K$28<=$H18,$G36,IF(K$28<=($H18*($AD18+1)),$G36,0)))-IF(K$28-1<=($H18*$AD18),$F36,0)*IF(OR($AE18=0,$AE18>25),0,IF(MOD(K$28-1,$H18)=0,1,0)) -> 0 | L36: =IF($H18>=25,$G36,IF(L$28<=$H18,$G36,IF(L$28<=($H18*($AD18+1)),$G36,0)))-IF(L$28-1<=($H18*$AD18),$F36,0)*IF(OR($AE18=0,$AE18>25),0,IF(MOD(L$28-1,$H18)=0,1,0)) -> 0 | M36: =IF($H18>=25,$G36,IF(M$28<=$H18,$G36,IF(M$28<=($H18*($AD18+1)),$G36,0)))-IF(M$28-1<=($H18*$AD18),$F36,0)*IF(OR($AE18=0,$AE18>25),0,IF(MOD(M$28-1,$H18)=0,1,0)) -> 0 | N36: =IF($H18>=25,$G36,IF(N$28<=$H18,$G36,IF(N$28<=($H18*($AD18+1)),$G36,0)))-IF(N$28-1<=($H18*$AD18),$F36,0)*IF(OR($AE18=0,$AE18>25),0,IF(MOD(N$28-1,$H18)=0,1,0)) -> 0 | O36: =IF($H18>=25,$G36,IF(O$28<=$H18,$G36,IF(O$28<=($H18*($AD18+1)),$G36,0)))-IF(O$28-1<=($H18*$AD18),$F36,0)*IF(OR($AE18=0,$AE18>25),0,IF(MOD(O$28-1,$H18)=0,1,0)) -> 0 | P36: =IF($H18>=25,$G36,IF(P$28<=$H18,$G36,IF(P$28<=($H18*($AD18+1)),$G36,0)))-IF(P$28-1<=($H18*$AD18),$F36,0)*IF(OR($AE18=0,$AE18>25),0,IF(MOD(P$28-1,$H18)=0,1,0)) -> 0 | Q36: =IF($H18>=25,$G36,IF(Q$28<=$H18,$G36,IF(Q$28<=($H18*($AD18+1)),$G36,0)))-IF(Q$28-1<=($H18*$AD18),$F36,0)*IF(OR($AE18=0,$AE18>25),0,IF(MOD(Q$28-1,$H18)=0,1,0)) -> 0 | ... AG36: =IF($H18>=25,$G36,IF(AG$28<=$H18,$G36,IF(AG$28<=($H18*($AD18+1)),$G36,0)))-IF(AG$28-1<=($H18*$AD18),$F36,0)*IF(OR($AE18=0,$AE18>25),0,IF(MOD(AG$28-1,$H18)=0,1,0)) -> 0 | AH36: =SUM(I36:AG36) -> 0
C37: =C19 -> 9 | D37: =W19 -> 0 | E37: =AB19 -> 0 | F37: =AC19 -> 0 | G37: =IF(D37="",0,D37-E37) -> 0 | I37: =IF($H19>=25,$G37,IF(I$28<=$H19,$G37,IF(I$28<=($H19*($AD19+1)),$G37,0)))-IF(I$28-1<=($H19*$AD19),$F37,0)*IF(OR($AE19=0,$AE19>25),0,IF(MOD(I$28,$H19)=0,1,0)) -> 0 | J37: =IF($H19>=25,$G37,IF(J$28<=$H19,$G37,IF(J$28<=($H19*($AD19+1)),$G37,0)))-IF(J$28-1<=($H19*$AD19),$F37,0)*IF(OR($AE19=0,$AE19>25),0,IF(MOD(J$28-1,$H19)=0,1,0)) -> 0 | K37: =IF($H19>=25,$G37,IF(K$28<=$H19,$G37,IF(K$28<=($H19*($AD19+1)),$G37,0)))-IF(K$28-1<=($H19*$AD19),$F37,0)*IF(OR($AE19=0,$AE19>25),0,IF(MOD(K$28-1,$H19)=0,1,0)) -> 0 | L37: =IF($H19>=25,$G37,IF(L$28<=$H19,$G37,IF(L$28<=($H19*($AD19+1)),$G37,0)))-IF(L$28-1<=($H19*$AD19),$F37,0)*IF(OR($AE19=0,$AE19>25),0,IF(MOD(L$28-1,$H19)=0,1,0)) -> 0 | M37: =IF($H19>=25,$G37,IF(M$28<=$H19,$G37,IF(M$28<=($H19*($AD19+1)),$G37,0)))-IF(M$28-1<=($H19*$AD19),$F37,0)*IF(OR($AE19=0,$AE19>25),0,IF(MOD(M$28-1,$H19)=0,1,0)) -> 0 | N37: =IF($H19>=25,$G37,IF(N$28<=$H19,$G37,IF(N$28<=($H19*($AD19+1)),$G37,0)))-IF(N$28-1<=($H19*$AD19),$F37,0)*IF(OR($AE19=0,$AE19>25),0,IF(MOD(N$28-1,$H19)=0,1,0)) -> 0 | O37: =IF($H19>=25,$G37,IF(O$28<=$H19,$G37,IF(O$28<=($H19*($AD19+1)),$G37,0)))-IF(O$28-1<=($H19*$AD19),$F37,0)*IF(OR($AE19=0,$AE19>25),0,IF(MOD(O$28-1,$H19)=0,1,0)) -> 0 | P37: =IF($H19>=25,$G37,IF(P$28<=$H19,$G37,IF(P$28<=($H19*($AD19+1)),$G37,0)))-IF(P$28-1<=($H19*$AD19),$F37,0)*IF(OR($AE19=0,$AE19>25),0,IF(MOD(P$28-1,$H19)=0,1,0)) -> 0 | Q37: =IF($H19>=25,$G37,IF(Q$28<=$H19,$G37,IF(Q$28<=($H19*($AD19+1)),$G37,0)))-IF(Q$28-1<=($H19*$AD19),$F37,0)*IF(OR($AE19=0,$AE19>25),0,IF(MOD(Q$28-1,$H19)=0,1,0)) -> 0 | ... AG37: =IF($H19>=25,$G37,IF(AG$28<=$H19,$G37,IF(AG$28<=($H19*($AD19+1)),$G37,0)))-IF(AG$28-1<=($H19*$AD19),$F37,0)*IF(OR($AE19=0,$AE19>25),0,IF(MOD(AG$28-1,$H19)=0,1,0)) -> 0 | AH37: =SUM(I37:AG37) -> 0
